Workbook
Name 愛知県: 市町村コード!$X$3:$X$71
Name 愛媛県: 市町村コード!$AM$3:$AM$22
Name 茨城県: 市町村コード!$I$3:$I$46
Name 岡山県: 市町村コード!$AH$3:$AH$32
Name 沖縄県: 市町村コード!$AV$3:$AV$43
Name 岩手県: 市町村コード!$D$3:$D$35
Name 岐阜県: 市町村コード!$V$3:$V$44
Name 宮崎県: 市町村コード!$AT$3:$AT$28
Name 宮城県: 市町村コード!$E$3:$E$41
Name 京都府: 市町村コード!$AA$3:$AA$38
Name 熊本県: 市町村コード!$AR$3:$AR$51
Name 群馬県: 市町村コード!$K$3:$K$37
Name 広島県: 市町村コード!$AI$3:$AI$32
Name 香川県: 市町村コード!$AL$3:$AL$19
Name 高知県: 市町村コード!$AN$3:$AN$36
Name 佐賀県: 市町村コード!$AP$3:$AP$22
Name 埼玉県: 市町村コード!$L$3:$L$74
Name 三重県: 市町村コード!$Y$3:$Y$31
Name 山形県: 市町村コード!$G$3:$G$37
Name 山口県: 市町村コード!$AJ$3:$AJ$21
Name 山梨県: 市町村コード!$T$3:$T$29
Name 滋賀県: 市町村コード!$Z$3:$Z$21
Name 鹿児島県: 市町村コード!$AU$3:$AU$45
Name 秋田県: 市町村コード!$F$3:$F$27
Name 新潟県: 市町村コード!$P$3:$P$39
Name 神奈川県: 市町村コード!$O$3:$O$60
Name 青森県: 市町村コード!$C$3:$C$42
Name 静岡県: 市町村コード!$W$3:$W$41
Name 石川県: 市町村コード!$R$3:$R$21
Name 千葉県: 市町村コード!$M$3:$M$61
Name 大阪府: 市町村コード!$AB$3:$AB$74
Name 大分県: 市町村コード!$AS$3:$AS$20
Name 長崎県: 市町村コード!$AQ$3:$AQ$23
Name 長野県: 市町村コード!$U$3:$U$79
Name 鳥取県: 市町村コード!$AF$3:$AF$21
Name 島根県: 市町村コード!$AG$3:$AG$21
Name 東京都: 市町村コード!$N$3:$N$64
Name 徳島県: 市町村コード!$AK$3:$AK$26
Name 栃木県: 市町村コード!$J$3:$J$27
Name 奈良県: 市町村コード!$AD$3:$AD$41
Name 富山県: 市町村コード!$Q$3:$Q$17
Name 福井県: 市町村コード!$S$3:$S$19
Name 福岡県: 市町村コード!$AO$3:$AO$74
Name 福島県: 市町村コード!$H$3:$H$61
Name 兵庫県: 市町村コード!$AC$3:$AC$51
Name 北海道: 市町村コード!$B$3:$B$196
Name 和歌山県: 市町村コード!$AE$3:$AE$32

Sheet 初期画面
AD1: 確認 | AE1: 中間検査 | AF1: 完了検査
AC2: 交付種別 | AD2: 電子交付 | AE2: 電子交付 | AF2: 電子交付
A3: 確認申請書
J7: Ver.20260907
A9: このExcelＢＯＯＫでは㈱都市建築確認センターへの確認申請における確認申請書、建築計画概要書、建築工事届、委任状、予備審査事前連絡先記入シート、予備審査調査表を作成することができます。これらの書類を一括で作成し、従来の重複項目を連動で入力させることで業務を効率化することができます。 また、電子申請の場合は仮受時にこのＥＸＣＥＬＢＯＯＫを添付して下記メールアドレスにお送りください。 審査の順番に関しては図書の提出があってから決定させていただきます。 （図書の提出がされない場合は次点の物件を優先的に審査いたします。） 尚、このEXCELはマクロを使用せず、関数のみで作成しております。編集ロックをしていないのでセルの変更は自由に行うことができますが、変更をすると連動がうまくいかない場合がありますのでご了承ください。
AC29: 【１８．建築基準法第１２条第３項の規定による検査を要する防火設備の有無】
AC30: 概要書第二面に移動しました（クリックでリンクします）
A35: メールアドレス： | M35: kakunin@t-kkc.co.jp
A36: （メール送付の際の件名は「仮受＆物件名」 宛先は「仮受担当」でお願いいたします。）
A38: ※下記をクリックすると各ページにリンクします。
B41: 申請書 | H41: 概要書 | P41: 工事届 | V41: 委任状
B43: 事前連絡先記入シート | Q43: 予備審査調査票
B45: 電子申請システム登録申込書
A49: このＥＸＣＥＬＢＯＯＫの不具合や改善点等のご意見がありましたら、下記のメールアドレスにご連絡ください。
A53: メールアドレス： | M53: kakunin@t-kkc.co.jp
C57: 建築物データ
C59: ゲスト登録

Sheet 電申申込書
B1: ㈱都市建築確認センター 電子申請システム登録申込書
F3: … | G3: 選択してください | M3: … | O3: に入力してください | V3: 申 込 日 | AB3: 申込日
V4: =IF(AB4<>"",TEXT(AB4,"gggy年mm月d日"),"") | AA4: ←
B6: ●物件名 ※既に仮受申請をしている場合は同一物件名としてください | P6: ●申請の進捗 | V6: ○未申請の場合の申請予定日 | AB6: 未申請の場合の申請予定日
V7: =IF(AB7<>"",TEXT(AB7,"ggg年mm月d日"),"") | AA7: ←
B10: ●物件概要（【申請の進捗】が【仮受申請前】の場合のみ入力してください。）
B11: 建築地 | H11: 用途 | M11: 規模 | P11: 階数 | S11: 構造 | V11: その他の情報
B15: ●システムを使用する方の情報（図面等を指定のフォルダにアップロードする方）
C16: 担当 | E16: 会社名 | L16: 氏名 | P16: メールアドレス（IDになります） | V16: 電話番号
B17: 記入例 | C17: 申請代表者 | E17: 株式会社○○一級建築士事務所 | L17: ○○ ○○ | P17: ○○○＠t-kkc.co.jp | V17: 03-5844-0066
B18: ① | C18: 申請代表者
B19: ②
B20: ③
B21: ④
B22: ⑤
B24: ♦ | C24: ①の申請代表者は建築主、設置者、築造主又は代理者としてください。 | O24: ♦ | P24: Excel形式でご提出ください。
B25: ♦ | C25: ①の申請代表者のみ確認済証交付後の副本のダウンロードが可能です。
B26: ♦ | C26: システム利用者は原則、１申請につき５名までとします。
A39: 意匠（ゲスト） | B39: 仮受申請前
A40: 設備（ゲスト） | B40: 仮受申請中
A41: 構造（ゲスト） | B41: もうすぐ本受付
A42: その他（ゲスト） | B42: すぐに本受付

Sheet 郵送先
AA6: 記入例
A7: 確認済証 郵送先 | C7: 郵送方法 | H7: レターパックライト
C8: 送付先名 | AA8: 株式会社 都市建築確認センター
AA9: 代表取締役 本田 實
C10: 住 所 | AA10: 東京都文京区湯島１－９－１５ 御茶ノ水HYビル５F
C11: 電話番号 | Q11: 郵便番号 | AA11: 03-5844-0066 | AD11: 1130034

Sheet 第二面（入力）
A1: 入力１
A2: 【資格】 | K2: ( | P2: )建築士( | W2: ）登録第 | AF2: 号
A3: 【氏名】
A4: 【建築士事務所名】 | K4: ( | O4: )建築士事務所( | W4: )知事登録第 | AF4: 号
A6: 【郵便番号】
A7: 【所在地】
A8: 【電話番号】
A9: 【作成、確認、照合設計図書】
A10: 【資格番号等】
A11: 入力２
A12: 【資格】 | K12: ( | P12: )建築士( | W12: ）登録第 | AF12: 号
A13: 【氏名】
A14: 【建築士事務所名】 | K14: ( | O14: )建築士事務所( | W14: )知事登録第 | AF14: 号
A16: 【郵便番号】
A17: 【所在地】
A18: 【電話番号】
A19: 【作成、確認、照合設計図書】
A20: 【資格番号等】
A21: 入力３
A22: 【資格】 | K22: ( | P22: )建築士( | W22: ）登録第 | AF22: 号
A23: 【氏名】
A24: 【建築士事務所名】 | K24: ( | O24: )建築士事務所( | W24: )知事登録第 | AF24: 号
A26: 【郵便番号】
A27: 【所在地】
A28: 【電話番号】
A29: 【作成、確認、照合設計図書】
A30: 【資格番号等】
A31: 入力４
A32: 【資格】 | K32: ( | P32: )建築士( | W32: ）登録第 | AF32: 号
A33: 【氏名】
A34: 【建築士事務所名】 | K34: ( | O34: )建築士事務所( | W34: )知事登録第 | AF34: 号
A36: 【郵便番号】
A37: 【所在地】
A38: 【電話番号】
A39: 【作成、確認、照合設計図書】
A40: 【資格番号等】
A41: 入力５
A42: 【資格】 | K42: ( | P42: )建築士( | W42: ）登録第 | AF42: 号
A43: 【氏名】
A44: 【建築士事務所名】 | K44: ( | O44: )建築士事務所( | W44: )知事登録第 | AF44: 号
A46: 【郵便番号】
A47: 【所在地】
A48: 【電話番号】
A49: 【作成、確認、照合設計図書】
A50: 【資格番号等】
A51: 入力６
A52: 【資格】 | K52: ( | P52: )建築士( | W52: ）登録第 | AF52: 号
A53: 【氏名】
A54: 【建築士事務所名】 | K54: ( | O54: )建築士事務所( | W54: )知事登録第 | AF54: 号
A56: 【郵便番号】
A57: 【所在地】
A58: 【電話番号】
A59: 【作成、確認、照合設計図書】
A60: 【資格番号等】
A61: 入力７
A62: 【資格】 | K62: ( | P62: )建築士( | W62: ）登録第 | AF62: 号
A63: 【氏名】
A64: 【建築士事務所名】 | K64: ( | O64: )建築士事務所( | W64: )知事登録第 | AF64: 号
A66: 【郵便番号】
A67: 【所在地】
A68: 【電話番号】
A69: 【作成、確認、照合設計図書】
A70: 【資格番号等】
A71: 入力８
A72: 【資格】 | K72: ( | P72: )建築士( | W72: ）登録第 | AF72: 号
A73: 【氏名】
A74: 【建築士事務所名】 | K74: ( | O74: )建築士事務所( | W74: )知事登録第 | AF74: 号
A76: 【郵便番号】
A77: 【所在地】
A78: 【電話番号】
A79: 【作成、確認、照合設計図書】
A80: 【資格番号等】
A81: 入力９
A82: 【資格】 | K82: ( | P82: )建築士( | W82: ）登録第 | AF82: 号
A83: 【氏名】
A84: 【建築士事務所名】 | K84: ( | O84: )建築士事務所( | W84: )知事登録第 | AF84: 号
A86: 【郵便番号】
A87: 【所在地】
A88: 【電話番号】
A89: 【作成、確認、照合設計図書】
A90: 【資格番号等】
A91: 入力１０
A92: 【資格】 | K92: ( | P92: )建築士( | W92: ）登録第 | AF92: 号
A93: 【氏名】
A94: 【建築士事務所名】 | K94: ( | O94: )建築士事務所( | W94: )知事登録第 | AF94: 号
A96: 【郵便番号】
A97: 【所在地】
A98: 【電話番号】
A99: 【作成、確認、照合設計図書】
A100: 【資格番号等】
A126: 適判
A127: 一般財団法人 日本建築センター | AA127: 大臣
A128: ビューローベリタスジャパン株式会社 | AA128: 東京都 | AF128: 東京都知事
A129: 一般財団法人 ベターリビング・建築評価センター | AA129: 神奈川県 | AF129: 神奈川県知事
A130: 株式会社 東京建築検査機構 | AA130: 埼玉県 | AF130: 埼玉県知事
A131: 日本建築検査協会株式会社 | AA131: 千葉県 | AF131: 千葉県知事
A132: 株式会社 国際確認検査センター | AA132: 群馬県 | AF132: 群馬県知事
A133: 株式会社 都市居住評価センター | AA133: 栃木県 | AF133: 栃木県知事
A134: 一般財団法人 日本建築設備・昇降機センター | AA134: 茨城県 | AF134: 茨城県知事
A135: 日本ＥＲＩ株式会社 | AA135: 北海道 | AF135: 北海道知事
...

Sheet 第一面
A1: 第二号様式（第一条の三、第三条、第三条の三関係）（Ａ４） | AR1: 受付日
AR2: 交付日
AR3: 担当者
AR4: 番号下4桁
A5: 確認申請書（建築物）
AR6: 着工日 | AS6: =IF('第三面-2'!AF20<>"",'第三面-2'!AF20,"") | AT6: =IF(AS6<TODAY(),"NG","")
A8: （第一面）
A11: 建築基準法第６条第１項又は第６条の２第１項の規定による確認を申請します。この申請書及び添付図書に記載の事項は、事実に相違ありません。
A15: 株式会社 都市建築確認センター 御中
Z18: 令和 | AB18: =IF(AI18="","",(YEAR(AI18)-2018)) | AC18: 年 | AD18: =IF(AI18="","",MONTH(AI18)) | AE18: 月 | AF18: =IF(AI18="","",DAY(AI18)) | AG18: 日
N19: 申請者氏名
N25: 設計者氏名 | T25: =IF(第二面!K24="","",第二面!K24)
T26: =IF(第二面!K22="","",第二面!K22)
A34: ※手数料欄
A36: ※ 受 付 欄 | J36: ※消防関係同意欄 | R36: ※決裁欄 | Y36: ※確認番号欄
A39: 令和 | C39: =IF(AS1="","",TEXT(AS1,"e")) | E39: 年 | F39: =IF(AS1="","",TEXT(AS1,"m")) | G39: 月 | H39: =IF(AS1="","",TEXT(AS1,"d")) | I39: 日 | Y39: 令和 | AA39: =IF(AS2="","",TEXT(AS2,"e")) | AC39: 年 | AD39: =IF(AS2="","",TEXT(AS2,"m")) | AE39: 月 | AF39: =IF(AS2="","",TEXT(AS2,"d")) | AG39: 日
A42: 第 | B42: =IF(AS1<>"","TKC"&TEXT(AS1,"yy")&"建確"&IF(LEFT(第三面!F4,1)="山","梨",LEFT(第三面!F4,1))&AS4,"TKC"&" "&"建確"&IF(LEFT(第三面!F4,1)="山","梨",LEFT(第三面!F4,1))) -> TKC 建確 | I42: 号 | Y42: 第 | Z42: =IF(AS2="","TKC"&" "&"建確"&IF(LEFT(第三面!F4,1)="山","梨",LEFT(第三面!F4,1)),B42) -> TKC 建確 | AG42: 号
A45: 係員氏名 | D45: =IF(AS3="","",AS3) | Y45: 係員氏名 | AB45: =IF(AS2="","",D45)

Sheet 第一面 (計変)
A1: 第四号様式（第一条の三、第三条、第三条の三関係）（Ａ４） | AR1: 受付日
AR2: 交付日
AR3: 担当者
AR4: 番号下4桁
A5: 計画変更確認申請書（建築物）
A8: （第一面）
A11: 建築基準法第６条の２第１項の規定による計画の変更の確認を申請します。この申請書及び添付図書に記載の事項は、事実に相違ありません。
A15: 株式会社 都市建築確認センター 御中
Z18: 令和 | AB18: =IF(AI18="","",(YEAR(AI18)-2018)) | AC18: 年 | AD18: =IF(AI18="","",MONTH(AI18)) | AE18: 月 | AF18: =IF(AI18="","",DAY(AI18)) | AG18: 日
N19: 申請者氏名
AG23: =IF(R22<>"","印","")
N25: 設計者氏名 | R25: =IF(第二面!K24="","",第二面!K24)
R26: =IF(第二面!K22="","",第二面!K22) | AI26: ↓ 他社の場合、こちらに番号を入力してください。
B28: 【計画を変更する建築物の直前の確認】 | AI28: ↓ 前願が弊社の場合、選択・入力してください。
C29: 【確認済証番号】 | J29: =IF(AI27<>"",AI27,IF(AI29<>"",DBCS("第TKC"&AI29&"建"&AJ29&AK29&AL29&AM29&"号"),""))
C30: 【確認済証交付年月日】 | J30: =IF(AO30<43586,"平成","令和") -> 平成 | L30: =IF(AI30="","",IF(AO30<43586,YEAR(AI30)-1988,IF(YEAR(AI30)-2018=1,"元",YEAR(AI30)-2018))) | M30: 年 | N30: =IF(AI30="","",MONTH(AI30)) | O30: 月 | P30: =IF(AI30="","",DAY(AI30)) | Q30: 日 | AO30: =AI30 -> 0
C31: 【確認済証交付者】
C33: 【計画変更の概要】
A35: ※手数料欄
A37: ※ 受 付 欄 | J37: ※消防関係同意欄 | R37: ※決裁欄 | Y37: ※確認番号欄
A40: 令和 | C40: =IF(AS1="","",TEXT(AS1,"e")) | E40: 年 | F40: =IF(AS1="","",TEXT(AS1,"m")) | G40: 月 | H40: =IF(AS1="","",TEXT(AS1,"d")) | I40: 日 | Y40: 令和 | AA40: =IF(AS2="","",TEXT(AS2,"e")) | AC40: 年 | AD40: =IF(AS2="","",TEXT(AS2,"m")) | AE40: 月 | AF40: =IF(AS2="","",TEXT(AS2,"d")) | AG40: 日
A43: 第 | B43: =IF(AS1<>"","TKC"&TEXT(AS1,"yy")&"建更"&IF(LEFT(第三面!F4,1)="山","梨",LEFT(第三面!F4,1))&AS4,"TKC"&" "&"建更"&IF(LEFT(第三面!F4,1)="山","梨",LEFT(第三面!F4,1))) -> TKC 建更 | I43: 号 | Y43: 第 | Z43: =IF(AS2="","TKC"&" "&"建更"&IF(LEFT(第三面!F4,1)="山","梨",LEFT(第三面!F4,1)),B43) -> TKC 建更 | AG43: 号
A46: 係員氏名 | D46: =IF(AS3="","",AS3) | Y46: 係員氏名 | AB46: =IF(AS2="","",D46)

Sheet 第二面
A1: （第二面）
A2: 建築主等の概要
A3: 【1．建築主】
A4: 【ｲ．氏名のﾌﾘｶﾞﾅ】
A5: 【ﾛ．氏名】
A6: 【ﾊ．郵便番号】
A7: 【ﾆ．住所】
A8: 【ﾎ．電話番号】
A10: 【2．代理者】
A11: 【ｲ．資格】 | K11: ( | L11: =IFERROR(VLOOKUP(AE11,AF84:AS93,2,FALSE),"") | O11: )建築士( | R11: =IFERROR(VLOOKUP(AE11,AF84:AR93,3,FALSE),"") | U11: ）登録第 | X11: =IFERROR(VLOOKUP(AE11,AF84:AR93,4,FALSE),"") | AC11: 号
A12: 【ﾛ．氏名】 | K12: =IFERROR(VLOOKUP(AE11,AF84:AR93,5,FALSE),"")
A13: 【ﾊ．建築士事務所名】 | K13: ( | L13: =IFERROR(VLOOKUP(AE11,AF84:AS93,6,FALSE),"") | N13: )建築士事務所( | S13: =IFERROR(VLOOKUP(AE11,AF84:AR93,7,FALSE),"") | U13: )知事登録第 | Y13: =IFERROR(VLOOKUP(AE11,AF84:AR93,8,FALSE),"") | AC13: 号
K14: =IFERROR(VLOOKUP(AE11,AF84:AR93,9,FALSE),"")
A15: 【ﾆ．郵便番号】 | K15: =IFERROR(VLOOKUP(AE11,AF84:AR93,10,FALSE),"")
A16: 【ﾎ．所在地】 | K16: =IFERROR(VLOOKUP(AE11,AF84:AR93,11,FALSE),"")
A17: 【ﾍ．電話番号】 | K17: =IFERROR(VLOOKUP(AE11,AF84:AR93,12,FALSE),"")
A19: 【3．設計者】
A20: （代表となる設計者）
A21: 【ｲ．資格】 | K21: ( | L21: =IFERROR(VLOOKUP(AE21,AF84:AS93,2,FALSE),"") | O21: )建築士( | R21: =IFERROR(VLOOKUP(AE21,AF84:AR93,3,FALSE),"") | U21: ）登録第 | X21: =IFERROR(VLOOKUP(AE21,AF84:AR93,4,FALSE),"") | AC21: 号
A22: 【ﾛ．氏名】 | K22: =IFERROR(VLOOKUP(AE21,AF84:AR93,5,FALSE),"")
A23: 【ﾊ．建築士事務所名】 | K23: ( | L23: =IFERROR(VLOOKUP(AE21,AF84:AS93,6,FALSE),"") | N23: )建築士事務所( | S23: =IFERROR(VLOOKUP(AE21,AF84:AR93,7,FALSE),"") | U23: )知事登録第 | Y23: =IFERROR(VLOOKUP(AE21,AF84:AR93,8,FALSE),"") | AC23: 号
K24: =IFERROR(VLOOKUP(AE21,AF84:AR93,9,FALSE),"")
A25: 【ﾆ．郵便番号】 | K25: =IFERROR(VLOOKUP(AE21,AF84:AR93,10,FALSE),"")
A26: 【ﾎ．所在地】 | K26: =IFERROR(VLOOKUP(AE21,AF84:AR93,11,FALSE),"")
A27: 【ﾍ．電話番号】 | K27: =IFERROR(VLOOKUP(AE21,AF84:AR93,12,FALSE),"")
A28: 【ﾄ．作成又は確認した設計図書】 | K28: =IFERROR(VLOOKUP(AE21,AF84:AR93,13,FALSE),"")
A30: （その他の設計者）
A31: 【ｲ．資格】 | K31: ( | L31: =IFERROR(VLOOKUP(AE31,AF84:AS93,2,FALSE),"") | O31: )建築士( | R31: =IFERROR(VLOOKUP(AE31,AF84:AR93,3,FALSE),"") | U31: ）登録第 | X31: =IFERROR(VLOOKUP(AE31,AF84:AR93,4,FALSE),"") | AC31: 号
A32: 【ﾛ．氏名】 | K32: =IFERROR(VLOOKUP(AE31,AF84:AR93,5,FALSE),"")
A33: 【ﾊ．建築士事務所名】 | K33: ( | L33: =IFERROR(VLOOKUP(AE31,AF84:AS93,6,FALSE),"") | N33: )建築士事務所( | S33: =IFERROR(VLOOKUP(AE31,AF84:AR93,7,FALSE),"") | U33: )知事登録第 | Y33: =IFERROR(VLOOKUP(AE31,AF84:AR93,8,FALSE),"") | AC33: 号
K34: =IFERROR(VLOOKUP(AE31,AF84:AR93,9,FALSE),"")
A35: 【ﾆ．郵便番号】 | K35: =IFERROR(VLOOKUP(AE31,AF84:AR93,10,FALSE),"")
A36: 【ﾎ．所在地】 | K36: =IFERROR(VLOOKUP(AE31,AF84:AR93,11,FALSE),"")
A37: 【ﾍ．電話番号】 | K37: =IFERROR(VLOOKUP(AE31,AF84:AR93,12,FALSE),"")
A38: 【ﾄ．作成又は確認した設計図書】 | K38: =IFERROR(VLOOKUP(AE31,AF84:AR93,13,FALSE),"")
A40: 【ｲ．資格】 | K40: ( | L40: =IFERROR(VLOOKUP(AE40,AF84:AS93,2,FALSE),"") | O40: )建築士( | R40: =IFERROR(VLOOKUP(AE40,AF84:AR93,3,FALSE),"") | U40: ）登録第 | X40: =IFERROR(VLOOKUP(AE40,AF84:AR93,4,FALSE),"") | AC40: 号
A41: 【ﾛ．氏名】 | K41: =IFERROR(VLOOKUP(AE40,AF84:AR93,5,FALSE),"")
A42: 【ﾊ．建築士事務所名】 | K42: ( | L42: =IFERROR(VLOOKUP(AE40,AF84:AS93,6,FALSE),"") | N42: )建築士事務所( | S42: =IFERROR(VLOOKUP(AE40,AF84:AR93,7,FALSE),"") | U42: )知事登録第 | Y42: =IFERROR(VLOOKUP(AE40,AF84:AR93,8,FALSE),"") | AC42: 号
K43: =IFERROR(VLOOKUP(AE40,AF84:AR93,9,FALSE),"")
A44: 【ﾆ．郵便番号】 | K44: =IFERROR(VLOOKUP(AE40,AF84:AR93,10,FALSE),"")
A45: 【ﾎ．所在地】 | K45: =IFERROR(VLOOKUP(AE40,AF84:AR93,11,FALSE),"")
A46: 【ﾍ．電話番号】 | K46: =IFERROR(VLOOKUP(AE40,AF84:AR93,12,FALSE),"")
A47: 【ﾄ．作成又は確認した設計図書】 | K47: =IFERROR(VLOOKUP(AE40,AF84:AR93,13,FALSE),"")
A49: 【ｲ．資格】 | K49: ( | L49: =IFERROR(VLOOKUP(AE49,AF84:AS93,2,FALSE),"") | O49: )建築士( | R49: =IFERROR(VLOOKUP(AE49,AF84:AR93,3,FALSE),"") | U49: ）登録第 | X49: =IFERROR(VLOOKUP(AE49,AF84:AR93,4,FALSE),"") | AC49: 号
A50: 【ﾛ．氏名】 | K50: =IFERROR(VLOOKUP(AE49,AF84:AR93,5,FALSE),"")
A51: 【ﾊ．建築士事務所名】 | K51: ( | L51: =IFERROR(VLOOKUP(AE49,AF84:AS93,6,FALSE),"") | N51: )建築士事務所( | S51: =IFERROR(VLOOKUP(AE49,AF84:AR93,7,FALSE),"") | U51: )知事登録第 | Y51: =IFERROR(VLOOKUP(AE49,AF84:AR93,8,FALSE),"") | AC51: 号
K52: =IFERROR(VLOOKUP(AE49,AF84:AR93,9,FALSE),"")
A53: 【ﾆ．郵便番号】 | K53: =IFERROR(VLOOKUP(AE49,AF84:AR93,10,FALSE),"")
A54: 【ﾎ．所在地】 | K54: =IFERROR(VLOOKUP(AE49,AF84:AR93,11,FALSE),"")
A55: 【ﾍ．電話番号】 | K55: =IFERROR(VLOOKUP(AE49,AF84:AR93,12,FALSE),"")
A56: 【ﾄ．作成又は確認した設計図書】 | K56: =IFERROR(VLOOKUP(AE49,AF84:AR93,13,FALSE),"")
A82: 適判
A83: 一般財団法人 日本建築センター 東京都千代田区 | Y83: 大臣 | AC83: 大臣 | AF83: 未定 | AJ83: 未定
A84: ビューローベリタスジャパン株式会社 東京都千代田区 | Y84: 東京都 | AC84: 東京都知事 | AF84: 入力１ | AG84: ='第二面（入力）'!L2 -> 0 | AH84: ='第二面（入力）'!S2 -> 0 | AI84: ='第二面（入力）'!Z2 -> 0 | AJ84: ='第二面（入力）'!K3 -> 0 | AK84: ='第二面（入力）'!L4 -> 0 | AL84: ='第二面（入力）'!T4 -> 0 | AM84: ='第二面（入力）'!AA4 -> 0 | AN84: ='第二面（入力）'!K5 -> 0 | AO84: ='第二面（入力）'!K6 -> 0 | AP84: ='第二面（入力）'!K7 -> 0 | AQ84: ='第二面（入力）'!K8 -> 0 | AR84: ='第二面（入力）'!K9 -> 0 | AS84: =IF('第二面（入力）'!$K$10="","",'第二面（入力）'!$K$10)
A85: 一般財団法人 ベターリビング 東京都千代田区 | Y85: 神奈川県 | AC85: 神奈川県知事 | AF85: 入力２ | AG85: ='第二面（入力）'!L12 -> 0 | AH85: ='第二面（入力）'!S12 -> 0 | AI85: ='第二面（入力）'!Z12 -> 0 | AJ85: ='第二面（入力）'!K13 -> 0 | AK85: ='第二面（入力）'!L14 -> 0 | AL85: ='第二面（入力）'!T14 -> 0 | AM85: ='第二面（入力）'!AA14 -> 0 | AN85: ='第二面（入力）'!K15 -> 0 | AO85: ='第二面（入力）'!K16 -> 0 | AP85: ='第二面（入力）'!K17 -> 0 | AQ85: ='第二面（入力）'!K18 -> 0 | AR85: ='第二面（入力）'!K19 -> 0 | AS85: =IF('第二面（入力）'!$K$20="","",'第二面（入力）'!$K$20)
A86: 株式会社 東京建築検査機構 東京都中央区 | Y86: 埼玉県 | AC86: 埼玉県知事 | AF86: 入力３ | AG86: ='第二面（入力）'!L22 -> 0 | AH86: ='第二面（入力）'!S22 -> 0 | AI86: ='第二面（入力）'!Z22 -> 0 | AJ86: ='第二面（入力）'!K23 -> 0 | AK86: ='第二面（入力）'!L24 -> 0 | AL86: ='第二面（入力）'!T24 -> 0 | AM86: ='第二面（入力）'!AA24 -> 0 | AN86: ='第二面（入力）'!K25 -> 0 | AO86: ='第二面（入力）'!K26 -> 0 | AP86: ='第二面（入力）'!K27 -> 0 | AQ86: ='第二面（入力）'!K28 -> 0 | AR86: ='第二面（入力）'!K29 -> 0 | AS86: =IF('第二面（入力）'!$K$30="","",'第二面（入力）'!$K$30)
A87: 日本建築検査協会株式会社 東京都中央区 | Y87: 千葉県 | AC87: 千葉県知事 | AF87: 入力４ | AG87: ='第二面（入力）'!L32 -> 0 | AH87: ='第二面（入力）'!S32 -> 0 | AI87: ='第二面（入力）'!Z32 -> 0 | AJ87: ='第二面（入力）'!K33 -> 0 | AK87: ='第二面（入力）'!L34 -> 0 | AL87: ='第二面（入力）'!T34 -> 0 | AM87: ='第二面（入力）'!AA34 -> 0 | AN87: ='第二面（入力）'!K35 -> 0 | AO87: ='第二面（入力）'!K36 -> 0 | AP87: ='第二面（入力）'!K37 -> 0 | AQ87: ='第二面（入力）'!K38 -> 0 | AR87: ='第二面（入力）'!K39 -> 0 | AS87: =IF('第二面（入力）'!$K$40="","",'第二面（入力）'!$K$40)
A88: 株式会社 国際確認検査センター 東京都中央区 | Y88: 群馬県 | AC88: 群馬県知事 | AF88: 入力５ | AG88: ='第二面（入力）'!L42 -> 0 | AH88: ='第二面（入力）'!S42 -> 0 | AI88: ='第二面（入力）'!Z42 -> 0 | AJ88: ='第二面（入力）'!K43 -> 0 | AK88: ='第二面（入力）'!L44 -> 0 | AL88: ='第二面（入力）'!T44 -> 0 | AM88: ='第二面（入力）'!AA44 -> 0 | AN88: ='第二面（入力）'!K45 -> 0 | AO88: ='第二面（入力）'!K46 -> 0 | AP88: ='第二面（入力）'!K47 -> 0 | AQ88: ='第二面（入力）'!K48 -> 0 | AR88: ='第二面（入力）'!K49 -> 0 | AS88: =IF('第二面（入力）'!$K$50="","",'第二面（入力）'!$K$50)
A89: 株式会社 都市居住評価センター 東京都港区 | Y89: 栃木県 | AC89: 栃木県知事 | AF89: 入力６ | AG89: ='第二面（入力）'!L52 -> 0 | AH89: ='第二面（入力）'!S52 -> 0 | AI89: ='第二面（入力）'!Z52 -> 0 | AJ89: ='第二面（入力）'!K53 -> 0 | AK89: ='第二面（入力）'!L54 -> 0 | AL89: ='第二面（入力）'!T54 -> 0 | AM89: ='第二面（入力）'!AA54 -> 0 | AN89: ='第二面（入力）'!K55 -> 0 | AO89: ='第二面（入力）'!K56 -> 0 | AP89: ='第二面（入力）'!K57 -> 0 | AQ89: ='第二面（入力）'!K58 -> 0 | AR89: ='第二面（入力）'!K59 -> 0 | AS89: =IF('第二面（入力）'!$K$60="","",'第二面（入力）'!$K$60)
A90: 一般財団法人 日本建築設備・昇降機センター 東京都港区 | Y90: 茨城県 | AC90: 茨城県知事 | AF90: 入力７ | AG90: ='第二面（入力）'!L62 -> 0 | AH90: ='第二面（入力）'!S62 -> 0 | AI90: ='第二面（入力）'!Z62 -> 0 | AJ90: ='第二面（入力）'!K63 -> 0 | AK90: ='第二面（入力）'!L64 -> 0 | AL90: ='第二面（入力）'!T64 -> 0 | AM90: ='第二面（入力）'!AA64 -> 0 | AN90: ='第二面（入力）'!K65 -> 0 | AO90: ='第二面（入力）'!K66 -> 0 | AP90: ='第二面（入力）'!K67 -> 0 | AQ90: ='第二面（入力）'!K68 -> 0 | AR90: ='第二面（入力）'!K69 -> 0 | AS90: =IF('第二面（入力）'!$K$70="","",'第二面（入力）'!$K$70)
A91: 日本ＥＲＩ株式会社 東京都港区 | Y91: 北海道 | AC91: 北海道知事 | AF91: 入力８ | AG91: ='第二面（入力）'!L72 -> 0 | AH91: ='第二面（入力）'!S72 -> 0 | AI91: ='第二面（入力）'!Z72 -> 0 | AJ91: ='第二面（入力）'!K73 -> 0 | AK91: ='第二面（入力）'!L74 -> 0 | AL91: ='第二面（入力）'!T74 -> 0 | AM91: ='第二面（入力）'!AA74 -> 0 | AN91: ='第二面（入力）'!K75 -> 0 | AO91: ='第二面（入力）'!K76 -> 0 | AP91: ='第二面（入力）'!K77 -> 0 | AQ91: ='第二面（入力）'!K78 -> 0 | AR91: ='第二面（入力）'!K79 -> 0 | AS91: =IF('第二面（入力）'!$K$80="","",'第二面（入力）'!$K$80)
A92: ハウスプラス確認検査株式会社 東京都港区 | Y92: 青森県 | AC92: 青森県知事 | AF92: 入力９ | AG92: ='第二面（入力）'!L82 -> 0 | AH92: ='第二面（入力）'!S82 -> 0 | AI92: ='第二面（入力）'!Z82 -> 0 | AJ92: ='第二面（入力）'!K83 -> 0 | AK92: ='第二面（入力）'!L84 -> 0 | AL92: ='第二面（入力）'!T84 -> 0 | AM92: ='第二面（入力）'!AA84 -> 0 | AN92: ='第二面（入力）'!K85 -> 0 | AO92: ='第二面（入力）'!K86 -> 0 | AP92: ='第二面（入力）'!K87 -> 0 | AQ92: ='第二面（入力）'!K88 -> 0 | AR92: ='第二面（入力）'!K89 -> 0 | AS92: =IF('第二面（入力）'!$K$90="","",'第二面（入力）'!$K$90)
A93: 一般財団法人 住宅金融普及協会 東京都文京区 | Y93: 岩手県 | AC93: 岩手県知事 | AF93: 入力１０ | AG93: ='第二面（入力）'!L92 -> 0 | AH93: ='第二面（入力）'!S92 -> 0 | AI93: ='第二面（入力）'!Z92 -> 0 | AJ93: ='第二面（入力）'!K93 -> 0 | AK93: ='第二面（入力）'!L94 -> 0 | AL93: ='第二面（入力）'!T94 -> 0 | AM93: ='第二面（入力）'!AA94 -> 0 | AN93: ='第二面（入力）'!K95 -> 0 | AO93: ='第二面（入力）'!K96 -> 0 | AP93: ='第二面（入力）'!K97 -> 0 | AQ93: ='第二面（入力）'!K98 -> 0 | AR93: ='第二面（入力）'!K99 -> 0 | AS93: =IF('第二面（入力）'!$K$100="","",'第二面（入力）'!$K$100)
A94: アウェイ建築評価ネット株式会社 東京都新宿区 | Y94: 宮城県 | AC94: 宮城県知事
A95: 公益財団法人 東京都防災・建築まちづくりセンター 東京都新宿区 | Y95: 秋田県 | AC95: 秋田県知事
A96: 株式会社 建築構造センター 東京都新宿区 | Y96: 山形県 | AC96: 山形県知事
A97: 株式会社 グッド・アイズ建築検査機構 東京都新宿区 | Y97: 福島県 | AC97: 福島県知事
A98: 一般財団法人 さいたま住宅検査センター 東京都武蔵野市 | Y98: 新潟県 | AC98: 新潟県知事
A99: 株式会社 J建築検査センター 東京都渋谷区 | Y99: 富山県 | AC99: 富山県知事
A100: アスコ適判株式会社 東京都品川区 | Y100: 石川県 | AC100: 石川県知事
A101: 一般財団法人 神奈川県建築安全協会 神奈川県横浜市 | Y101: 福井県 | AC101: 福井県知事
A102: 公益財団法人 千葉県建設技術センター 千葉県千葉市 | Y102: 山梨県 | AC102: 山梨県知事
A103: 一般財団法人 日本建築総合試験所 大阪府大阪市 | Y103: 長野県 | AC103: 長野県知事
A104: 一般財団法人群馬県建築構造技術センター 群馬県高崎市 | Y104: 岐阜県 | AC104: 岐阜県知事
A105: 一般財団法人 茨城県建築センター 茨城県水戸市 | Y105: 静岡県 | AC105: 静岡県知事
... A107: 一般財団法人 長野県建築住宅センター 長野県長野市 | Y107: 三重県 | AC107: 三重県知事
Y108: 滋賀県 | AC108: 滋賀県知事
Y109: 京都府 | AC109: 京都府知事
Y110: 大阪府 | AC110: 大阪府知事
Y111: 兵庫県 | AC111: 兵庫県知事
Y112: 奈良県 | AC112: 奈良県知事
Y113: 和歌山県 | AC113: 和歌山県知事
Y114: 鳥取県 | AC114: 鳥取県知事
Y115: 島根県 | AC115: 島根県知事
Y116: 岡山県 | AC116: 岡山県知事
Y117: 広島県 | AC117: 広島県知事
Y118: 山口県 | AC118: 山口県知事
Y119: 徳島県 | AC119: 徳島県知事
... Y130: 沖縄県 | AC130: 沖縄県知事

Sheet 第二面-2
A1: (構造設計一級建築士又は設備設計一級建築士である旨の表示をした者)
A2: 上記の設計者のうち、
A3: =IF(M4<>"","■","□") -> □ | B3: 建築士法第20条の２第１項の表示をした者
A4: 【ｲ．氏名】 | M4: =IFERROR(VLOOKUP(AE4,AF81:AR90,5,FALSE),"")
A5: 【ﾛ．資格】 構造設計一級建築士交付 | M5: 第 | N5: =IFERROR(VLOOKUP(AE4,AF81:AS90,14,FALSE),"") | V5: 号
A6: =IF(M7<>"","■","□") -> □ | B6: 建築士法第20条の２第３項の表示をした者
A7: 【ｲ．氏名】 | M7: =IFERROR(VLOOKUP(AE7,AF81:AR90,5,FALSE),"")
A8: 【ﾛ．資格】 構造設計一級建築士交付 | M8: 第 | N8: =IFERROR(VLOOKUP(AE7,AF81:AS90,14,FALSE),"") | V8: 号
A9: =IF(OR(M10<>"",M12<>"",M14<>""),"■","□") -> □ | B9: 建築士法第20条の３第１項の表示をした者
A10: 【ｲ．氏名】 | M10: =IFERROR(VLOOKUP(AE10,AF81:AR90,5,FALSE),"")
A11: 【ﾛ．資格】 設備設計一級建築士交付 | M11: 第 | N11: =IFERROR(VLOOKUP(AE10,AF81:AS90,14,FALSE),"") | V11: 号
A12: 【ｲ．氏名】 | M12: =IFERROR(VLOOKUP(AE12,AF81:AR90,5,FALSE),"")
A13: 【ﾛ．資格】 設備設計一級建築士交付 | M13: 第 | N13: =IFERROR(VLOOKUP(AE12,AF81:AS90,14,FALSE),"") | V13: 号
A14: 【ｲ．氏名】 | M14: =IFERROR(VLOOKUP(AE14,AF81:AR90,5,FALSE),"")
A15: 【ﾛ．資格】 設備設計一級建築士交付 | M15: 第 | N15: =IFERROR(VLOOKUP(AE14,AF81:AS90,14,FALSE),"") | V15: 号
A16: =IF(OR(M17<>"",M19<>"",M21<>""),"■","□") -> □ | B16: 建築士法第20条の３第３項の表示をした者
A17: 【ｲ．氏名】 | M17: =IFERROR(VLOOKUP(AE17,AF81:AR90,5,FALSE),"")
A18: 【ﾛ．資格】 設備設計一級建築士交付 | M18: 第 | N18: =IFERROR(VLOOKUP(AE17,AF81:AS90,14,FALSE),"") | V18: 号
A19: 【ｲ．氏名】 | M19: =IFERROR(VLOOKUP(AE19,AF81:AR90,5,FALSE),"")
A20: 【ﾛ．資格】 設備設計一級建築士交付 | M20: 第 | N20: =IFERROR(VLOOKUP(AE19,AF81:AS90,14,FALSE),"") | V20: 号
A21: 【ｲ．氏名】 | M21: =IFERROR(VLOOKUP(AE21,AF81:AR90,5,FALSE),"")
A22: 【ﾛ．資格】 設備設計一級建築士交付 | M22: 第 | N22: =IFERROR(VLOOKUP(AE21,AF81:AS90,14,FALSE),"") | V22: 号
A23: 【4．建築設備の設計に関し意見を聴いた者】
A24: （代表となる建築設備の設計に関し意見を聴いた者）
A25: 【ｲ．氏名】 | K25: =IFERROR(VLOOKUP(AE25,AF81:AR90,5,FALSE),"")
A26: 【ﾛ．勤務先】 | K26: =IFERROR(VLOOKUP(AE25,AF81:AR90,9,FALSE),"")
A27: 【ﾊ．郵便番号】 | K27: =IFERROR(VLOOKUP(AE25,AF81:AR90,10,FALSE),"")
A28: 【ﾆ．所在地】 | K28: =IFERROR(VLOOKUP(AE25,AF81:AR90,11,FALSE),"")
A29: 【ﾎ．電話番号】 | K29: =IFERROR(VLOOKUP(AE25,AF81:AR90,12,FALSE),"")
A30: 【ﾍ．登録番号】 | K30: =IFERROR(VLOOKUP(AE25,AF81:AS90,14,FALSE),"")
A31: 【ﾄ．意見を聴いた設計図書】 | K31: =IFERROR(VLOOKUP(AE25,AF81:AR90,13,FALSE),"")
A32: （その他の建築設備の設計に関し意見を聴いた者）
A33: 【ｲ．氏名】 | K33: =IFERROR(VLOOKUP(AE33,AF81:AR90,5,FALSE),"")
A34: 【ﾛ．勤務先】 | K34: =IFERROR(VLOOKUP(AE33,AF81:AR90,9,FALSE),"")
A35: 【ﾊ．郵便番号】 | K35: =IFERROR(VLOOKUP(AE33,AF81:AR90,10,FALSE),"")
A36: 【ﾆ．所在地】 | K36: =IFERROR(VLOOKUP(AE33,AF81:AR90,11,FALSE),"")
A37: 【ﾎ．電話番号】 | K37: =IFERROR(VLOOKUP(AE33,AF81:AR90,12,FALSE),"")
A38: 【ﾍ．登録番号】 | K38: =IFERROR(VLOOKUP(AE33,AF81:AS90,14,FALSE),"")
A39: 【ﾄ．意見を聴いた設計図書】 | K39: =IFERROR(VLOOKUP(AE33,AF81:AR90,13,FALSE),"")
A40: 【ｲ．氏名】 | K40: =IFERROR(VLOOKUP(AE40,AF81:AR90,5,FALSE),"")
A41: 【ﾛ．勤務先】 | K41: =IFERROR(VLOOKUP(AE40,AF81:AR90,9,FALSE),"")
A42: 【ﾊ．郵便番号】 | K42: =IFERROR(VLOOKUP(AE40,AF81:AR90,10,FALSE),"")
A43: 【ﾆ．所在地】 | K43: =IFERROR(VLOOKUP(AE40,AF81:AR90,11,FALSE),"")
A44: 【ﾎ．電話番号】 | K44: =IFERROR(VLOOKUP(AE40,AF81:AR90,12,FALSE),"")
A45: 【ﾍ．登録番号】 | K45: =IFERROR(VLOOKUP(AE40,AF81:AS90,14,FALSE),"")
A46: 【ﾄ．意見を聴いた設計図書】 | K46: =IFERROR(VLOOKUP(AE40,AF81:AR90,13,FALSE),"")
A47: 【ｲ．氏名】 | K47: =IFERROR(VLOOKUP(AE47,AF81:AR90,5,FALSE),"")
A48: 【ﾛ．勤務先】 | K48: =IFERROR(VLOOKUP(AE47,AF81:AR90,9,FALSE),"")
A49: 【ﾊ．郵便番号】 | K49: =IFERROR(VLOOKUP(AE47,AF81:AR90,10,FALSE),"")
A50: 【ﾆ．所在地】 | K50: =IFERROR(VLOOKUP(AE47,AF81:AR90,11,FALSE),"")
A51: 【ﾎ．電話番号】 | K51: =IFERROR(VLOOKUP(AE47,AF81:AR90,12,FALSE),"")
A52: 【ﾍ．登録番号】 | K52: =IFERROR(VLOOKUP(AE47,AF81:AS90,14,FALSE),"")
A53: 【ﾄ．意見を聴いた設計図書】 | K53: =IFERROR(VLOOKUP(AE47,AF81:AR90,13,FALSE),"")
A79: 適判
A80: 一般財団法人 日本建築センター 東京都千代田区 | Y80: 大臣 | AC80: 大臣 | AF80: 未定 | AJ80: 未定
A81: ビューローベリタスジャパン株式会社 東京都千代田区 | Y81: 東京都 | AC81: 東京都知事 | AF81: 入力１ | AG81: ='第二面（入力）'!L2 -> 0 | AH81: ='第二面（入力）'!S2 -> 0 | AI81: ='第二面（入力）'!Z2 -> 0 | AJ81: ='第二面（入力）'!K3 -> 0 | AK81: ='第二面（入力）'!L4 -> 0 | AL81: ='第二面（入力）'!T4 -> 0 | AM81: ='第二面（入力）'!AA4 -> 0 | AN81: ='第二面（入力）'!K5 -> 0 | AO81: ='第二面（入力）'!K6 -> 0 | AP81: ='第二面（入力）'!K7 -> 0 | AQ81: ='第二面（入力）'!K8 -> 0 | AR81: ='第二面（入力）'!K9 -> 0 | AS81: =IF('第二面（入力）'!$K$10="","",'第二面（入力）'!$K$10)
A82: 一般財団法人 ベターリビング 東京都千代田区 | Y82: 神奈川県 | AC82: 神奈川県知事 | AF82: 入力２ | AG82: ='第二面（入力）'!L12 -> 0 | AH82: ='第二面（入力）'!S12 -> 0 | AI82: ='第二面（入力）'!Z12 -> 0 | AJ82: ='第二面（入力）'!K13 -> 0 | AK82: ='第二面（入力）'!L14 -> 0 | AL82: ='第二面（入力）'!T14 -> 0 | AM82: ='第二面（入力）'!AA14 -> 0 | AN82: ='第二面（入力）'!K15 -> 0 | AO82: ='第二面（入力）'!K16 -> 0 | AP82: ='第二面（入力）'!K17 -> 0 | AQ82: ='第二面（入力）'!K18 -> 0 | AR82: ='第二面（入力）'!K19 -> 0 | AS82: =IF('第二面（入力）'!$K$20="","",'第二面（入力）'!$K$20)
A83: 株式会社 東京建築検査機構 東京都中央区 | Y83: 埼玉県 | AC83: 埼玉県知事 | AF83: 入力３ | AG83: ='第二面（入力）'!L22 -> 0 | AH83: ='第二面（入力）'!S22 -> 0 | AI83: ='第二面（入力）'!Z22 -> 0 | AJ83: ='第二面（入力）'!K23 -> 0 | AK83: ='第二面（入力）'!L24 -> 0 | AL83: ='第二面（入力）'!T24 -> 0 | AM83: ='第二面（入力）'!AA24 -> 0 | AN83: ='第二面（入力）'!K25 -> 0 | AO83: ='第二面（入力）'!K26 -> 0 | AP83: ='第二面（入力）'!K27 -> 0 | AQ83: ='第二面（入力）'!K28 -> 0 | AR83: ='第二面（入力）'!K29 -> 0 | AS83: =IF('第二面（入力）'!$K$30="","",'第二面（入力）'!$K$30)
A84: 日本建築検査協会株式会社 東京都中央区 | Y84: 千葉県 | AC84: 千葉県知事 | AF84: 入力４ | AG84: ='第二面（入力）'!L32 -> 0 | AH84: ='第二面（入力）'!S32 -> 0 | AI84: ='第二面（入力）'!Z32 -> 0 | AJ84: ='第二面（入力）'!K33 -> 0 | AK84: ='第二面（入力）'!L34 -> 0 | AL84: ='第二面（入力）'!T34 -> 0 | AM84: ='第二面（入力）'!AA34 -> 0 | AN84: ='第二面（入力）'!K35 -> 0 | AO84: ='第二面（入力）'!K36 -> 0 | AP84: ='第二面（入力）'!K37 -> 0 | AQ84: ='第二面（入力）'!K38 -> 0 | AR84: ='第二面（入力）'!K39 -> 0 | AS84: =IF('第二面（入力）'!$K$40="","",'第二面（入力）'!$K$40)
A85: 株式会社 国際確認検査センター 東京都中央区 | Y85: 群馬県 | AC85: 群馬県知事 | AF85: 入力５ | AG85: ='第二面（入力）'!L42 -> 0 | AH85: ='第二面（入力）'!S42 -> 0 | AI85: ='第二面（入力）'!Z42 -> 0 | AJ85: ='第二面（入力）'!K43 -> 0 | AK85: ='第二面（入力）'!L44 -> 0 | AL85: ='第二面（入力）'!T44 -> 0 | AM85: ='第二面（入力）'!AA44 -> 0 | AN85: ='第二面（入力）'!K45 -> 0 | AO85: ='第二面（入力）'!K46 -> 0 | AP85: ='第二面（入力）'!K47 -> 0 | AQ85: ='第二面（入力）'!K48 -> 0 | AR85: ='第二面（入力）'!K49 -> 0 | AS85: =IF('第二面（入力）'!$K$50="","",'第二面（入力）'!$K$50)
A86: 株式会社 都市居住評価センター 東京都港区 | Y86: 栃木県 | AC86: 栃木県知事 | AF86: 入力６ | AG86: ='第二面（入力）'!L52 -> 0 | AH86: ='第二面（入力）'!S52 -> 0 | AI86: ='第二面（入力）'!Z52 -> 0 | AJ86: ='第二面（入力）'!K53 -> 0 | AK86: ='第二面（入力）'!L54 -> 0 | AL86: ='第二面（入力）'!T54 -> 0 | AM86: ='第二面（入力）'!AA54 -> 0 | AN86: ='第二面（入力）'!K55 -> 0 | AO86: ='第二面（入力）'!K56 -> 0 | AP86: ='第二面（入力）'!K57 -> 0 | AQ86: ='第二面（入力）'!K58 -> 0 | AR86: ='第二面（入力）'!K59 -> 0 | AS86: =IF('第二面（入力）'!$K$60="","",'第二面（入力）'!$K$60)
A87: 一般財団法人 日本建築設備・昇降機センター 東京都港区 | Y87: 茨城県 | AC87: 茨城県知事 | AF87: 入力７ | AG87: ='第二面（入力）'!L62 -> 0 | AH87: ='第二面（入力）'!S62 -> 0 | AI87: ='第二面（入力）'!Z62 -> 0 | AJ87: ='第二面（入力）'!K63 -> 0 | AK87: ='第二面（入力）'!L64 -> 0 | AL87: ='第二面（入力）'!T64 -> 0 | AM87: ='第二面（入力）'!AA64 -> 0 | AN87: ='第二面（入力）'!K65 -> 0 | AO87: ='第二面（入力）'!K66 -> 0 | AP87: ='第二面（入力）'!K67 -> 0 | AQ87: ='第二面（入力）'!K68 -> 0 | AR87: ='第二面（入力）'!K69 -> 0 | AS87: =IF('第二面（入力）'!$K$70="","",'第二面（入力）'!$K$70)
A88: 日本ＥＲＩ株式会社 東京都港区 | Y88: 北海道 | AC88: 北海道知事 | AF88: 入力８ | AG88: ='第二面（入力）'!L72 -> 0 | AH88: ='第二面（入力）'!S72 -> 0 | AI88: ='第二面（入力）'!Z72 -> 0 | AJ88: ='第二面（入力）'!K73 -> 0 | AK88: ='第二面（入力）'!L74 -> 0 | AL88: ='第二面（入力）'!T74 -> 0 | AM88: ='第二面（入力）'!AA74 -> 0 | AN88: ='第二面（入力）'!K75 -> 0 | AO88: ='第二面（入力）'!K76 -> 0 | AP88: ='第二面（入力）'!K77 -> 0 | AQ88: ='第二面（入力）'!K78 -> 0 | AR88: ='第二面（入力）'!K79 -> 0 | AS88: =IF('第二面（入力）'!$K$80="","",'第二面（入力）'!$K$80)
A89: ハウスプラス確認検査株式会社 東京都港区 | Y89: 青森県 | AC89: 青森県知事 | AF89: 入力９ | AG89: ='第二面（入力）'!L82 -> 0 | AH89: ='第二面（入力）'!S82 -> 0 | AI89: ='第二面（入力）'!Z82 -> 0 | AJ89: ='第二面（入力）'!K83 -> 0 | AK89: ='第二面（入力）'!L84 -> 0 | AL89: ='第二面（入力）'!T84 -> 0 | AM89: ='第二面（入力）'!AA84 -> 0 | AN89: ='第二面（入力）'!K85 -> 0 | AO89: ='第二面（入力）'!K86 -> 0 | AP89: ='第二面（入力）'!K87 -> 0 | AQ89: ='第二面（入力）'!K88 -> 0 | AR89: ='第二面（入力）'!K89 -> 0 | AS89: =IF('第二面（入力）'!$K$90="","",'第二面（入力）'!$K$90)
A90: 一般財団法人 住宅金融普及協会 東京都文京区 | Y90: 岩手県 | AC90: 岩手県知事 | AF90: 入力１０ | AG90: ='第二面（入力）'!L92 -> 0 | AH90: ='第二面（入力）'!S92 -> 0 | AI90: ='第二面（入力）'!Z92 -> 0 | AJ90: ='第二面（入力）'!K93 -> 0 | AK90: ='第二面（入力）'!L94 -> 0 | AL90: ='第二面（入力）'!T94 -> 0 | AM90: ='第二面（入力）'!AA94 -> 0 | AN90: ='第二面（入力）'!K95 -> 0 | AO90: ='第二面（入力）'!K96 -> 0 | AP90: ='第二面（入力）'!K97 -> 0 | AQ90: ='第二面（入力）'!K98 -> 0 | AR90: ='第二面（入力）'!K99 -> 0 | AS90: =IF('第二面（入力）'!$K$100="","",'第二面（入力）'!$K$100)
A91: アウェイ建築評価ネット株式会社 東京都新宿区 | Y91: 宮城県 | AC91: 宮城県知事
A92: 公益財団法人 東京都防災・建築まちづくりセンター 東京都新宿区 | Y92: 秋田県 | AC92: 秋田県知事
A93: 株式会社 建築構造センター 東京都新宿区 | Y93: 山形県 | AC93: 山形県知事
A94: 株式会社 グッド・アイズ建築検査機構 東京都新宿区 | Y94: 福島県 | AC94: 福島県知事
A95: 一般財団法人 さいたま住宅検査センター 東京都武蔵野市 | Y95: 新潟県 | AC95: 新潟県知事
A96: 株式会社 J建築検査センター 東京都渋谷区 | Y96: 富山県 | AC96: 富山県知事
A97: アスコ適判株式会社 東京都品川区 | Y97: 石川県 | AC97: 石川県知事
A98: 一般財団法人 神奈川県建築安全協会 神奈川県横浜市 | Y98: 福井県 | AC98: 福井県知事
A99: 公益財団法人 千葉県建設技術センター 千葉県千葉市 | Y99: 山梨県 | AC99: 山梨県知事
A100: 一般財団法人 日本建築総合試験所 大阪府大阪市 | Y100: 長野県 | AC100: 長野県知事
A101: 一般財団法人群馬県建築構造技術センター 群馬県高崎市 | Y101: 岐阜県 | AC101: 岐阜県知事
A102: 一般財団法人 茨城県建築センター 茨城県水戸市 | Y102: 静岡県 | AC102: 静岡県知事
... A104: 一般財団法人 長野県建築住宅センター 長野県長野市 | Y104: 三重県 | AC104: 三重県知事
Y105: 滋賀県 | AC105: 滋賀県知事
Y106: 京都府 | AC106: 京都府知事
Y107: 大阪府 | AC107: 大阪府知事
Y108: 兵庫県 | AC108: 兵庫県知事
Y109: 奈良県 | AC109: 奈良県知事
Y110: 和歌山県 | AC110: 和歌山県知事
Y111: 鳥取県 | AC111: 鳥取県知事
Y112: 島根県 | AC112: 島根県知事
Y113: 岡山県 | AC113: 岡山県知事
Y114: 広島県 | AC114: 広島県知事
Y115: 山口県 | AC115: 山口県知事
Y116: 徳島県 | AC116: 徳島県知事
... Y127: 沖縄県 | AC127: 沖縄県知事

Sheet 第二面-3
A1: 【5．工事監理者】
A2: （代表となる工事監理者）
A3: 【ｲ．資格】 | K3: ( | L3: =IFERROR(VLOOKUP(AE3,AF82:AR91,2,FALSE),"") | O3: )建築士( | R3: =IFERROR(VLOOKUP(AE3,AF82:AR91,3,FALSE),"") | U3: ）登録第 | X3: =IFERROR(VLOOKUP(AE3,AF82:AR91,4,FALSE),"") | AC3: 号
A4: 【ﾛ．氏名】 | K4: =IFERROR(VLOOKUP(AE3,AF81:AR91,5,FALSE),"")
A5: 【ﾊ．建築士事務所名】 | K5: ( | L5: =IFERROR(VLOOKUP(AE3,AF82:AR91,6,FALSE),"") | N5: )建築士事務所( | S5: =IFERROR(VLOOKUP(AE3,AF82:AR91,7,FALSE),"") | U5: )知事登録第 | Y5: =IFERROR(VLOOKUP(AE3,AF82:AR91,8,FALSE),"") | AC5: 号
K6: =IFERROR(VLOOKUP(AE3,AF82:AR91,9,FALSE),"")
A7: 【ﾆ．郵便番号】 | K7: =IFERROR(VLOOKUP(AE3,AF82:AR91,10,FALSE),"")
A8: 【ﾎ．所在地】 | K8: =IFERROR(VLOOKUP(AE3,AF82:AR91,11,FALSE),"")
A9: 【ﾍ．電話番号】 | K9: =IFERROR(VLOOKUP(AE3,AF82:AR91,12,FALSE),"")
A10: 【ﾄ．工事と照合する設計図書】 | K10: =IFERROR(VLOOKUP(AE3,AF82:AR91,13,FALSE),"")
A11: （その他の工事監理者）
A12: 【ｲ．資格】 | K12: ( | L12: =IFERROR(VLOOKUP(AE12,AF82:AR91,2,FALSE),"") | O12: )建築士( | R12: =IFERROR(VLOOKUP(AE12,AF82:AR91,3,FALSE),"") | U12: ）登録第 | X12: =IFERROR(VLOOKUP(AE12,AF82:AR91,4,FALSE),"") | AC12: 号
A13: 【ﾛ．氏名】 | K13: =IFERROR(VLOOKUP(AE12,AF82:AR91,5,FALSE),"")
A14: 【ﾊ．建築士事務所名】 | K14: ( | L14: =IFERROR(VLOOKUP(AE12,AF82:AR91,6,FALSE),"") | N14: )建築士事務所( | S14: =IFERROR(VLOOKUP(AE12,AF82:AR91,7,FALSE),"") | U14: )知事登録第 | Y14: =IFERROR(VLOOKUP(AE12,AF82:AR91,8,FALSE),"") | AC14: 号
K15: =IFERROR(VLOOKUP(AE12,AF82:AR91,9,FALSE),"")
A16: 【ﾆ．郵便番号】 | K16: =IFERROR(VLOOKUP(AE12,AF82:AR91,10,FALSE),"")
A17: 【ﾎ．所在地】 | K17: =IFERROR(VLOOKUP(AE12,AF82:AR91,11,FALSE),"")
A18: 【ﾍ．電話番号】 | K18: =IFERROR(VLOOKUP(AE12,AF82:AR91,12,FALSE),"")
A19: 【ﾄ．工事と照合する設計図書】 | K19: =IFERROR(VLOOKUP(AE12,AF82:AR91,13,FALSE),"")
A20: 【ｲ．資格】 | K20: ( | L20: =IFERROR(VLOOKUP(AE20,AF82:AR91,2,FALSE),"") | O20: )建築士( | R20: =IFERROR(VLOOKUP(AE20,AF82:AR91,3,FALSE),"") | U20: ）登録第 | X20: =IFERROR(VLOOKUP(AE20,AF82:AR91,4,FALSE),"") | AC20: 号
A21: 【ﾛ．氏名】 | K21: =IFERROR(VLOOKUP(AE20,AF82:AR91,5,FALSE),"")
A22: 【ﾊ．建築士事務所名】 | K22: ( | L22: =IFERROR(VLOOKUP(AE20,AF82:AR91,6,FALSE),"") | N22: )建築士事務所( | S22: =IFERROR(VLOOKUP(AE20,AF82:AR91,7,FALSE),"") | U22: )知事登録第 | Y22: =IFERROR(VLOOKUP(AE20,AF82:AR91,8,FALSE),"") | AC22: 号
K23: =IFERROR(VLOOKUP(AE20,AF82:AR91,9,FALSE),"")
A24: 【ﾆ．郵便番号】 | K24: =IFERROR(VLOOKUP(AE20,AF82:AR91,10,FALSE),"")
A25: 【ﾎ．所在地】 | K25: =IFERROR(VLOOKUP(AE20,AF82:AR91,11,FALSE),"")
A26: 【ﾍ．電話番号】 | K26: =IFERROR(VLOOKUP(AE20,AF82:AR91,12,FALSE),"")
A27: 【ﾄ．工事と照合する設計図書】 | K27: =IFERROR(VLOOKUP(AE20,AF82:AR91,13,FALSE),"")
A28: 【ｲ．資格】 | K28: ( | L28: =IFERROR(VLOOKUP(AE28,AF82:AR91,2,FALSE),"") | O28: )建築士( | R28: =IFERROR(VLOOKUP(AE28,AF82:AR91,3,FALSE),"") | U28: ）登録第 | X28: =IFERROR(VLOOKUP(AE28,AF82:AR91,4,FALSE),"") | AC28: 号
A29: 【ﾛ．氏名】 | K29: =IFERROR(VLOOKUP(AE28,AF82:AR91,5,FALSE),"")
A30: 【ﾊ．建築士事務所名】 | K30: ( | L30: =IFERROR(VLOOKUP(AE28,AF82:AR91,6,FALSE),"") | N30: )建築士事務所( | S30: =IFERROR(VLOOKUP(AE28,AF82:AR91,7,FALSE),"") | U30: )知事登録第 | Y30: =IFERROR(VLOOKUP(AE28,AF82:AR91,8,FALSE),"") | AC30: 号
K31: =IFERROR(VLOOKUP(AE28,AF82:AR91,9,FALSE),"")
A32: 【ﾆ．郵便番号】 | K32: =IFERROR(VLOOKUP(AE28,AF82:AR91,10,FALSE),"")
A33: 【ﾎ．所在地】 | K33: =IFERROR(VLOOKUP(AE28,AF82:AR91,11,FALSE),"")
A34: 【ﾍ．電話番号】 | K34: =IFERROR(VLOOKUP(AE28,AF82:AR91,12,FALSE),"")
A35: 【ﾄ．工事と照合する設計図書】 | K35: =IFERROR(VLOOKUP(AE28,AF82:AR91,13,FALSE),"")
A36: 【6．工事施工者】
A37: 【ｲ．氏名】
A38: 【ﾛ．営業所名】建設業の許可 | K38: ( | P38: ) | T38: 第 | AC38: 号
A40: 【ﾊ．郵便番号】
A41: 【ﾆ．所在地】
A42: 【ﾎ．電話番号】
A43: 【7．構造計算適合性判定の申請】
B44: =IF(G44<>"","■","□") -> □ | C44: 申請済 | F44: （ | AC44: ）
B45: =IF(G45<>"","■","□") -> □ | C45: 未申請 | F45: （ | AC45: ）
B46: =IF(OR(B44="■",B45="■"),"□","■") -> ■ | C46: 申請不要 | F46: （ | AC46: ）
A47: 【8．建築物エネルギー消費性能確保計画の提出】
B48: =IF(G48<>"","■","□") -> □ | C48: 提出済 | F48: （ | AC48: ）
B49: =IF(G49<>"","■","□") -> □ | C49: 未提出 | F49: （ | AC49: ）
B50: □ | C50: 提出不要 | F50: （ | AC50: ）
A51: 【9．備考】
A80: 適判
A81: 一般財団法人群馬県建築構造技術センター 群馬県高崎市 | Y81: 大臣 | AC81: 大臣 | AF81: 未定 | AJ81: 未定
A82: 一般財団法人 日本建築センター 東京都千代田区 | Y82: 東京都 | AC82: 東京都知事 | AF82: 入力１ | AG82: ='第二面（入力）'!L2 -> 0 | AH82: ='第二面（入力）'!S2 -> 0 | AI82: ='第二面（入力）'!Z2 -> 0 | AJ82: ='第二面（入力）'!K3 -> 0 | AK82: ='第二面（入力）'!L4 -> 0 | AL82: ='第二面（入力）'!T4 -> 0 | AM82: ='第二面（入力）'!AA4 -> 0 | AN82: ='第二面（入力）'!K5 -> 0 | AO82: ='第二面（入力）'!K6 -> 0 | AP82: ='第二面（入力）'!K7 -> 0 | AQ82: ='第二面（入力）'!K8 -> 0 | AR82: ='第二面（入力）'!K9 -> 0 | AS82: =IF('第二面（入力）'!$K$10="","",'第二面（入力）'!$K$10)
A83: ビューローベリタスジャパン株式会社 東京都千代田区 | Y83: 神奈川県 | AC83: 神奈川県知事 | AF83: 入力２ | AG83: ='第二面（入力）'!L12 -> 0 | AH83: ='第二面（入力）'!S12 -> 0 | AI83: ='第二面（入力）'!Z12 -> 0 | AJ83: ='第二面（入力）'!K13 -> 0 | AK83: ='第二面（入力）'!L14 -> 0 | AL83: ='第二面（入力）'!T14 -> 0 | AM83: ='第二面（入力）'!AA14 -> 0 | AN83: ='第二面（入力）'!K15 -> 0 | AO83: ='第二面（入力）'!K16 -> 0 | AP83: ='第二面（入力）'!K17 -> 0 | AQ83: ='第二面（入力）'!K18 -> 0 | AR83: ='第二面（入力）'!K19 -> 0 | AS83: =IF('第二面（入力）'!$K$20="","",'第二面（入力）'!$K$20)
A84: 一般財団法人 ベターリビング 東京都千代田区 | Y84: 埼玉県 | AC84: 埼玉県知事 | AF84: 入力３ | AG84: ='第二面（入力）'!L22 -> 0 | AH84: ='第二面（入力）'!S22 -> 0 | AI84: ='第二面（入力）'!Z22 -> 0 | AJ84: ='第二面（入力）'!K23 -> 0 | AK84: ='第二面（入力）'!L24 -> 0 | AL84: ='第二面（入力）'!T24 -> 0 | AM84: ='第二面（入力）'!AA24 -> 0 | AN84: ='第二面（入力）'!K25 -> 0 | AO84: ='第二面（入力）'!K26 -> 0 | AP84: ='第二面（入力）'!K27 -> 0 | AQ84: ='第二面（入力）'!K28 -> 0 | AR84: ='第二面（入力）'!K29 -> 0 | AS84: =IF('第二面（入力）'!$K$30="","",'第二面（入力）'!$K$30)
A85: 株式会社 東京建築検査機構 東京都中央区 | Y85: 千葉県 | AC85: 千葉県知事 | AF85: 入力４ | AG85: ='第二面（入力）'!L32 -> 0 | AH85: ='第二面（入力）'!S32 -> 0 | AI85: ='第二面（入力）'!Z32 -> 0 | AJ85: ='第二面（入力）'!K33 -> 0 | AK85: ='第二面（入力）'!L34 -> 0 | AL85: ='第二面（入力）'!T34 -> 0 | AM85: ='第二面（入力）'!AA34 -> 0 | AN85: ='第二面（入力）'!K35 -> 0 | AO85: ='第二面（入力）'!K36 -> 0 | AP85: ='第二面（入力）'!K37 -> 0 | AQ85: ='第二面（入力）'!K38 -> 0 | AR85: ='第二面（入力）'!K39 -> 0 | AS85: =IF('第二面（入力）'!$K$40="","",'第二面（入力）'!$K$40)
A86: 日本建築検査協会株式会社 東京都中央区 | Y86: 群馬県 | AC86: 群馬県知事 | AF86: 入力５ | AG86: ='第二面（入力）'!L42 -> 0 | AH86: ='第二面（入力）'!S42 -> 0 | AI86: ='第二面（入力）'!Z42 -> 0 | AJ86: ='第二面（入力）'!K43 -> 0 | AK86: ='第二面（入力）'!L44 -> 0 | AL86: ='第二面（入力）'!T44 -> 0 | AM86: ='第二面（入力）'!AA44 -> 0 | AN86: ='第二面（入力）'!K45 -> 0 | AO86: ='第二面（入力）'!K46 -> 0 | AP86: ='第二面（入力）'!K47 -> 0 | AQ86: ='第二面（入力）'!K48 -> 0 | AR86: ='第二面（入力）'!K49 -> 0 | AS86: =IF('第二面（入力）'!$K$50="","",'第二面（入力）'!$K$50)
A87: 株式会社 国際確認検査センター 東京都中央区 | Y87: 栃木県 | AC87: 栃木県知事 | AF87: 入力６ | AG87: ='第二面（入力）'!L52 -> 0 | AH87: ='第二面（入力）'!S52 -> 0 | AI87: ='第二面（入力）'!Z52 -> 0 | AJ87: ='第二面（入力）'!K53 -> 0 | AK87: ='第二面（入力）'!L54 -> 0 | AL87: ='第二面（入力）'!T54 -> 0 | AM87: ='第二面（入力）'!AA54 -> 0 | AN87: ='第二面（入力）'!K55 -> 0 | AO87: ='第二面（入力）'!K56 -> 0 | AP87: ='第二面（入力）'!K57 -> 0 | AQ87: ='第二面（入力）'!K58 -> 0 | AR87: ='第二面（入力）'!K59 -> 0 | AS87: =IF('第二面（入力）'!$K$60="","",'第二面（入力）'!$K$60)
A88: 株式会社 都市居住評価センター 東京都港区 | Y88: 茨城県 | AC88: 茨城県知事 | AF88: 入力７ | AG88: ='第二面（入力）'!L62 -> 0 | AH88: ='第二面（入力）'!S62 -> 0 | AI88: ='第二面（入力）'!Z62 -> 0 | AJ88: ='第二面（入力）'!K63 -> 0 | AK88: ='第二面（入力）'!L64 -> 0 | AL88: ='第二面（入力）'!T64 -> 0 | AM88: ='第二面（入力）'!AA64 -> 0 | AN88: ='第二面（入力）'!K65 -> 0 | AO88: ='第二面（入力）'!K66 -> 0 | AP88: ='第二面（入力）'!K67 -> 0 | AQ88: ='第二面（入力）'!K68 -> 0 | AR88: ='第二面（入力）'!K69 -> 0 | AS88: =IF('第二面（入力）'!$K$70="","",'第二面（入力）'!$K$70)
A89: 一般財団法人 日本建築設備・昇降機センター 東京都港区 | Y89: 北海道 | AC89: 北海道知事 | AF89: 入力８ | AG89: ='第二面（入力）'!L72 -> 0 | AH89: ='第二面（入力）'!S72 -> 0 | AI89: ='第二面（入力）'!Z72 -> 0 | AJ89: ='第二面（入力）'!K73 -> 0 | AK89: ='第二面（入力）'!L74 -> 0 | AL89: ='第二面（入力）'!T74 -> 0 | AM89: ='第二面（入力）'!AA74 -> 0 | AN89: ='第二面（入力）'!K75 -> 0 | AO89: ='第二面（入力）'!K76 -> 0 | AP89: ='第二面（入力）'!K77 -> 0 | AQ89: ='第二面（入力）'!K78 -> 0 | AR89: ='第二面（入力）'!K79 -> 0 | AS89: =IF('第二面（入力）'!$K$80="","",'第二面（入力）'!$K$80)
A90: 日本ＥＲＩ株式会社 東京都港区 | Y90: 青森県 | AC90: 青森県知事 | AF90: 入力９ | AG90: ='第二面（入力）'!L82 -> 0 | AH90: ='第二面（入力）'!S82 -> 0 | AI90: ='第二面（入力）'!Z82 -> 0 | AJ90: ='第二面（入力）'!K83 -> 0 | AK90: ='第二面（入力）'!L84 -> 0 | AL90: ='第二面（入力）'!T84 -> 0 | AM90: ='第二面（入力）'!AA84 -> 0 | AN90: ='第二面（入力）'!K85 -> 0 | AO90: ='第二面（入力）'!K86 -> 0 | AP90: ='第二面（入力）'!K87 -> 0 | AQ90: ='第二面（入力）'!K88 -> 0 | AR90: ='第二面（入力）'!K89 -> 0 | AS90: =IF('第二面（入力）'!$K$90="","",'第二面（入力）'!$K$90)
A91: ハウスプラス確認検査株式会社 東京都港区 | Y91: 岩手県 | AC91: 岩手県知事 | AF91: 入力１０ | AG91: ='第二面（入力）'!L92 -> 0 | AH91: ='第二面（入力）'!S92 -> 0 | AI91: ='第二面（入力）'!Z92 -> 0 | AJ91: ='第二面（入力）'!K93 -> 0 | AK91: ='第二面（入力）'!L94 -> 0 | AL91: ='第二面（入力）'!T94 -> 0 | AM91: ='第二面（入力）'!AA94 -> 0 | AN91: ='第二面（入力）'!K95 -> 0 | AO91: ='第二面（入力）'!K96 -> 0 | AP91: ='第二面（入力）'!K97 -> 0 | AQ91: ='第二面（入力）'!K98 -> 0 | AR91: ='第二面（入力）'!K99 -> 0 | AS91: =IF('第二面（入力）'!$K$100="","",'第二面（入力）'!$K$100)
A92: 一般財団法人 住宅金融普及協会 東京都文京区 | Y92: 宮城県 | AC92: 宮城県知事
A93: アウェイ建築評価ネット株式会社 東京都新宿区 | Y93: 秋田県 | AC93: 秋田県知事
A94: 公益財団法人 東京都防災・建築まちづくりセンター 東京都新宿区 | Y94: 山形県 | AC94: 山形県知事
A95: 株式会社 建築構造センター 東京都新宿区 | Y95: 福島県 | AC95: 福島県知事
A96: 株式会社 グッド・アイズ建築検査機構 東京都新宿区 | Y96: 新潟県 | AC96: 新潟県知事
A97: 一般財団法人 さいたま住宅検査センター 東京都武蔵野市 | Y97: 富山県 | AC97: 富山県知事
A98: 公益財団法人 千葉県建設技術センター 千葉県千葉市 | Y98: 石川県 | AC98: 石川県知事
A99: 一般財団法人 長野県建築住宅センター 長野県長野市 | Y99: 福井県 | AC99: 福井県知事
A100: 株式会社 J建築検査センター 東京都渋谷区 | Y100: 山梨県 | AC100: 山梨県知事
A101: 一般財団法人 神奈川県建築安全協会 神奈川県横浜市 | Y101: 長野県 | AC101: 長野県知事
A102: 一般財団法人 日本建築総合試験所 大阪府大阪市 | Y102: 岐阜県 | AC102: 岐阜県知事
A103: 一般財団法人 茨城県建築センター 茨城県水戸市 | Y103: 静岡県 | AC103: 静岡県知事
... A105: アスコ適判株式会社 東京都品川区 | Y105: 三重県 | AC105: 三重県知事
Y106: 滋賀県 | AC106: 滋賀県知事
Y107: 京都府 | AC107: 京都府知事
Y108: 大阪府 | AC108: 大阪府知事
Y109: 兵庫県 | AC109: 兵庫県知事
Y110: 奈良県 | AC110: 奈良県知事
Y111: 和歌山県 | AC111: 和歌山県知事
Y112: 鳥取県 | AC112: 鳥取県知事
Y113: 島根県 | AC113: 島根県知事
Y114: 岡山県 | AC114: 岡山県知事
Y115: 広島県 | AC115: 広島県知事
Y116: 山口県 | AC116: 山口県知事
Y117: 徳島県 | AC117: 徳島県知事
... Y128: 沖縄県 | AC128: 沖縄県知事
A150: 第１号イに該当
A151: 第１号ロに該当
A152: 第２号に該当
A153: 第３号に該当

Sheet 第三面
A1: ■確認申請書（建築物）
A2: (第三面）
A3: 建築物及びその敷地に関する事項
A4: 【1．地名地番】
A5: 【2．住居表示】
A6: 【3．都市計画区域及び準都市計画区域の内外の別等】
D7: □ | E7: 都市計画区域内 | J7: ( | K7: □ | L7: 市街化区域 | P7: □ | Q7: 市街化調整区域 | V7: □ | W7: 区域区分非設定)
D8: □ | E8: 準都市計画区域内 | K8: □ | L8: 都市計画区域及び準都市計画区域外
A9: 【4．防火地域】 | K9: □ | L9: 防火地域 | P9: □ | Q9: 準防火地域 | V9: □ | W9: 指定なし
A10: 【5．その他の区域、地域、地区又は街区】
A12: 【6．道路】
A13: 【ｲ．幅員】 | S13: ｍ
A14: 【ﾛ．敷地と接している部分の長さ】 | S14: ｍ
A15: 【7．敷地面積】
A16: 【ｲ．敷地面積】 | G16: （1） | I16: （ | M16: =IF(J16="","","㎡") | N16: )( | R16: =IF(O16="","","㎡") | S16: )( | W16: =IF(T16="","","㎡") | X16: )( | AB16: =IF(Y16="","","㎡") | AC16: ）
G17: （2） | I17: （ | M17: =IF(J17="","","㎡") | N17: )( | R17: =IF(O17="","","㎡") | S17: )( | W17: =IF(T17="","","㎡") | X17: )( | AB17: =IF(Y17="","","㎡") | AC17: ）
A18: 【ﾛ．用途地域等】 | I18: （ | N18: )( | S18: )( | X18: )( | AC18: ）
A19: 【ﾊ．建築基準法第５２条第１項及び第２項の規定による建築物の容積率】
I20: （ | M20: =IF(J20="","","%") | N20: )( | R20: =IF(O20="","","%") | S20: )( | W20: =IF(T20="","","%") | X20: )( | AB20: =IF(Y20="","","%") | AC20: ）
A21: 【ﾆ．建築基準法第５３条第１項の規定による建築物の建蔽率】
I22: （ | M22: =IF(J22="","","%") | N22: )( | R22: =IF(O22="","","%") | S22: )( | W22: =IF(T22="","","%") | X22: )( | AB22: =IF(Y22="","","%") | AC22: ）
A23: 【ﾎ．敷地面積の合計】 | H23: （1） | J23: =SUM(J16,O16,T16,Y16) -> 0 | M23: =IF(J23="","","㎡") -> ㎡
H24: （2） | J24: =IF(SUM(J17,O17,T17,Y17)=0,"",SUM(J17,O17,T17,Y17)) | M24: =IF(J24="","","㎡")
A25: 【ﾍ．敷地に建築可能な延べ面積を敷地面積で除した数値】 | V25: ％
A26: 【ﾄ．敷地に建築可能な建築面積を敷地面積で除した数値】 | V26: ％
A27: 【ﾁ．備考】
A28: 【8．主要用途】 | F28: （区分 | M28: ）
A29: 【9．工事種別】
C30: □ | D30: 新築 | F30: □ | G30: 増築 | I30: □ | J30: 改築 | L30: □ | M30: 移転 | O30: □ | P30: 用途変更 | S30: □ | T30: 大規模の修繕 | X30: □ | Y30: 大規模の模様替
A31: 【10．建築面積】 | I31: （ | J31: 申請部分 | O31: )( | P31: 申請以外の部分 | U31: )( | V31: 合計 | AA31: ）
A32: 【ｲ．建築面積】 | I32: （ | N32: =IF(J32="","","㎡") | O32: )( | T32: =IF(P32="","","㎡") | U32: )( | V32: =J32+P32 -> 0 | AA32: ㎡）
A33: 【ﾛ．建蔽率の算定の基礎
D34: となる建築面積】 | I34: （ | N34: =IF(J34="","","㎡") | O34: )( | T34: =IF(P34="","","㎡") | U34: )( | V34: =J34+P34 -> 0 | AA34: ㎡）
A35: 【ﾊ．建蔽率】 | J35: =IFERROR(IF(AE35="切上",ROUNDUP(V32/SUM(J23,J24)*100,2),IF(AE35="切捨",ROUNDDOWN(V32/SUM(J23,J24)*100,2),IF(AE35="四捨五入",ROUND(V32/SUM(J23,J24)*100,2)))),"") | O35: ％ | AE35: 切上
A36: 【11．延べ面積】 | I36: （ | J36: 申請部分 | O36: )( | P36: 申請以外の部分 | U36: )( | V36: 合計 | AA36: ）
A37: 【ｲ．建築物全体】 | I37: （ | N37: =IF(J37="","","㎡") | O37: )( | T37: =IF(P37="","","㎡") | U37: )( | V37: =J37+P37 -> 0 | AA37: ㎡）
A38: 【ﾛ．地階の住宅又は老人ホーム等の部分】
I39: （ | N39: =IF(J39="","","㎡") | O39: )( | T39: =IF(P39="","","㎡") | U39: )( | V39: =IF(J39="","",J39+P39) | AA39: =IF(V39=""," ）","㎡）") -> ）
A40: 【ﾊ．エレベーターの昇降路の部分】
I41: （ | N41: =IF(J41="","","㎡") | O41: )( | T41: =IF(P41="","","㎡") | U41: )( | V41: =IF(J41="","",J41+P41) | AA41: =IF(V41=""," ）","㎡）") -> ）
A42: 【ﾆ．共同住宅又は老人ホーム等の共用の廊下等の部分】
I43: （ | N43: =IF(J43="","","㎡") | O43: )( | T43: =IF(P43="","","㎡") | U43: )( | V43: =IF(J43="","",J43+P43) | AA43: =IF(V43=""," ）","㎡）") -> ）
A44: 【ﾎ．認定機械室等の部分】 | I44: （ | N44: =IF(J44="","","㎡") | O44: )( | T44: =IF(P44="","","㎡") | U44: )( | V44: =IF(J44="","",J44+P44) | AA44: =IF(V44=""," ）","㎡）") -> ）
A45: 【ﾍ．自動車車庫等の部分】 | I45: （ | N45: =IF(J45="","","㎡") | O45: )( | T45: =IF(P45="","","㎡") | U45: )( | V45: =IF(J45="","",J45+P45) | AA45: =IF(V45=""," ）","㎡）") -> ）
A46: 【ﾄ．備蓄倉庫の部分】 | I46: （ | N46: =IF(J46="","","㎡") | O46: )( | T46: =IF(P46="","","㎡") | U46: )( | V46: =IF(J46="","",J46+P46) | AA46: =IF(V46=""," ）","㎡）") -> ）
A47: 【ﾁ．蓄電池の設置部分】 | I47: （ | N47: =IF(J47="","","㎡") | O47: )( | T47: =IF(P47="","","㎡") | U47: )( | V47: =IF(J47="","",J47+P47) | AA47: =IF(V47=""," ）","㎡）") -> ）
A48: 【ﾘ．自家発電設備の設置部分】 | I48: （ | N48: =IF(J48="","","㎡") | O48: )( | T48: =IF(P48="","","㎡") | U48: )( | V48: =IF(J48="","",J48+P48) | AA48: =IF(V48=""," ）","㎡）") -> ）
A49: 【ﾇ．貯水槽の設置部分】 | I49: （ | N49: =IF(J49="","","㎡") | O49: )( | T49: =IF(P49="","","㎡") | U49: )( | V49: =IF(J49="","",J49+P49) | AA49: =IF(V49=""," ）","㎡）") -> ）
A50: 【ﾙ．宅配ボックスの設置部分】 | I50: （ | N50: =IF(J50="","","㎡") | O50: )( | T50: =IF(P50="","","㎡") | U50: )( | V50: =IF(J50="","",J50+P50) | AA50: =IF(V50=""," ）","㎡）") -> ）
A51: 【ｦ．その他の不算入部分】 | I51: （ | N51: =IF(J51="","","㎡") | O51: )( | T51: =IF(P51="","","㎡") | U51: )( | V51: =IF(J51="","",J51+P51) | AA51: =IF(V51=""," ）","㎡）") -> ）
A101: 第１種低層 | J101: A:第１低層住居専用地域
A102: 第２種低層 | J102: B:第２低層住居専用地域
A103: 第１種中高層 | J103: C:第１中高層住居専用地域
A104: 第２種中高層 | J104: D:第２中高層住居専用地域
A105: 第１種住居 | J105: E:第１種住居地域
A106: 第２種住居 | J106: F:第２種住居地域
A107: 準住居地域 | J107: G:準住居地域
A108: 田園住居地域 | J108: H:田園住居地域
A109: 近隣商業地域 | J109: 4:近隣商業地域
A110: 商業地域 | J110: 5:商業地域
A111: 準工業地域 | J111: 6:準工業地域
A112: 工業地域 | J112: 7:工業地域
... A120: 第２種住居地域 | J120: F:第２種住居地域

Sheet 第三面-2
A1: 【ﾜ．住宅の部分】 | I1: （ | N1: =IF(J1="","","㎡") | O1: )( | T1: =IF(P1="","","㎡") | U1: )( | V1: =IF(J1="","",J1+P1) | AA1: =IF(V1=""," ）","㎡）") -> ）
A2: 【ｶ．老人ホーム等の部分】 | I2: （ | N2: =IF(J2="","","㎡") | O2: )( | T2: =IF(P2="","","㎡") | U2: )( | V2: =IF(J2="","",J2+P2) | AA2: =IF(V2=""," ）","㎡）") -> ）
A3: 【ﾖ．延べ面積】 | O3: ㎡
A4: 【ﾀ．容積率】 | J4: =IFERROR(IF(AE4="切上",ROUNDUP(J3/SUM(第三面!J23,第三面!J24)*100,2),IF(AE4="切捨",ROUNDDOWN(J3/SUM(第三面!J23,第三面!J24)*100,2),IF(AE4="四捨五入",ROUND(J3/SUM(第三面!J23,第三面!J24)*100,2)))),"") | O4: ％ | AE4: 切上
A5: 【12．建築物の数】
A6: 【ｲ．申請に係る建築物の数】
A7: 【ﾛ．同一敷地内の他の建築物の数】
A8: 【13．建築物の高さ等】 | I8: （ | J8: 申請に係る建築物 | O8: )( | P8: 他の建築物 | U8: ）
A9: 【ｲ．最高の高さ】 | I9: （ | N9: ｍ | O9: )( | T9: =IF(P9="","","ｍ") | U9: ）
A10: 【ﾛ．階数】 | G10: 地上 | I10: （ | N10: =IF(J10="","","階") | O10: )( | T10: =IF(P10="","","階") | U10: ）
G11: 地下 | I11: （ | N11: =IF(J11="","","階") | O11: )( | T11: =IF(P11="","","階") | U11: ）
A12: 【ﾊ．構造】 | J12: 鉄骨 | Q12: 造 一部 | Z12: 造
A13: 【ﾆ．建築基準法第５６条第７項の規定による特例の適用の有無】 | T13: =IF(OR(D15="■",K15="■",R15="■"),"■","□") -> □ | U13: 有 | V13: =IF(T13="■","□","■") -> ■ | W13: 無
A14: 【ﾎ．適用があるときは、特例の区分】
D15: □ | E15: 道路高さ制限不適用 | K15: □ | L15: 隣地高さ制限不適用 | R15: □ | S15: 北側高さ制限不適用
A16: 【14．許可・認定等】
A20: 【15．工事着手予定年月日】 | I20: 令和 | K20: =IF(AF20="","",IF(AF20<43831,TEXT(AF20,"元"),(YEAR(AF20)-2018))) | L20: 年 | M20: =IF(AF20="","",MONTH(AF20)) | N20: 月 | O20: =IF(AF20="","",DAY(AF20)) | P20: 日 | AE20: ←
A22: 【16．工事完了予定年月日】 | I22: 令和 | K22: =IF(AF22="","",IF(AF22<43831,TEXT(AF22,"元"),(YEAR(AF22)-2018))) | L22: 年 | M22: =IF(AF22="","",MONTH(AF22)) | N22: 月 | O22: =IF(AF22="","",DAY(AF22)) | P22: 日 | AE22: ←
A24: 【17．特定工程工事終了予定年月日】 （特定工程） | O24: ( | P24: 特定工程 | AC24: ）
C25: （第 | D25: =IF(AF25<>"","1","") | E25: 回） | G25: 令和 | I25: =IF(AF25="","",IF(AF25<43831,TEXT(AF25,"元"),(YEAR(AF25)-2018))) | J25: 年 | K25: =IF(AF25="","",MONTH(AF25)) | L25: 月 | M25: =IF(AF25="","",DAY(AF25)) | N25: 日 | O25: ( | AC25: ） | AE25: ←
C26: （第 | D26: =IF(AF26<>"","2","") | E26: 回） | G26: 令和 | I26: =IF(AF26="","",IF(AF26<43831,TEXT(AF26,"元"),(YEAR(AF26)-2018))) | J26: 年 | K26: =IF(AF26="","",MONTH(AF26)) | L26: 月 | M26: =IF(AF26="","",DAY(AF26)) | N26: 日 | O26: ( | AC26: ） | AE26: ←
C27: （第 | D27: =IF(AF27<>"","3","") | E27: 回） | G27: 令和 | I27: =IF(AF27="","",IF(AF27<43831,TEXT(AF27,"元"),(YEAR(AF27)-2018))) | J27: 年 | K27: =IF(AF27="","",MONTH(AF27)) | L27: 月 | M27: =IF(AF27="","",DAY(AF27)) | N27: 日 | O27: ( | AC27: ） | AE27: ←
A29: 【18.その他必要な事項】
A32: 【19．備考】
AF33: ↓ 特定工程を新しく追加する場合は、下記ボックスに記入して選択してください。
AE34: 1 | AF34: 1階の鉄骨その他の構造部材の建て方工事
AE35: 2
A42: 0
A43: 1 | P43: 特定工程
A44: 2 | P44: 基礎配筋完了時 | AE44: 共通
A45: 3 | P45: 屋根工事完了時 | AE45: 東京：木造
A46: 4 | P46: 1階の鉄骨その他の構造部材の建て方完了時 | AE46: 東京：Ｓ造
A47: 5 | P47: 2階の床及びこれを支持する梁の配筋工事完了時 | AE47: 共通
A48: 6 | P48: 2階の床完了時 | AE48: 東京
A49: 7 | P49: 最下階から２つ目の床版配筋完了時 | AE49: 横浜市：ＲＣ造
A50: 8 | P50: 基礎と躯体緊結完了時 | AE50: 横浜市：認証、混構造
A51: 9 | P51: 全軸組緊結完了時 | AE51: 横浜市：木造（軸組）
A52: 10 | P52: 小屋組完了時 | AE52: 横浜市：木造（枠組）
A53: 11 | P53: =IF(AF34<>"",AF34,"") -> 1階の鉄骨その他の構造部材の建て方工事
A54: 12 | P54: =IF(AF35<>"",AF35,"")
A55: 13
A56: 14
A57: 15
A58: 16
A59: 17
A60: 18
A61: 19
A62: 20

Sheet 第四面
A1: （第四面）
A2: 建築物別概要
A3: 【1.番号】 | G3: 1
A4: 【2.用途】 | F4: （区分 | L4: ）
F5: （区分 | L5: ）
F6: （区分 | L6: ）
F7: （区分 | L7: ）
F8: （区分 | L8: ）
A9: 【3.工事種別】
C10: □ | D10: 新築 | F10: □ | G10: 増築 | I10: □ | J10: 改築 | L10: □ | M10: 移転 | O10: □ | P10: 用途変更 | S10: □ | T10: 大規模の修繕 | X10: □ | Y10: 大規模の模様替
A11: 【4.構造】 | L11: 造 一部 | U11: 造
A12: 【5.主要構造部】
C13: □ | D13: 耐火構造（防火上及び避難上支障がない主要構造部を有しない場合）
C14: □ | D14: 耐火構造（防火上及び避難上支障がない主要構造部を有する場合）
C15: □ | D15: 建築基準法施行令第１０８条の4第１項第１号イ及びロに掲げる基準に適合する構造
C16: □ | D16: 準耐火構造
C17: □ | D17: 準耐火構造と同等の準耐火性能を有する構造（ロ－１）
C18: □ | D18: 準耐火構造と同等の準耐火性能を有する構造（ロ－２）
C19: □ | D19: その他
A20: 【6.建築基準法第２１条及び第２７条の規定の適用】
C21: □ | D21: 建築基準法施行令第１０９条の５第１号に掲げる基準に適合する構造
C22: □ | D22: 建築基準法第２１条第１項ただし書きに該当する建築物
C23: □ | D23: 建築基準法施行令第１０９条の７第１項第１号に掲げる基準に適合する構造
C24: □ | D24: 建築基準法施行令第１１０条第１号に掲げる基準に適合する構造
C25: □ | D25: その他
C26: □ | D26: 建築基準法２１条又は第２７条の規定の適用を受けない
A27: 【7.建築基準法第６１条の規定の適用】
C28: □ | D28: 耐火建築物 | I28: □ | J28: 延焼防止建築物 | P28: □ | Q28: 準耐火建築物 | W28: □ | X28: 準延焼防止建築物
C29: □ | D29: その他 | I29: □ | J29: 建築基準法第６１条の規定の適用を受けない
A30: 【8.階数】
A31: 【イ.地階を除く階数】 | L31: 階
A32: 【ロ.地階の階数】 | L32: 階
A33: 【ハ.昇降機塔等の階の数】 | L33: 階
A34: 【ニ.地階の倉庫等の階の数】 | L34: 階
A35: 【9.高さ】
A36: 【イ.最高の高さ】 | L36: ｍ
A37: 【ロ.最高の軒の高さ】 | L37: ｍ
A38: 【10.建築設備の種類】 | AW38: ページ切り替えライン
A40: 【11.確認の特例】
A41: 【イ.建築基準法第6条の3第1項ただし書又は法第18条第５項ただし書の規定による審査の特例の適用の有無】
V42: □ | W42: 有 | X42: =IF(V42="■","□","■") -> ■ | Y42: 無
A43: 【ロ. 適用があるときは、特例の区分】
B44: □ | C44: 建築基準法第６条の３第１項第１号に掲げる確認審査又は同法第18条第５項第１号に掲げる審査
B46: □ | C46: 建築基準法第６条の３第１項第２号に掲げる確認審査又は同法第18条第５項第２号に掲げる審査
B48: （構造設計を行った構造設計一級建築士又は構造関係規定に適合することを確認した構造設計一級建築士）
C50: (1)氏名
C51: (2)資格 構造設計一級建築士交付 | N51: 第 | X51: 号
A52: 【ハ.建築基準法第6条の4第1項の規定による確認の特例の適用の有無】
V53: □ | W53: 有 | X53: =IF(V53="■","□","■") -> ■ | Y53: 無
A54: 【ニ.建築基準法施行令第10条各号に掲げる建築物の区分】
E55: 第 | L55: 号
A56: 【ホ.認定型式の認定番号】
E57: 第 | L57: 号
A58: 【へ.適合する一連の規定の区分】
B59: □ | C59: 建築基準法施行令第136条の2の11第1号イ
B60: □ | C60: 建築基準法施行令第136条の2の11第1号ロ
A61: 【ト.認証型式部材等認証番号】
E62: 第 | L62: 号
A64: 【12.床面積】 | K64: ( | L64: 申請部分 | O64: )( | P64: 申請以外の部分 | U64: )( | V64: 合計 | Z64: ）
A65: 【イ.階別】 | F65: （ | J65: 階 | K65: )( | O65: )( | U65: )( | V65: =IF(L65="","",L65+P65) | Z65: ㎡）
F66: （ | J66: 階 | K66: )( | O66: )( | U66: )( | V66: =IF(L66="","",L66+P66) | Z66: ㎡）
F67: （ | J67: 階 | K67: )( | O67: )( | U67: )( | V67: =IF(L67="","",L67+P67) | Z67: ㎡）
F68: （ | J68: 階 | K68: )( | O68: )( | U68: )( | V68: =IF(L68="","",L68+P68) | Z68: ㎡）
F69: （ | J69: 階 | K69: )( | O69: )( | U69: )( | V69: =IF(L69="","",L69+P69) | Z69: ㎡）
F70: （ | J70: 階 | K70: )( | O70: )( | U70: )( | V70: =IF(L70="","",L70+P70) | Z70: ㎡）
F71: （ | J71: 階 | K71: )( | O71: )( | U71: )( | V71: =IF(L71="","",L71+P71) | Z71: ㎡）
F72: （ | J72: 階 | K72: )( | O72: )( | U72: )( | V72: =IF(L72="","",L72+P72) | Z72: ㎡）
F73: （ | J73: 階 | K73: )( | O73: )( | U73: )( | V73: =IF(L73="","",L73+P73) | Z73: ㎡）
F74: （ | J74: 階 | K74: )( | O74: )( | U74: )( | V74: =IF(L74="","",L74+P74) | Z74: ㎡）
F75: （ | J75: 階 | K75: )( | O75: )( | U75: )( | V75: =IF(L75="","",L75+P75) | Z75: ㎡）
F76: （ | J76: 階 | K76: )( | O76: )( | U76: )( | V76: =IF(L76="","",L76+P76) | Z76: ㎡）
F77: （ | J77: 階 | K77: )( | O77: )( | U77: )( | V77: =IF(L77="","",L77+P77) | Z77: ㎡）
... F79: （ | J79: 階 | K79: )( | O79: )( | U79: )( | V79: =IF(L79="","",L79+P79) | Z79: ㎡）
A80: 【ロ.合計】 | K80: ( | L80: =SUM(L65:N79) -> 0 | O80: )( | P80: =SUM(P65:T79) -> 0 | U80: )( | V80: =SUM(V65:Y79) -> 0 | Z80: ㎡）
A81: 【13.屋根】
A82: 【14.外壁】
A83: 【15.軒裏】
A84: 【16.居室の床の高さ】 | N84: ｍｍ
A85: 【17.便所の種類】
A86: 【18.その他必要な事項】
A87: 【19.備考】

Sheet 第四面-2
A1: （第四面）
A2: 建築物別概要
A3: 【1.番号】
A4: 【2.用途】 | F4: （区分 | L4: ）
F5: （区分 | L5: ）
F6: （区分 | L6: ）
F7: （区分 | L7: ）
F8: （区分 | L8: ）
A9: 【3.工事種別】
C10: □ | D10: 新築 | F10: □ | G10: 増築 | I10: □ | J10: 改築 | L10: □ | M10: 移転 | O10: □ | P10: 用途変更 | S10: □ | T10: 大規模の修繕 | X10: □ | Y10: 大規模の模様替
A11: 【4.構造】 | L11: 造 一部 | U11: 造
A12: 【5.主要構造部】
C13: □ | D13: 耐火構造（防火上及び避難上支障がない主要構造部を有しない場合）
C14: □ | D14: 耐火構造（防火上及び避難上支障がない主要構造部を有する場合）
C15: □ | D15: 建築基準法施行令第１０８条の4第１項第１号イ及びロに掲げる基準に適合する構造
C16: □ | D16: 準耐火構造
C17: □ | D17: 準耐火構造と同等の準耐火性能を有する構造（ロ－１）
C18: □ | D18: 準耐火構造と同等の準耐火性能を有する構造（ロ－２）
C19: □ | D19: その他
A20: 【6.建築基準法第２１条及び第２７条の規定の適用】
C21: □ | D21: 建築基準法施行令第１０９条の５第１号に掲げる基準に適合する構造
C22: □ | D22: 建築基準法第２１条第１項ただし書きに該当する建築物
C23: □ | D23: 建築基準法施行令第１０９条の７第１項第１号に掲げる基準に適合する構造
C24: □ | D24: 建築基準法施行令第１１０条第１号に掲げる基準に適合する構造
C25: □ | D25: その他
C26: □ | D26: 建築基準法２１条又は第２７条の規定の適用を受けない
A27: 【7.建築基準法第６１条の規定の適用】
C28: □ | D28: 耐火建築物 | I28: □ | J28: 延焼防止建築物 | P28: □ | Q28: 準耐火建築物 | W28: □ | X28: 準延焼防止建築物
C29: □ | D29: その他 | I29: □ | J29: 建築基準法第６１条の規定の適用を受けない
A30: 【8.階数】
A31: 【イ.地階を除く階数】 | L31: 階
A32: 【ロ.地階の階数】 | L32: 階
A33: 【ハ.昇降機塔等の階の数】 | L33: 階
A34: 【ニ.地階の倉庫等の階の数】 | L34: 階
A35: 【9.高さ】
A36: 【イ.最高の高さ】 | L36: ｍ
A37: 【ロ.最高の軒の高さ】 | L37: ｍ
A38: 【10.建築設備の種類】 | AW38: ページ切り替えライン
A40: 【11.確認の特例】
A41: 【イ.建築基準法第6条の3第1項ただし書又は法第18条第５項ただし書の規定による審査の特例の適用の有無】
V42: □ | W42: 有 | X42: =IF(V42="■","□","■") -> ■ | Y42: 無
A43: 【ロ. 適用があるときは、特例の区分】
B44: □ | C44: 建築基準法第６条の３第１項第１号に掲げる確認審査又は同法第18条第５項第１号に掲げる審査
B46: □ | C46: 建築基準法第６条の３第１項第２号に掲げる確認審査又は同法第18条第５項第２号に掲げる審査
B48: （構造設計を行った構造設計一級建築士又は構造関係規定に適合することを確認した構造設計一級建築士）
C50: (1)氏名
C51: (2)資格 構造設計一級建築士交付 | N51: 第 | X51: 号
A52: 【ハ.建築基準法第6条の4第1項の規定による確認の特例の適用の有無】
V53: □ | W53: 有 | X53: =IF(V53="■","□","■") -> ■ | Y53: 無
A54: 【ニ.建築基準法施行令第10条各号に掲げる建築物の区分】
E55: 第 | L55: 号
A56: 【ホ.認定型式の認定番号】
E57: 第 | L57: 号
A58: 【へ.適合する一連の規定の区分】
B59: □ | C59: 建築基準法施行令第136条の2の11第1号イ
B60: □ | C60: 建築基準法施行令第136条の2の11第1号ロ
A61: 【ト.認証型式部材等認証番号】
E62: 第 | L62: 号
A64: 【12.床面積】 | K64: ( | L64: 申請部分 | O64: )( | P64: 申請以外の部分 | U64: )( | V64: 合計 | Z64: ）
A65: 【イ.階別】 | F65: （ | J65: 階 | K65: )( | O65: )( | U65: )( | V65: =IF(L65="","",L65+P65) | Z65: ㎡）
F66: （ | J66: 階 | K66: )( | O66: )( | U66: )( | V66: =IF(L66="","",L66+P66) | Z66: ㎡）
F67: （ | J67: 階 | K67: )( | O67: )( | U67: )( | V67: =IF(L67="","",L67+P67) | Z67: ㎡）
F68: （ | J68: 階 | K68: )( | O68: )( | U68: )( | V68: =IF(L68="","",L68+P68) | Z68: ㎡）
F69: （ | J69: 階 | K69: )( | O69: )( | U69: )( | V69: =IF(L69="","",L69+P69) | Z69: ㎡）
F70: （ | J70: 階 | K70: )( | O70: )( | U70: )( | V70: =IF(L70="","",L70+P70) | Z70: ㎡）
F71: （ | J71: 階 | K71: )( | O71: )( | U71: )( | V71: =IF(L71="","",L71+P71) | Z71: ㎡）
F72: （ | J72: 階 | K72: )( | O72: )( | U72: )( | V72: =IF(L72="","",L72+P72) | Z72: ㎡）
F73: （ | J73: 階 | K73: )( | O73: )( | U73: )( | V73: =IF(L73="","",L73+P73) | Z73: ㎡）
F74: （ | J74: 階 | K74: )( | O74: )( | U74: )( | V74: =IF(L74="","",L74+P74) | Z74: ㎡）
F75: （ | J75: 階 | K75: )( | O75: )( | U75: )( | V75: =IF(L75="","",L75+P75) | Z75: ㎡）
F76: （ | J76: 階 | K76: )( | O76: )( | U76: )( | V76: =IF(L76="","",L76+P76) | Z76: ㎡）
F77: （ | J77: 階 | K77: )( | O77: )( | U77: )( | V77: =IF(L77="","",L77+P77) | Z77: ㎡）
... F79: （ | J79: 階 | K79: )( | O79: )( | U79: )( | V79: =IF(L79="","",L79+P79) | Z79: ㎡）
A80: 【ロ.合計】 | K80: ( | L80: =SUM(L65:N79) -> 0 | O80: )( | P80: =SUM(P65:T79) -> 0 | U80: )( | V80: =SUM(V65:Y79) -> 0 | Z80: ㎡）
A81: 【13.屋根】
A82: 【14.外壁】
A83: 【15.軒裏】
A84: 【16.居室の床の高さ】 | N84: ｍｍ
A85: 【17.便所の種類】
A86: 【18.その他必要な事項】
A87: 【19.備考】

Sheet 第五面
A1: （第五面）
A2: 建築物の階別概要
A3: 【1．番号】 | E3: 1
A4: 【2．階】 | H4: 階
A5: 【3．柱の小径】 | L5: ｍｍ
A6: 【4．横架材間の垂直距離】 | L6: ｍｍ
A7: 【5．階の高さ】 | L7: ｍｍ
A8: 【6．天井】
A9: 【ｲ.居室の天井の高さ】 | L9: ｍｍ
A10: 【ﾛ.建築基準法施行令第39条第3項に規定する特定天井】 | S10: □ | T10: 有 | V10: =IF(S10="■","□","■") -> ■ | W10: 無
A11: 【7．用途別床面積】
E12: （ | F12: 用途の区分 | K12: )( | L12: 具体的な用途の名称 | T12: )( | U12: 床面積 | Z12: )
A13: 【ｲ.】 | E13: （ | K13: )( | T13: )( | Z13: ㎡)
A14: 【ﾛ.】 | E14: （ | K14: )( | T14: )( | Z14: ㎡)
A15: 【ﾊ.】 | E15: （ | K15: )( | T15: )( | Z15: ㎡)
A16: 【ﾆ.】 | E16: （ | K16: )( | T16: )( | Z16: ㎡)
A17: 【ﾎ.】 | E17: （ | K17: )( | T17: )( | Z17: ㎡)
A18: 【ﾍ.】 | E18: （ | K18: )( | T18: )( | Z18: ㎡)
A19: 【8．その他必要な事項】
A20: 【9．備考】
A23: （第五面）
A24: 建築物の階別概要
A25: 【1．番号】
A26: 【2．階】 | H26: 階
A27: 【3．柱の小径】 | L27: ｍｍ
A28: 【4．横架材間の垂直距離】 | L28: ｍｍ
A29: 【5．階の高さ】 | L29: ｍｍ
A30: 【6．天井】
A31: 【ｲ.居室の天井の高さ】 | L31: ｍｍ
A32: 【ﾛ.建築基準法施行令第39条第3項に規定する特定天井】 | S32: □ | T32: 有 | V32: =IF(S32="■","□","■") -> ■ | W32: 無
A33: 【7．用途別床面積】
E34: （ | F34: 用途の区分 | K34: )( | L34: 具体的な用途の名称 | T34: )( | U34: 床面積 | Z34: )
A35: 【ｲ.】 | E35: （ | K35: )( | T35: )( | Z35: ㎡)
A36: 【ﾛ.】 | E36: （ | K36: )( | T36: )( | Z36: ㎡)
A37: 【ﾊ.】 | E37: （ | K37: )( | T37: )( | Z37: ㎡)
A38: 【ﾆ.】 | E38: （ | K38: )( | T38: )( | Z38: ㎡)
A39: 【ﾎ.】 | E39: （ | K39: )( | T39: )( | Z39: ㎡)
A40: 【ﾍ.】 | E40: （ | K40: )( | T40: )( | Z40: ㎡)
A41: 【8．その他必要な事項】
A42: 【9．備考】

Sheet 第五面-2
A1: （第五面）
A2: 建築物の階別概要
A3: 【1．番号】
A4: 【2．階】 | H4: 階
A5: 【3．柱の小径】 | L5: ｍｍ
A6: 【4．横架材間の垂直距離】 | L6: ｍｍ
A7: 【5．階の高さ】 | L7: ｍｍ
A8: 【6．天井】
A9: 【ｲ.居室の天井の高さ】 | L9: ｍｍ
A10: 【ﾛ.建築基準法施行令第39条第3項に規定する特定天井】 | S10: □ | T10: 有 | V10: =IF(S10="■","□","■") -> ■ | W10: 無
A11: 【7．用途別床面積】
E12: （ | F12: 用途の区分 | K12: )( | L12: 具体的な用途の名称 | T12: )( | U12: 床面積 | Z12: )
A13: 【ｲ.】 | E13: （ | K13: )( | T13: )( | Z13: ㎡)
A14: 【ﾛ.】 | E14: （ | K14: )( | T14: )( | Z14: ㎡)
A15: 【ﾊ.】 | E15: （ | K15: )( | T15: )( | Z15: ㎡)
A16: 【ﾆ.】 | E16: （ | K16: )( | T16: )( | Z16: ㎡)
A17: 【ﾎ.】 | E17: （ | K17: )( | T17: )( | Z17: ㎡)
A18: 【ﾍ.】 | E18: （ | K18: )( | T18: )( | Z18: ㎡)
A19: 【8．その他必要な事項】
A20: 【9．備考】
A23: （第五面）
A24: 建築物の階別概要
A25: 【1．番号】
A26: 【2．階】 | H26: 階
A27: 【3．柱の小径】 | L27: ｍｍ
A28: 【4．横架材間の垂直距離】 | L28: ｍｍ
A29: 【5．階の高さ】 | L29: ｍｍ
A30: 【6．天井】
A31: 【ｲ.居室の天井の高さ】 | L31: ｍｍ
A32: 【ﾛ.建築基準法施行令第39条第3項に規定する特定天井】 | S32: □ | T32: 有 | V32: =IF(S32="■","□","■") -> ■ | W32: 無
A33: 【7．用途別床面積】
E34: （ | F34: 用途の区分 | K34: )( | L34: 具体的な用途の名称 | T34: )( | U34: 床面積 | Z34: )
A35: 【ｲ.】 | E35: （ | K35: )( | T35: )( | Z35: ㎡)
A36: 【ﾛ.】 | E36: （ | K36: )( | T36: )( | Z36: ㎡)
A37: 【ﾊ.】 | E37: （ | K37: )( | T37: )( | Z37: ㎡)
A38: 【ﾆ.】 | E38: （ | K38: )( | T38: )( | Z38: ㎡)
A39: 【ﾎ.】 | E39: （ | K39: )( | T39: )( | Z39: ㎡)
A40: 【ﾍ.】 | E40: （ | K40: )( | T40: )( | Z40: ㎡)
A41: 【8．その他必要な事項】
A42: 【9．備考】

Sheet 第五面-3
A1: （第五面）
A2: 建築物の階別概要
A3: 【1．番号】
A4: 【2．階】 | H4: 階
A5: 【3．柱の小径】 | L5: ｍｍ
A6: 【4．横架材間の垂直距離】 | L6: ｍｍ
A7: 【5．階の高さ】 | L7: ｍｍ
A8: 【6．天井】
A9: 【ｲ.居室の天井の高さ】 | L9: ｍｍ
A10: 【ﾛ.建築基準法施行令第39条第3項に規定する特定天井】 | S10: □ | T10: 有 | V10: =IF(S10="■","□","■") -> ■ | W10: 無
A11: 【7．用途別床面積】
E12: （ | F12: 用途の区分 | K12: )( | L12: 具体的な用途の名称 | T12: )( | U12: 床面積 | Z12: )
A13: 【ｲ.】 | E13: （ | K13: )( | T13: )( | Z13: ㎡)
A14: 【ﾛ.】 | E14: （ | K14: )( | T14: )( | Z14: ㎡)
A15: 【ﾊ.】 | E15: （ | K15: )( | T15: )( | Z15: ㎡)
A16: 【ﾆ.】 | E16: （ | K16: )( | T16: )( | Z16: ㎡)
A17: 【ﾎ.】 | E17: （ | K17: )( | T17: )( | Z17: ㎡)
A18: 【ﾍ.】 | E18: （ | K18: )( | T18: )( | Z18: ㎡)
A19: 【8．その他必要な事項】
A20: 【9．備考】
A23: （第五面）
A24: 建築物の階別概要
A25: 【1．番号】
A26: 【2．階】 | H26: 階
A27: 【3．柱の小径】 | L27: ｍｍ
A28: 【4．横架材間の垂直距離】 | L28: ｍｍ
A29: 【5．階の高さ】 | L29: ｍｍ
A30: 【6．天井】
A31: 【ｲ.居室の天井の高さ】 | L31: ｍｍ
A32: 【ﾛ.建築基準法施行令第39条第3項に規定する特定天井】 | S32: □ | T32: 有 | V32: =IF(S32="■","□","■") -> ■ | W32: 無
A33: 【7．用途別床面積】
E34: （ | F34: 用途の区分 | K34: )( | L34: 具体的な用途の名称 | T34: )( | U34: 床面積 | Z34: )
A35: 【ｲ.】 | E35: （ | K35: )( | T35: )( | Z35: ㎡)
A36: 【ﾛ.】 | E36: （ | K36: )( | T36: )( | Z36: ㎡)
A37: 【ﾊ.】 | E37: （ | K37: )( | T37: )( | Z37: ㎡)
A38: 【ﾆ.】 | E38: （ | K38: )( | T38: )( | Z38: ㎡)
A39: 【ﾎ.】 | E39: （ | K39: )( | T39: )( | Z39: ㎡)
A40: 【ﾍ.】 | E40: （ | K40: )( | T40: )( | Z40: ㎡)
A41: 【8．その他必要な事項】
A42: 【9．備考】

Sheet 第六面
A1: （第六面）
A2: 建築物独立部分別概要
A3: 【1．番号】 | H3: 1
A4: 【2．延べ面積】 | N4: ㎡
A5: 【3．建築物の高さ等】
A6: 【ｲ．最高の高さ】 | N6: ｍ
A7: 【ﾛ．最高の軒の高さ】 | N7: ｍ
A8: 【ﾊ．階数】 | J8: 地上 | L8: （ | Q8: ） | R8: 地下 | T8: （ | Y8: ）
A9: 【ﾆ．構造】 | Q9: 造 一部 | Z9: 造
A11: 【4．特定構造計算基準又は特定増改築構造計算基準の別】
C12: □ | D12: 特定構造計算基準
C13: □ | D13: 特定増改築構造計算基準
A15: 【5．構造計算の区分】
C16: □ | D16: 建築基準法施行令第81条第１項各号に掲げる基準に従った構造計算
C17: □ | D17: 建築基準法施行令第81条第２項第１号イに掲げる構造計算
C18: □ | D18: 建築基準法施行令第81条第２項第１号ロに掲げる構造計算
C19: □ | D19: 建築基準法施行令第81条第２項第２号イに掲げる構造計算
C20: □ | D20: 建築基準法施行令第81条第３項に掲げる構造計算
A22: 【6．構造計算に用いたプログラム】
A23: 【ｲ．名称】 | F23: （ | Z23: ）
A24: 【ﾛ．区分】 | F24: □ | G24: 建築基準法第20条第１項第２号イ又は第３号イの認定を受けたプログラム
J25: （ | K25: 大臣認定番号 | Z25: ）
F26: □ | G26: その他のプログラム
A28: 【7．建築基準法施行令第137条の２各号に定める基準の区分】
F29: （ | Z29: ）
A31: 【8．備考】

Sheet 第六面-2
A1: （第六面）
A2: 建築物独立部分別概要
A3: 【1．番号】
A4: 【2．延べ面積】 | N4: ㎡
A5: 【3．建築物の高さ等】
A6: 【ｲ．最高の高さ】 | N6: ｍ
A7: 【ﾛ．最高の軒の高さ】 | N7: ｍ
A8: 【ﾊ．階数】 | J8: 地上 | L8: （ | Q8: ） | R8: 地下 | T8: （ | Y8: ）
A9: 【ﾆ．構造】 | Q9: 造 一部 | Z9: 造
A11: 【4．特定構造計算基準又は特定増改築構造計算基準の別】
C12: □ | D12: 特定構造計算基準
C13: □ | D13: 特定増改築構造計算基準
A15: 【5．構造計算の区分】
C16: □ | D16: 建築基準法施行令第81条第１項各号に掲げる基準に従った構造計算
C17: □ | D17: 建築基準法施行令第81条第２項第１号イに掲げる構造計算
C18: □ | D18: 建築基準法施行令第81条第２項第１号ロに掲げる構造計算
C19: □ | D19: 建築基準法施行令第81条第２項第２号イに掲げる構造計算
C20: □ | D20: 建築基準法施行令第81条第３項に掲げる構造計算
A22: 【6．構造計算に用いたプログラム】
A23: 【ｲ．名称】 | F23: （ | Z23: ）
A24: 【ﾛ．区分】 | F24: □ | G24: 建築基準法第20条第１項第２号イ又は第３号イの認定を受けたプログラム
J25: （ | K25: 大臣認定番号 | Z25: ）
F26: □ | G26: その他のプログラム
A28: 【7．建築基準法施行令第137条の２各号に定める基準の区分】
F29: （ | Z29: ）
A31: 【8．備考】

Sheet 第二面（主）
A1: （第二面）
A2: 別紙
A3: 【1．建築主2】
A4: 【ｲ．氏名のﾌﾘｶﾞﾅ】
A5: 【ﾛ．氏名】
A6: 【ﾊ．郵便番号】
A7: 【ﾆ．住所】
A8: 【ﾎ．電話番号】
A10: 【1．建築主3】
A11: 【ｲ．氏名のﾌﾘｶﾞﾅ】
A12: 【ﾛ．氏名】
A13: 【ﾊ．郵便番号】
... A43: 【ﾎ．電話番号】

Sheet 第二面（施）
A1: （第二面）
A2: 別紙
A3: 【6．工事施工者2】
A4: 【ｲ．氏名】
A5: 【ﾛ．営業所名】建設業の許可 | K5: ( | Q5: ) | U5: 第 | AC5: 号
A7: 【ﾊ．郵便番号】
A8: 【ﾆ．所在地】
A9: 【ﾎ．電話番号】
A11: 【6．工事施工者3】
A12: 【ｲ．氏名】
A13: 【ﾛ．営業所名】建設業の許可 | K13: ( | Q13: ) | U13: 第 | AC13: 号
A15: 【ﾊ．郵便番号】
A16: 【ﾆ．所在地】
A17: 【ﾎ．電話番号】
A19: 【6．工事施工者4】
A20: 【ｲ．氏名】
A21: 【ﾛ．営業所名】建設業の許可 | K21: ( | Q21: ) | U21: 第 | AC21: 号
A23: 【ﾊ．郵便番号】
A24: 【ﾆ．所在地】
A25: 【ﾎ．電話番号】
A27: 【6．工事施工者5】
A28: 【ｲ．氏名】
A29: 【ﾛ．営業所名】建設業の許可 | K29: ( | Q29: ) | U29: 第 | AC29: 号
A31: 【ﾊ．郵便番号】
A32: 【ﾆ．所在地】
A33: 【ﾎ．電話番号】
A35: 【6．工事施工者6】
A36: 【ｲ．氏名】
A37: 【ﾛ．営業所名】建設業の許可 | K37: ( | Q37: ) | U37: 第 | AC37: 号
A39: 【ﾊ．郵便番号】
A40: 【ﾆ．所在地】
A41: 【ﾎ．電話番号】
AC84: 大臣
AC85: 東京都知事
AC86: 神奈川県知事
AC87: 埼玉県知事
AC88: 千葉県知事
AC89: 群馬県知事
AC90: 栃木県知事
AC91: 茨城県知事
AC92: 北海道知事
AC93: 青森県知事
AC94: 岩手県知事
AC95: 宮城県知事
... AC131: 沖縄県知事

Sheet 注意
A2: （注意）
A4: １．各面共通関係
C5: 数字は算用数字を、単位はメートル法を用いてください。
A7: ２．第一面関係
C8: ※印のある欄は記入しないでください。
A10: ３．第二面関係
B11: 1) | C11: 建築主が２以上のときは、１欄は代表となる建築主について記入し、別紙に他の建築主についてそれぞれ必要な事項を記入して添えてください。
B12: 2) | C12: 建築主からの委任を受けて申請を行う者がいる場合においては、２欄に記入してください。
B13: 3) | C13: ２欄、３欄及び５欄は、代理者、設計者又は工事監理者が建築士事務所に属しているときは、その名称を書き、建築士事務所に属していないときは、所在地はそれぞれ代理者、設計者又は工事監理者の住所を書いてください。
B14: 4) | C14: ３欄の｢ト｣は、作成した又は建築士法第２０条の２第３項若しくは第２０条の３第３項の表示をした図書について記入してください。
B15: 5) | C15: ３欄、４欄及び５欄は、それぞれ代表となる設計者、建築設備の設計に関し意見を聴いた者及び工事監理者並びに申請に係る建築物に係る他のすべての設計者、建築設備の設計に関し意見を聴いた者及び工事監理者について記入してください。３欄の設計者のうち、構造設計一級建築士又は設備設計一級建築士である旨の表示をした者がいる場合は、該当するチェックボックスに｢レ｣マークを入れてください。記入欄が不足する場合には、別紙に必要な事項を記入して添えてください。
B16: 6) | C16: ４欄は、建築士法第２０条第５項に規定する場合（設計に係る場合に限る。）に、同項に定める資格を有する者について記入し、所在地は、その者が勤務しているときは勤務先の所在地を、勤務していないときはその者の住所を、登録番号は建築士法施行規則第１７条の３５第１項の規定による登録を受けている場合の当該登録番号を書いてください。
B17: 7) | C17: ５欄及び６欄は、それぞれ工事監理者又は工事施工者が未定のときは、後で定まってから工事着手前に届け出てください。
B18: 8) | C18: ６欄は、工事施工者が２以上のときは、代表となる工事施工者について記入し、別紙に他の工事施工者について棟別にそれぞれ必要な事項を記入して添えてください。
B19: 9) | C19: ７欄は、該当するチェックボックスに「レ」マークを入れ、申請済の場合には、申請をした都道府県名又は指定構造計算適合性判定機関の名称及び事務所の所在地を記入してください。未申請の場合には、申請する予定の都道府県名又は指定構造計算適合性判定機関の名称及び事務所の所在地を記入し、申請をした後に、遅滞なく、申請をした旨（申請先を変更した場合においては、申請をした都道府県名又は指定構造計算適合性判定機関の名称及び事務所の所在地を含む。）を届け出てください。なお、所在地については、○○県○○市、郡○○町、村、程度で結構です。
B20: 10) | C20: ８欄は、該当するチェックボックスに「レ」マークを入れ、提出済の場合には、提出をした所管行政庁名又は登録建築物エネルギー消費性能判定機関の名称及び事務所の所在地を記入してください。未提出の場合には、提出する予定の所管行政庁名又は登録建築物エネルギー消費性能判定機関の名称及び事務所の所在地を記入し、提出をした後に、遅滞なく、提出をした旨（提出先を変更した場合においては、提出をした所管行政庁名又は登録建築物エネルギー消費性能判定機関の名称及び事務所の所在地を含む。）を届け出てください。なお、所在地については、○○県○○市、郡○○町、村、程度で結構です。 また、提出不要の場合には、建築物のエネルギー消費性能の向上等に関する法律施行規則第2条第1項各号に掲げる特定建築行為のうち該当するものの号番号（同項第1号に該当する場合にあっては、号番号及び同号イ又はロのうち該当するもの（気候風土適応住宅に該当する場合にあっては、その旨を含む。））を記入する等、提出が不要である理由を記入してください。特に必要がある場合には、各階平面図等の図書によりその根拠を明らかにしてください。なお、建築に係る部分の床面積が10平方メートル以下である場合、建築基準法第６条の４第１項第３号に掲げる建築物の建築である場合その他の提出が不要であることが明らかな場合は、記入する必要はありません。
B21: 11） | C21: 建築物の名称又は工事名が定まっているときは、９欄に記入してください。
A23: ４．第三面関係
B24: 1) | C24: 住居表示が定まっているときは、２欄に記入してください。
B25: 2) | C25: ３欄は、該当するチェックボックスに「レ」マークを入れてください。ただし、建築物の敷地が都市計画区域、準都市計画区域又はこれらの区域以外の区域のうち２以上の区域にわたる場合においては、当該敷地の過半の属する区域について記入してください。なお、当該敷地が３の区域にわたる場合で、かつ、当該敷地の過半の属する区域がない場合においては、都市計画区域又は準都市計画区域のうち、当該敷地の属する面積が大きい区域について記入してください。
B26: 3) | C26: ４欄は、該当するチェックボックスに「レ」マークを入れてください。なお、建築物の敷地が防火地域、準防火地域又は指定のない区域のうち２以上の地域又は区域にわたるときは、それぞれの地域又は区域について記入してください。
B27: 4) | C27: ５欄は、建築物の敷地が存する３欄及び４欄に掲げる区域及び地域以外の区域、地域、地区又は街区を記入してください。なお、建築物の敷地が２以上の区域、地域、地区又は街区にわたる場合は、それぞれの区域、地域、地区又は街区を記入してください。
B28: 5) | C28: ６欄は、建築物の敷地が２メートル以上接している道路のうち最も幅員の大きなものについて記入してください。
B29: 6) | C29: ７欄の「イ」(1)は、建築物の敷地が、２以上の用途地域、高層住居誘導地区、居住環境向上用途誘導地区若しくは特定用途誘導地区、建築基準法第52条第１項第１号から第８号までに規定する容積率の異なる地域、地区若しくは区域又は同法第53条第１項第１号から第６号までに規定する建蔽率若しくは高層住居誘導地区に関する都市計画において定められた建築物の建蔽率の最高限度の異なる地域、地区若しくは区域（以下「用途地域が異なる地域等」という。）にわたる場合においては、用途地域が異なる地域等ごとに、それぞれの用途地域が異なる地域等に対応する敷地の面積を記入してください。 「イ」(2)は、同法第52条第12項の規定を適用する場合において、同条第13項の規定に基づき、「イ」(1)で記入した敷地面積に対応する敷地の部分について、建築物の敷地のうち前面道路と壁面線又は壁面の位置の制限として定められた限度の線との間の部分を除いた敷地の面積を記入してください。
B30: 7) | C30: ７欄の「ロ」、「ハ」及び「ニ」は、「イ」に記入した敷地面積に対応する敷地の部分について、それぞれ記入してください。
B31: 8) | C31: ７欄の「ホ」(1)は、「イ」(1)の合計とし、「ホ」(2)は、「イ」(2)の合計とします。
B32: 9) | C32: 建築物の敷地が、建築基準法第52条第７項若しくは第９項に該当する場合又は同条第８項若しくは第12項の規定が適用される場合においては、７欄の「ヘ」に、同条第７項若しくは第９項の規定に基づき定められる当該建築物の容積率又は同条第８項若しくは第12項の規定が適用される場合における当該建築物の容積率を記入してください。
B33: 10) | C33: 建築物の敷地について、建築基準法第５７条の２第４項の規定により現に特例容積率の限度が公告されているときは、７欄の「チ」にその旨及び当該特例容積率の限度を記入してください。
B34: 11) | C34: 建築物の敷地が建築基準法第53条第２項若しくは同法第57条の５第２項に該当する場合又は建築物が同法第53条第３項、第５項若しくは第６項に該当する場合においては、７欄の「ト」に、同条第２項、第３項、第５項又は第６項の規定に基づき定められる当該建築物の建蔽率を記入してください。
B35: 12) | C35: ８欄は、別紙の表の用途の区分に従い対応する記号を記入した上で、主要用途をできるだけ具体的に記入してください。
... B40: 17) | C40: 11欄の「ヨ」の延べ面積及び「タ」の容積率の算定の基礎となる延べ面積は、各階の床面積の合計から「ロ」に記入した床面積（この面積が敷地内の建築物の住宅及び老人ホーム、福祉ホームその他これらに類するものの用途に供する部分（エレベーターの昇降路の部分又は共同住宅若しくは老人ホーム、福祉ホームその他これらに類するものの共用の廊下若しくは階段の用に供する部分を除く。）の床面積の合計の３分の１を超える場合においては、敷地内の建築物の住宅及び老人ホーム、福祉ホームその他これらに類するものの用途に供する部分（エレベーターの昇降路の部分又は共同住宅若しくは老人ホーム、福祉ホームその他これらに類するものの共用の廊下若しくは階段の用に供する部分を除く。）の床面積の合計の３分の１の面積）、「ハ」から「ホ」までに記入した床面積、「ヘ」から「ル」までに記入した床面積（これらの面積が、次の(1)から(6)までに掲げる建築物の部分の区分に応じ、敷地内の建築物の各階の床面積の合計にそれぞれ(1)から(6)までに定める割合を乗じて得た面積を超える場合においては、敷地内の建築物の各階の床面積の合計にそれぞれ(1)から(6)までに定める割合を乗じて得た面積）及び「ヲ」に記入した床面積を除いた面積とします。また、建築基準法第52条第12項の規定を適用する場合においては、「タ」の容積率の算定の基礎となる敷地面積は、７欄「ホ」(2)によることとします。
C41: (1) 自動車車庫等の部分 ５分の１
C42: (2) 備蓄倉庫の部分 ５０分の１
C43: (3) 蓄電池の設置部分 ５０分の１
C44: (4) 自家発電設備の設置部分 １００分の１
C45: (5) 貯水槽の設置部分 １００分の１
C46: (6) 宅配ボックスの設置部分 １００分の１
B47: 18) | C47: １２欄の建築物の数は、延べ面積が１０平方メートルを超えるものについて記入してください。
B48: 19) | C48: １３欄の「イ」及び「ロ」は、申請に係る建築物又は同一敷地内の他の建築物がそれぞれ２以上ある場合においては、最大のものを記入してください。
B49: 20) | C49: １３欄の「ハ」は、敷地内の建築物の主たる構造について記入してください。
B50: 21) | C50: １３欄の「ニ」は、該当するチェックボックスに「レ」マークを入れてください。
B51: 22) | C51: １３欄の「ホ」は、建築基準法第５６条第７項第１号に掲げる規定が適用されない建築物については「道路高さ制限不適用」、同項第２号に掲げる規定が適用されない建築物については「隣地高さ制限不適用」、同項第３号に掲げる規定が適用されない建築物については「北側高さ制限不適用」のチェックボックスに「レ」マークを入れてください。
B52: 23) | C52: 建築物及びその敷地に関して許可・認定等を受けた場合には、根拠となる法令及びその条項、当該許可・認定等の番号並びに許可・認定等を受けた日付について１４欄又は別紙に記載して添えてください。
B53: 24) | C53: ７欄の「ハ」、「ニ」、「ヘ」及び「ト」、１０欄の「ハ」並びに１１欄の｢タ｣は、百分率を用いてください。
B54: 25) | C54: 建築基準法第８６条の７又は同法第８６条の８又は同法８７条の２の規定の適用を受ける場合においては、工事の完了後においても引き続き同法第３条第２項（同法第８６条の９第１項において準用する場合を含む。）の適用を受けない規定並びに当該規定に適合しないこととなった時期及び理由を１８欄又は別紙に記載して添えてください。
B55: 26) | C55: ここに書き表せない事項で特に確認を受けようとする事項は、１８欄又は別紙に記載して添えてください。
B56: 27) | C56: 計画の変更申請の際は、１９欄に第三面に係る部分の変更の概要について記入してください。
A58: ５．第四面関係
B59: 1) | C59: この書類は、申請建築物ごと（延べ面積が10平方メートル以内のものを除く。以下同じ。）に作成してください。
B60: 2) | C60: この書類に記載する事項のうち、10欄から15欄までの事項については、別紙に明示して添付すれば記載する必要はありません。
B61: 3) | C61: １欄は、建築物の数が１のときは「１」と記入し、建築物の数が２以上のときは、申請建築物ごとに通し番号を付し、その番号を記入してください。
B62: 4) | C62: ２欄は、別紙の表の用途の区分に従い対応する記号を記入した上で、用途をできるだけ具体的に書いてください。
B63: 5) | C63: ３欄は、該当するチェックボックスに「レ」マークを入れてください。
B64: 6) | C64: ５欄は、「耐火構造（防火上及び避難上支障がない主要構造部を有しない場合）」、「耐火構造（防火上及び避難上支障がない主要構造部を有する場合）」、「建築基準法施行令第108条の４第１項第１号イ及びロに掲げる基準に適合する構造」、「準耐火構造」、「準耐火構造と同等の準耐火性能を有する構造（ロ-１）」（建築基準法施行令第109条の３第１号に掲げる基準に適合する主要構造部の構造をいう。）又は「準耐火構造と同等の準耐火性能を有する構造（ロ-２）」（同条第２号に掲げる基準に適合する主要構造部の構造をいう。）のうち該当するチェックボックスに「レ」マークを入れてください。いずれにも該当しない場合は「その他」に「レ」マークを入れてください。
B65: 7) | C65: ６欄は、「建築基準法施行令第109条の５第１号に掲げる基準に適合する構造」、「建築基準法第21条第１項ただし書に該当する建築物」「建築基準法施行令第109条の７第１項第１号に掲げる基準に適合する構造」、「建築基準法施行令第110条第１号に掲げる基準に適合する構造」又は「その他」（上記のいずれにも該当しない建築物で、建築基準法第21条又は第27条の規定の適用を受けるもの）のうち該当するチェックボックス全てに「レ」マークを入れてください。また、「建築基準法施行令第109条の５第１号に掲げる基準に適合する構造」又は「建築基準法施行令第110条第１号に掲げる基準に適合する構造」に該当する場合においては、５欄の「準耐火構造」のチェックボックスにも「レ」マークを入れてください。建築基準法第21条又は第27条の規定の適用を受けない場合は「建築基準法第21条又は第27条の規定の適用を受けない」に「レ」マークを入れてください。
B66: 8) | C66: ７欄は、「耐火建築物」、「延焼防止建築物」（建築基準法施行令第136条の２第１号ロに掲げる基準に適合する建築物をいう。）、「準耐火建築物」、「準延焼防止建築物」（同条第２号ロに掲げる基準に適合する建築物をいう。）又は「その他」（上記のいずれにも該当しない建築物で、建築基準法第61条の規定の適用を受けるもの）のうち該当するチェックボックスに「レ」マークを入れてください。建築基準法第61条の規定の適用を受けない場合は「建築基準法第61条の規定の適用を受けない」に「レ」マークを入れてください。
B67: 9) | C67: ８欄の「ハ」は、建築基準法施行令第２条第１項第８号により階数に算入されない建築物の部分のうち昇降機塔、装飾塔、物見塔その他これらに類する建築物の屋上部分の階の数を記入してください。
B68: 10) | C68: ８欄の「ニ」は、建築基準法施行令第２条第１項第８号により階数に算入されない建築物の部分のうち地階の倉庫、機械室その他これらに類する建築物の部分の階の数を記入してください。
B69: 11) | C69: 10欄は、別紙にその概要を記載して添えてください。ただし、当該建築設備が特定の建築基準関係規定に適合していることを証する書面を添える場合には、当該建築基準関係規定に係る内容を概要として記載する必要はありません。
B70: 12) | C70: 11欄の「イ」、「ロ」及び「ハ」は、該当するチェックボックスに「レ」マークを入れてください。
... B83: 25) | C83: 計画の変更申請の際は、19欄に第四面に係る部分の変更の概要について記入してください。
A90: ６．第五面関係
B91: 1) | C91: この書類に記載すべき事項を別紙に明示して添付すれば、この書類を別途提出する必要はありません。
B92: 2) | C92: この書類は、各申請建築物の階ごとに作成してください。ただし、木造の場合は３欄から８欄まで、木造以外の場合は５欄から８欄までの記載内容が同じときは、２欄に同じ記載内容となる階を列記し、併せて１枚とすることができます。
B93: 3) | C93: １欄は、第二号様式の第四面の１欄に記入した番号と同じ番号を記入してください。
B94: 4) | C94: ３欄及び４欄は、木造の場合にのみ記入してください。
B95: 5) | C95: ６欄の「ロ」は、該当するチェックボックスに「レ」マークを入れてください。
B96: 6) | C96: ７欄は、別紙の表の用途の区分に従い対応する記号を記入した上で、用途をできるだけ具体的に書き、それぞれの用途に供する部分の床面積を記入してください。
B97: 7) | C97: ここに書き表せない事項で特に確認を受けようとする事項は、８欄又は別紙に記載して添えてください。
B98: 8) | C98: 計画の変更申請の際は、９欄に第五面に係る部分の変更の概要について記入してください。
A100: ７．第六面関係
B101: 1) | C101: この書類は、申請に係る建築物（建築物の二以上の部分がエキスパンションジョイントそ の他の相互に応力を伝えない構造方法のみで接している場合においては当該建築物の部分。以下同じ。）ごとに作成してください。
B102: 2) | C102: １欄は、建築物の数が１のときは「１」と記入し、建築物の数が２以上のときは、申請建築物ごとに通し番号を付し、その番号を記入してください。
B103: 3) | C103: ２欄及び３欄の「イ」から「ハ」までは、申請に係る建築物について、それぞれ記入してください。ただし、建築物の数が１のときは記入する必要はありません。
B104: 4) | C104: ３欄の「ニ」は、申請に係る建築物の主たる構造について記入してください。ただし、建築物の数が１のときは記入する必要はありません。
B105: 5) | C105: ４欄、５欄及び６欄は、該当するチェックボックスに「レ」マークを入れてください。
B106: 6) | C106: ６欄の「イ」は、構造計算に用いたプログラムが特定できるよう記載してください。
B107: 7) | C107: ７欄は、建築基準法施行令第１３７条の２各号に定める基準のうち、該当する基準の号の数字及び「イ」又は「ロ」の別を記入してください。
B108: 8) | C108: 計画の変更申請の際は、８欄に第六面に係る部分の変更の概要について記入してください。

Sheet 概第一面
A1: 規則別記
A2: 第三号様式（第一条の三、第三条、第三条の三、第三条の四、第三条の七、第三条の十、第六条の三、第十一条の三関係）（Ａ４）
I4: ※受付欄 | J4: 株式会社 都市建築確認センター | T4: ※確認済証・番号
T5: =IF('第一面 (計変)'!AS2<>"",TEXT('第一面 (計変)'!AS2,"ggge年m月d日"),IF(第一面!AS2<>"",TEXT(第一面!AS2,"ggge年m月d日"),"令和 年 月 日")) -> 令和 年 月 日
T7: =IF('第一面 (計変)'!AS1<>"","第"&'第一面 (計変)'!B43&"号",IF(第一面!AS1<>"","第"&第一面!B42&"号",IF('第一面 (計変)'!T19<>"","第 "&'第一面 (計変)'!B43&" 号","第 "&第一面!B42&" 号"))) -> 第 TKC 建確 号
A10: 建築計画概要書（第一面）
A11: 建築主等の概要
A12: 【1．建築主】
B13: 【ｲ．氏名のﾌﾘｶﾞﾅ】 | H13: =IF(第二面!K4="","",第二面!K4)
B14: 【ﾛ．氏名】 | H14: =IF(第二面!K5="","",第二面!K5)
B15: 【ﾊ．郵便番号】 | I15: =IF(第二面!K6="","",第二面!K6)
B16: 【ﾆ．住所】 | H16: =IF(第二面!K7="","",第二面!K7)
A18: 【2．代理者】
B19: 【ｲ．資格】 | I19: ( | J19: =IF(第二面!L11="","",第二面!L11) | M19: )建築士( | P19: =IF(第二面!R11="","",第二面!R11) | T19: ）登録第 | W19: =IF(第二面!X11="","",第二面!X11) | AC19: 号
B20: 【ﾛ．氏名】 | H20: =IF(第二面!K12="","",第二面!K12)
B21: 【ﾊ．建築士事務所名】 ( | J21: =IF(第二面!L13="","",第二面!L13) | L21: )建築士事務所( | Q21: =IF(第二面!S13="","",第二面!S13) | T21: )知事登録第 | X21: =IF(第二面!Y13="","",第二面!Y13) | AC21: 号
H22: =IF(第二面!K14="","",第二面!K14)
B23: 【ﾆ．郵便番号】 | I23: =IF(第二面!K15="","",第二面!K15)
B24: 【ﾎ．所在地】 | H24: =IF(第二面!K16="","",第二面!K16)
B25: 【ﾍ．電話番号】 | H25: =IF(第二面!K17="","",第二面!K17)
A26: 【3．設計者】
B27: （代表となる設計者）
B28: 【ｲ．資格】 | I28: ( | J28: =IF(第二面!L21="","",第二面!L21) | M28: )建築士( | P28: =IF(第二面!R21="","",第二面!R21) | T28: ）登録第 | W28: =IF(第二面!X21="","",第二面!X21) | AC28: 号
B29: 【ﾛ．氏名】 | H29: =IF(第二面!K22="","",第二面!K22)
B30: 【ﾊ．建築士事務所名】 ( | J30: =IF(第二面!L23="","",第二面!L23) | L30: )建築士事務所( | Q30: =IF(第二面!S23="","",第二面!S23) | T30: )知事登録第 | X30: =IF(第二面!Y23="","",第二面!Y23) | AC30: 号
H31: =IF(第二面!K24="","",第二面!K24)
B32: 【ﾆ．郵便番号】 | I32: =IF(第二面!K25="","",第二面!K25)
B33: 【ﾎ．所在地】 | H33: =IF(第二面!K26="","",第二面!K26)
B34: 【ﾍ．電話番号】 | H34: =IF(第二面!K27="","",第二面!K27)
B35: 【ﾄ．作成又は確認した設計図書】 | L35: =IF(第二面!K28="","",第二面!K28)
B36: （その他の設計者）
B37: 【ｲ．資格】 | I37: ( | J37: =IF(第二面!L31="","",第二面!L31) | M37: )建築士( | P37: =IF(第二面!R31="","",第二面!R31) | T37: ）登録第 | W37: =IF(第二面!X31="","",第二面!X31) | AC37: 号
B38: 【ﾛ．氏名】 | H38: =IF(第二面!K32="","",第二面!K32)
B39: 【ﾊ．建築士事務所名】 ( | J39: =IF(第二面!L33="","",第二面!L33) | L39: )建築士事務所( | Q39: =IF(第二面!S33="","",第二面!S33) | T39: )知事登録第 | X39: =IF(第二面!Y33="","",第二面!Y33) | AC39: 号
H40: =IF(第二面!K34="","",第二面!K34)
B41: 【ﾆ．郵便番号】 | I41: =IF(第二面!K35="","",第二面!K35)
B42: 【ﾎ．所在地】 | H42: =IF(第二面!K36="","",第二面!K36)
B43: 【ﾍ．電話番号】 | H43: =IF(第二面!K37="","",第二面!K37)
B44: 【ﾄ．作成又は確認した設計図書】 | L44: =IF(第二面!K38="","",第二面!K38)
B45: 【ｲ．資格】 | I45: ( | J45: =IF(第二面!L40="","",第二面!L40) | M45: )建築士( | P45: =IF(第二面!R40="","",第二面!R40) | T45: ）登録第 | W45: =IF(第二面!X40="","",第二面!X40) | AC45: 号
B46: 【ﾛ．氏名】 | H46: =第二面!K41
B47: 【ﾊ．建築士事務所名】 ( | J47: =IF(第二面!L42="","",第二面!L42) | L47: )建築士事務所( | Q47: =IF(第二面!S42="","",第二面!S42) | T47: )知事登録第 | X47: =IF(第二面!Y42="","",第二面!Y42) | AC47: 号
H48: =第二面!K43
B49: 【ﾆ．郵便番号】 | I49: =IF(第二面!K44="","",第二面!K44)
B50: 【ﾎ．所在地】 | H50: =IF(第二面!K45="","",第二面!K45)
B51: 【ﾍ．電話番号】 | H51: =IF(第二面!K46="","",第二面!K46)
B52: 【ﾄ．作成又は確認した設計図書】 | L52: =IF(第二面!K47="","",第二面!K47)
B53: 【ｲ．資格】 | I53: ( | J53: =IF(第二面!L49="","",第二面!L49) | M53: )建築士( | P53: =IF(第二面!R49="","",第二面!R49) | T53: ）登録第 | W53: =IF(第二面!X49="","",第二面!X49) | AC53: 号
B54: 【ﾛ．氏名】 | H54: =IF(第二面!K50="","",第二面!K50)
B55: 【ﾊ．建築士事務所名】 ( | J55: =IF(第二面!L51="","",第二面!L51) | L55: )建築士事務所( | Q55: =IF(第二面!S51="","",第二面!S51) | T55: )知事登録第 | X55: =IF(第二面!Y51="","",第二面!Y51) | AC55: 号
H56: =IF(第二面!K52="","",第二面!K52)
B57: 【ﾆ．郵便番号】 | I57: =IF(第二面!K53="","",第二面!K53)
B58: 【ﾎ．所在地】 | H58: =IF(第二面!K54="","",第二面!K54)
B59: 【ﾍ．電話番号】 | H59: =IF(第二面!K55="","",第二面!K55)
B60: 【ﾄ．作成又は確認した設計図書】 | L60: =IF(第二面!K56="","",第二面!K56)

Sheet 概第一面-2
A1: (構造設計一級建築士又は設備設計一級建築士である旨の表示をした者)
A2: 上記の設計者のうち、
B3: ='第二面-2'!A3 -> □ | C3: 建築士法第20条の２第１項の表示をした者
B4: 【ｲ．氏名】 | M4: =IF('第二面-2'!M4="","",'第二面-2'!M4)
B5: 【ﾛ．資格】 構造設計一級建築士交付 | N5: 第 | O5: =IF('第二面-2'!N5="","",'第二面-2'!N5) | U5: 号
B6: ='第二面-2'!A6 -> □ | C6: 建築士法第20条の２第３項の表示をした者
B7: 【ｲ．氏名】 | M7: =IF('第二面-2'!M7="","",'第二面-2'!M7)
B8: 【ﾛ．資格】 構造設計一級建築士交付 | N8: 第 | O8: =IF('第二面-2'!N8="","",'第二面-2'!N8) | U8: 号
B9: ='第二面-2'!A9 -> □ | C9: 建築士法第20条の３第１項の表示をした者
B10: 【ｲ．氏名】 | M10: =IF('第二面-2'!M10="","",'第二面-2'!M10)
B11: 【ﾛ．資格】 設備設計一級建築士交付 | N11: 第 | O11: =IF('第二面-2'!N11="","",'第二面-2'!N11) | U11: 号
B12: 【ｲ．氏名】 | M12: =IF('第二面-2'!M12="","",'第二面-2'!M12)
B13: 【ﾛ．資格】 設備設計一級建築士交付 | N13: 第 | O13: =IF('第二面-2'!N13="","",'第二面-2'!N13) | U13: 号
B14: 【ｲ．氏名】 | M14: =IF('第二面-2'!M14="","",'第二面-2'!M14)
B15: 【ﾛ．資格】 設備設計一級建築士交付 | N15: 第 | O15: =IF('第二面-2'!N15="","",'第二面-2'!N15) | U15: 号
B16: ='第二面-2'!A16 -> □ | C16: 建築士法第20条の３第３項の表示をした者
B17: 【ｲ．氏名】 | M17: =IF('第二面-2'!M17="","",'第二面-2'!M17)
B18: 【ﾛ．資格】 設備設計一級建築士交付 | N18: 第 | O18: =IF('第二面-2'!N18="","",'第二面-2'!N18) | U18: 号
B19: 【ｲ．氏名】 | M19: =IF('第二面-2'!M19="","",'第二面-2'!M19)
B20: 【ﾛ．資格】 設備設計一級建築士交付 | N20: 第 | O20: =IF('第二面-2'!N20="","",'第二面-2'!N20) | U20: 号
B21: 【ｲ．氏名】 | M21: =IF('第二面-2'!M21="","",'第二面-2'!M21)
B22: 【ﾛ．資格】 設備設計一級建築士交付 | N22: 第 | O22: =IF('第二面-2'!N22="","",'第二面-2'!N22) | U22: 号
A23: 【4．建築設備の設計に関し意見を聴いた者】
B24: （代表となる建築設備の設計に関し意見を聴いた者）
B25: 【ｲ．氏名】 | H25: =IF('第二面-2'!K25="","",'第二面-2'!K25)
B26: 【ﾛ．勤務先】 | H26: =IF('第二面-2'!K26="","",'第二面-2'!K26)
B27: 【ﾊ．郵便番号】 | I27: =IF('第二面-2'!K27="","",'第二面-2'!K27)
B28: 【ﾆ．所在地】 | H28: =IF('第二面-2'!K28="","",'第二面-2'!K28)
B29: 【ﾎ．電話番号】 | H29: =IF('第二面-2'!K29="","",'第二面-2'!K29)
B30: 【ﾍ．登録番号】 | H30: =IF('第二面-2'!K30="","",'第二面-2'!K30)
B31: 【ﾄ．意見を聴いた設計図書】 | K31: =IF('第二面-2'!K31="","",'第二面-2'!K31)
B32: （その他の建築設備の設計に関し意見を聴いた者）
B33: 【ｲ．氏名】 | H33: =IF('第二面-2'!K33="","",'第二面-2'!K33)
B34: 【ﾛ．勤務先】 | H34: =IF('第二面-2'!K34="","",'第二面-2'!K34)
B35: 【ﾊ．郵便番号】 | I35: =IF('第二面-2'!K35="","",'第二面-2'!K35)
B36: 【ﾆ．所在地】 | H36: =IF('第二面-2'!K36="","",'第二面-2'!K36)
B37: 【ﾎ．電話番号】 | H37: =IF('第二面-2'!K37="","",'第二面-2'!K37)
B38: 【ﾍ．登録番号】 | H38: =IF('第二面-2'!K38="","",'第二面-2'!K38)
B39: 【ﾄ．意見を聴いた設計図書】 | K39: =IF('第二面-2'!K39="","",'第二面-2'!K39)
B40: 【ｲ．氏名】 | H40: =IF('第二面-2'!K40="","",'第二面-2'!K40)
B41: 【ﾛ．勤務先】 | H41: =IF('第二面-2'!K41="","",'第二面-2'!K41)
B42: 【ﾊ．郵便番号】 | I42: =IF('第二面-2'!K42="","",'第二面-2'!K42)
B43: 【ﾆ．所在地】 | H43: =IF('第二面-2'!K43="","",'第二面-2'!K43)
B44: 【ﾎ．電話番号】 | H44: =IF('第二面-2'!K44="","",'第二面-2'!K44)
B45: 【ﾍ．登録番号】 | H45: =IF('第二面-2'!K45="","",'第二面-2'!K45)
B46: 【ﾄ．意見を聴いた設計図書】 | K46: =IF('第二面-2'!K46="","",'第二面-2'!K46)
B47: 【ｲ．氏名】 | H47: =IF('第二面-2'!K47="","",'第二面-2'!K47)
B48: 【ﾛ．勤務先】 | H48: =IF('第二面-2'!K48="","",'第二面-2'!K48)
B49: 【ﾊ．郵便番号】 | I49: =IF('第二面-2'!K49="","",'第二面-2'!K49)
B50: 【ﾆ．所在地】 | H50: =IF('第二面-2'!K50="","",'第二面-2'!K50)
B51: 【ﾎ．電話番号】 | H51: =IF('第二面-2'!K51="","",'第二面-2'!K51)
B52: 【ﾍ．登録番号】 | H52: =IF('第二面-2'!K52="","",'第二面-2'!K52)
B53: 【ﾄ．意見を聴いた設計図書】 | K53: =IF('第二面-2'!K53="","",'第二面-2'!K53)

Sheet 概第一面-3
A1: 【5．工事監理者】
B2: （代表となる工事監理者）
B3: 【ｲ．資格】 | I3: ( | J3: =IF('第二面-3'!L3="","",'第二面-3'!L3) | M3: )建築士( | P3: =IF('第二面-3'!R3="","",'第二面-3'!R3) | T3: ）登録第 | W3: =IF('第二面-3'!X3="","",'第二面-3'!X3) | AC3: 号
B4: 【ﾛ．氏名】 | H4: =IF('第二面-3'!K4="","",'第二面-3'!K4)
B5: 【ﾊ．建築士事務所名】 ( | J5: =IF('第二面-3'!L5="","",'第二面-3'!L5) | L5: )建築士事務所( | Q5: =IF('第二面-3'!S5="","",'第二面-3'!S5) | T5: )知事登録第 | X5: =IF('第二面-3'!Y5="","",'第二面-3'!Y5) | AC5: 号
H6: =IF('第二面-3'!K6="","",'第二面-3'!K6)
B7: 【ﾆ．郵便番号】 | I7: =IF('第二面-3'!K7="","",'第二面-3'!K7)
B8: 【ﾎ．所在地】 | H8: =IF('第二面-3'!K8="","",'第二面-3'!K8)
B9: 【ﾍ．電話番号】 | H9: =IF('第二面-3'!K9="","",'第二面-3'!K9)
B10: 【ﾄ．工事と照合する設計図書】 | L10: =IF('第二面-3'!K10="","",'第二面-3'!K10)
B12: （その他の工事監理者）
B13: 【ｲ．資格】 | I13: ( | J13: =IF('第二面-3'!L12="","",'第二面-3'!L12) | M13: )建築士( | P13: =IF('第二面-3'!R12="","",'第二面-3'!R12) | T13: ）登録第 | W13: =IF('第二面-3'!X12="","",'第二面-3'!X12) | AC13: 号
B14: 【ﾛ．氏名】 | H14: =IF('第二面-3'!K13="","",'第二面-3'!K13)
B15: 【ﾊ．建築士事務所名】 ( | J15: =IF('第二面-3'!L14="","",'第二面-3'!L14) | L15: )建築士事務所( | Q15: =IF('第二面-3'!S14="","",'第二面-3'!S14) | T15: )知事登録第 | X15: =IF('第二面-3'!Y14="","",'第二面-3'!Y14) | AC15: 号
H16: =IF('第二面-3'!K15="","",'第二面-3'!K15)
B17: 【ﾆ．郵便番号】 | I17: =IF('第二面-3'!K16="","",'第二面-3'!K16)
B18: 【ﾎ．所在地】 | H18: =IF('第二面-3'!K17="","",'第二面-3'!K17)
B19: 【ﾍ．電話番号】 | H19: =IF('第二面-3'!K18="","",'第二面-3'!K18)
B20: 【ﾄ．工事と照合する設計図書】 | L20: =IF('第二面-3'!K19="","",'第二面-3'!K19)
B22: 【ｲ．資格】 | I22: ( | J22: =IF('第二面-3'!L20="","",'第二面-3'!L20) | M22: )建築士( | P22: =IF('第二面-3'!R20="","",'第二面-3'!R20) | T22: ）登録第 | W22: =IF('第二面-3'!X20="","",'第二面-3'!X20) | AC22: 号
B23: 【ﾛ．氏名】 | H23: =IF('第二面-3'!K21="","",'第二面-3'!K21)
B24: 【ﾊ．建築士事務所名】 ( | J24: =IF('第二面-3'!L22="","",'第二面-3'!L22) | L24: )建築士事務所( | Q24: =IF('第二面-3'!S22="","",'第二面-3'!S22) | T24: )知事登録第 | X24: =IF('第二面-3'!Y22="","",'第二面-3'!Y22) | AC24: 号
H25: =IF('第二面-3'!K23="","",'第二面-3'!K23)
B26: 【ﾆ．郵便番号】 | I26: =IF('第二面-3'!K24="","",'第二面-3'!K24)
B27: 【ﾎ．所在地】 | H27: =IF('第二面-3'!K25="","",'第二面-3'!K25)
B28: 【ﾍ．電話番号】 | H28: =IF('第二面-3'!K26="","",'第二面-3'!K26)
B29: 【ﾄ．工事と照合する設計図書】 | L29: =IF('第二面-3'!K27="","",'第二面-3'!K27)
B31: 【ｲ．資格】 | I31: ( | J31: =IF('第二面-3'!L28="","",'第二面-3'!L28) | M31: )建築士( | P31: =IF('第二面-3'!R28="","",'第二面-3'!R28) | T31: ）登録第 | W31: =IF('第二面-3'!X28="","",'第二面-3'!X28) | AC31: 号
B32: 【ﾛ．氏名】 | H32: =IF('第二面-3'!K29="","",'第二面-3'!K29)
B33: 【ﾊ．建築士事務所名】 ( | J33: =IF('第二面-3'!L30="","",'第二面-3'!L30) | L33: )建築士事務所( | Q33: =IF('第二面-3'!S30="","",'第二面-3'!S30) | T33: )知事登録第 | X33: =IF('第二面-3'!Y30="","",'第二面-3'!Y30) | AC33: 号
H34: =IF('第二面-3'!K31="","",'第二面-3'!K31)
B35: 【ﾆ．郵便番号】 | I35: =IF('第二面-3'!K32="","",'第二面-3'!K32)
B36: 【ﾎ．所在地】 | H36: =IF('第二面-3'!K33="","",'第二面-3'!K33)
B37: 【ﾍ．電話番号】 | H37: =IF('第二面-3'!K34="","",'第二面-3'!K34)
B38: 【ﾄ．工事と照合する設計図書】 | L38: =IF('第二面-3'!K35="","",'第二面-3'!K35)
A40: 【6．工事施工者】
A41: 【ｲ．氏名】 | H41: =IF('第二面-3'!K37="","",'第二面-3'!K37)
A42: 【ﾛ．営業所名】建設業の許可 | J42: ( | K42: =IF('第二面-3'!L38="","",'第二面-3'!L38) | O42: ) | P42: =IF('第二面-3'!Q38<>"",'第二面-3'!Q38,"")&IF('第二面-3'!R38<>"",'第二面-3'!R38,"") | T42: 第 | U42: =IF('第二面-3'!U38="","",'第二面-3'!U38) | AC42: 号
H43: =IF('第二面-3'!K39="","",'第二面-3'!K39)
A44: 【ﾊ．郵便番号】 | H44: =IF('第二面-3'!K40="","",'第二面-3'!K40)
A45: 【ﾆ．所在地】 | H45: =IF('第二面-3'!K41="","",'第二面-3'!K41)
A46: 【ﾎ．電話番号】 | H46: =IF('第二面-3'!K42="","",'第二面-3'!K42)
A47: 【7．備考】
A48: =IF('第二面-3'!A52="","",'第二面-3'!A52)
A49: =IF('第二面-3'!A53="","",'第二面-3'!A53)
A50: =IF('第二面-3'!A54="","",'第二面-3'!A54)

Sheet 概第二面
A2: 建築計画概要書（第二面）
A3: 建築物及びその敷地に関する事項
A4: 【1.地名地番】 | F4: =IF(第三面!F4="","",第三面!F4)
A5: 【2.住居表示】 | F5: =IF(第三面!F5="","",第三面!F5)
A6: 【3.都市計画区域及び準都市計画区域の内外の別等】
E7: =第三面!D7 -> □ | F7: 都市計画区域内 ( | L7: =第三面!K7 -> □ | M7: 市街化区域 | Q7: =第三面!P7 -> □ | R7: 市街化調整区域 | W7: =第三面!V7 -> □ | X7: 区域区分非設定 )
E8: =第三面!D8 -> □ | F8: 準都市計画区域内 | L8: =第三面!K8 -> □ | M8: 都市計画区域及び準都市計画区域外
A9: 【4.防火地域】 □防火地域 □準防火地域 □指定なし | F9: =第三面!K9 -> □ | G9: 防火地域 | K9: =第三面!P9 -> □ | L9: 準防火地域 | P9: =第三面!V9 -> □ | Q9: 指定なし
A10: 【5.その他の区域、地域、地区又は街区】 | M10: =IF(第三面!M10="","",第三面!M10)
A11: =IF(第三面!A11="","",第三面!A11)
A12: 【6.道路】
A13: 【ｲ．幅員】 | L13: =IF(第三面!N13="","",第三面!N13) | O13: ｍ
A14: 【ﾛ．敷地と接している部分の長さ】 | L14: =IF(第三面!N14="","",第三面!N14) | O14: ｍ
A15: 【7.敷地面積】
A16: 【ｲ．敷地面積】 | G16: (1) | H16: ( | I16: =IF(第三面!J16="","",第三面!J16) | L16: =第三面!M16 | M16: )( | N16: =IF(第三面!O16="","",第三面!O16) | Q16: =第三面!R16 | R16: )( | S16: =IF(第三面!T16="","",第三面!T16) | V16: =第三面!W16 | W16: )( | X16: =IF(第三面!Y16="","",第三面!Y16) | AA16: =第三面!AB16 | AB16: )
G17: (2) | H17: ( | I17: =IF(第三面!J17="","",第三面!J17) | L17: =第三面!M17 | M17: )( | N17: =IF(第三面!O17="","",第三面!O17) | Q17: =第三面!R17 | R17: )( | S17: =IF(第三面!T17="","",第三面!T17) | V17: =第三面!W17 | W17: )( | X17: =IF(第三面!Y17="","",第三面!Y17) | AA17: =第三面!AB17 | AB17: )
A18: 【ﾛ．用途地域等】 | H18: ( | I18: =IF(第三面!J18="","",第三面!J18) | M18: )( | N18: =IF(第三面!O18="","",第三面!O18) | R18: )( | S18: =IF(第三面!T18="","",第三面!T18) | W18: )( | X18: =IF(第三面!Y18="","",第三面!Y18) | AB18: )
A19: 【ﾊ．建築基準法第５２条第１項及び第２項の規定による建築物の容積率】
H20: ( | I20: =IF(第三面!J20="","",第三面!J20) | L20: =第三面!M20 | M20: )( | N20: =IF(第三面!O20="","",第三面!O20) | Q20: =第三面!R20 | R20: )( | S20: =IF(第三面!T20="","",第三面!T20) | V20: =第三面!W20 | W20: )( | X20: =IF(第三面!Y20="","",第三面!Y20) | AA20: =第三面!AB20 | AB20: )
A21: 【ﾆ．建築基準法第５３条第１項の規定による建築物の建蔽率】
H22: ( | I22: =IF(第三面!J22="","",第三面!J22) | L22: =第三面!M22 | M22: )( | N22: =IF(第三面!O22="","",第三面!O22) | Q22: =第三面!R22 | R22: )( | S22: =IF(第三面!T22="","",第三面!T22) | V22: =第三面!W22 | W22: )( | X22: =IF(第三面!Y22="","",第三面!Y22) | AA22: =第三面!AB22 | AB22: )
A23: 【ﾎ．敷地面積の合計】 | H23: (1) | I23: =IF(第三面!J23="","",第三面!J23) -> 0 | L23: ㎡
H24: (2) | I24: =IF(第三面!J24="","",第三面!J24) | L24: =第三面!M24
A25: 【ﾍ．敷地に建築可能な延べ面積を敷地面積で除した数値】 | S25: =IF(第三面!S25="","",第三面!S25) | W25: %
A26: 【ﾄ．敷地に建築可能な建築面積を敷地面積で除した数値】 | S26: =IF(第三面!S26="","",第三面!S26) | W26: %
A27: 【ﾁ．備考】 | E27: =IF(第三面!F27="","",第三面!F27)
A28: 【8.主要用途】 | F28: (区分 | H28: =第三面!H28 -> 0 | M28: ) | O28: =第三面!N28 -> 0
A29: 【9.工事種別】
B30: =第三面!C30 -> □ | C30: 新築 | E30: =第三面!F30 -> □ | F30: 増築 | H30: =第三面!I30 -> □ | I30: 改築 | K30: =第三面!L30 -> □ | L30: 移転 | N30: =第三面!O30 -> □ | O30: 用途変更 | R30: =第三面!S30 -> □ | S30: 大規模の修繕 | X30: =第三面!X30 -> □ | Y30: 大規模の模様替
A31: 【10.建築面積】 | I31: ( | J31: 申請部分 | O31: )( | P31: 申請以外の部分 | U31: )( | V31: 合計 | AA31: )
A32: 【ｲ．建築面積】 | I32: ( | J32: =IF(第三面!J32="","",第三面!J32) | N32: =第三面!N32 | O32: )( | P32: =IF(第三面!P32="","",第三面!P32) | T32: =第三面!T32 | U32: )( | V32: =IF(第三面!V32="","",第三面!V32) -> 0 | Z32: ㎡ | AA32: )
A33: 【ﾛ．建蔽率の算定の基礎
D34: となる建築面積】 | I34: ( | J34: =IF(第三面!J34="","",第三面!J34) | N34: =第三面!N34 | O34: )( | P34: =IF(第三面!P34="","",第三面!P34) | T34: =第三面!T34 | U34: )( | V34: =IF(第三面!V34="","",第三面!V34) -> 0 | Z34: ㎡ | AA34: )
A35: 【ﾊ．建蔽率】 | P35: =IF(第三面!J35="","",第三面!J35) | T35: ％
A36: 【11.延べ面積】 | I36: ( | J36: 申請部分 | O36: )( | P36: 申請以外の部分 | U36: )( | V36: 合計 | AA36: )
A37: 【ｲ．建築物全体】 | I37: ( | J37: =IF(第三面!J37="","",第三面!J37) | N37: =第三面!N37 | O37: )( | P37: =IF(第三面!P37="","",第三面!P37) | T37: =第三面!T37 | U37: )( | V37: =IF(第三面!V37="","",第三面!V37) -> 0 | Z37: ㎡ | AA37: )
A38: 【ﾛ．地階の住宅又は老人ホーム等の部分】
I39: ( | J39: =IF(第三面!J39="","",第三面!J39) | N39: =第三面!N39 | O39: )( | P39: =IF(第三面!P39="","",第三面!P39) | T39: =第三面!T39 | U39: )( | V39: =IF(第三面!V39="","",第三面!V39) | Z39: =IF(V39="","","㎡") | AA39: )
A40: 【ﾊ．エレベーターの昇降路の部分】
I41: ( | J41: =IF(第三面!J41="","",第三面!J41) | N41: =第三面!N41 | O41: )( | P41: =IF(第三面!P41="","",第三面!P41) | T41: =第三面!T41 | U41: )( | V41: =IF(第三面!V41="","",第三面!V41) | Z41: =IF(V41="","","㎡") | AA41: )
A42: 【ﾆ．共同住宅又は老人ホーム等の共用の廊下等の部分】
I43: ( | J43: =IF(第三面!J43="","",第三面!J43) | N43: =第三面!N43 | O43: )( | P43: =IF(第三面!P43="","",第三面!P43) | T43: =第三面!T43 | U43: )( | V43: =IF(第三面!V43="","",第三面!V43) | Z43: =IF(V43="","","㎡") | AA43: )
A44: 【ﾎ．認定機械室等の部分】 | I44: ( | J44: =IF(第三面!J44="","",第三面!J44) | N44: =第三面!N44 | O44: )( | P44: =IF(第三面!P44="","",第三面!P44) | T44: =第三面!T44 | U44: )( | V44: =IF(第三面!V44="","",第三面!V44) | Z44: =IF(V44="","","㎡") | AA44: )
A45: 【ﾍ．自動車車庫等の部分】 | I45: ( | J45: =IF(第三面!J45="","",第三面!J45) | N45: =第三面!N45 | O45: )( | P45: =IF(第三面!P45="","",第三面!P45) | T45: =第三面!T45 | U45: )( | V45: =IF(第三面!V45="","",第三面!V45) | Z45: =IF(V45="","","㎡") | AA45: )
A46: 【ﾄ．備蓄倉庫の部分】 | I46: ( | J46: =IF(第三面!J46="","",第三面!J46) | N46: =第三面!N46 | O46: )( | P46: =IF(第三面!P46="","",第三面!P46) | T46: =第三面!T46 | U46: )( | V46: =IF(第三面!V46="","",第三面!V46) | Z46: =IF(V46="","","㎡") | AA46: )
A47: 【ﾁ．蓄電池の設置部分】 | I47: ( | J47: =IF(第三面!J47="","",第三面!J47) | N47: =第三面!N47 | O47: )( | P47: =IF(第三面!P47="","",第三面!P47) | T47: =第三面!T47 | U47: )( | V47: =IF(第三面!V47="","",第三面!V47) | Z47: =IF(V47="","","㎡") | AA47: )
A48: 【ﾘ．自家発電設備の設置部分】 | I48: ( | J48: =IF(第三面!J48="","",第三面!J48) | N48: =第三面!N48 | O48: )( | P48: =IF(第三面!P48="","",第三面!P48) | T48: =第三面!T48 | U48: )( | V48: =IF(第三面!V48="","",第三面!V48) | Z48: =IF(V48="","","㎡") | AA48: )
A49: 【ﾇ．貯水槽の設置部分】 | I49: ( | J49: =IF(第三面!J49="","",第三面!J49) | N49: =第三面!N49 | O49: )( | P49: =IF(第三面!P49="","",第三面!P49) | T49: =第三面!T49 | U49: )( | V49: =IF(第三面!V49="","",第三面!V49) | Z49: =IF(V49="","","㎡") | AA49: )
A50: 【ﾙ．宅配ボックスの設置部分】 | I50: ( | J50: =IF(第三面!J50="","",第三面!J50) | N50: =第三面!N50 | O50: )( | P50: =IF(第三面!P50="","",第三面!P50) | T50: =第三面!T50 | U50: )( | V50: =IF(第三面!V50="","",第三面!V50) | Z50: =IF(V50="","","㎡") | AA50: )
A51: 【ｦ．その他の不算入部分】 | I51: ( | J51: =IF(第三面!J51="","",第三面!J51) | N51: =第三面!N50 | O51: )( | P51: =IF(第三面!P51="","",第三面!P51) | T51: =第三面!T50 | U51: )( | V51: =IF(第三面!V51="","",第三面!V51) | Z51: =IF(V51="","","㎡") | AA51: )
A52: 【ﾜ．住宅の部分】 | I52: ( | J52: =IF('第三面-2'!J1="","",'第三面-2'!J1) | N52: ='第三面-2'!N1 | O52: )( | P52: =IF('第三面-2'!P1="","",'第三面-2'!P1) | T52: ='第三面-2'!T1 | U52: )( | V52: =IF('第三面-2'!V1="","",'第三面-2'!V1) | Z52: =IF(V52="","","㎡") | AA52: )
A53: 【ｶ．老人ホーム等の部分】 | I53: ( | J53: =IF('第三面-2'!J2="","",'第三面-2'!J2) | N53: ='第三面-2'!N2 | O53: )( | P53: =IF('第三面-2'!P2="","",'第三面-2'!P2) | T53: ='第三面-2'!T2 | U53: )( | V53: =IF('第三面-2'!V2="","",'第三面-2'!V2) | Z53: =IF(V53="","","㎡") | AA53: )
A54: 【ﾖ．延べ面積】 | P54: =IF('第三面-2'!J3="","",'第三面-2'!J3) | T54: ㎡
A55: 【ﾀ．容積率】 | P55: =IF('第三面-2'!J4="","",'第三面-2'!J4) | T55: ％
A56: 【12.建築物の数】
A57: 【ｲ．申請に係る建築物の数】 | M57: =IF('第三面-2'!L6="","",'第三面-2'!L6)
A58: 【ﾛ．同一敷地内の他の建築物の数】 | M58: =IF('第三面-2'!L7="","",'第三面-2'!L7)

Sheet 概第二面-2
A1: 【13.建築物の高さ等】 | I1: ( | J1: 申請に係る建築物 | O1: )( | P1: 他の建築物 | U1: )
A2: 【ｲ．最高の高さ】 | I2: ( | J2: =IF('第三面-2'!J9="","",'第三面-2'!J9) | N2: ｍ | O2: )( | P2: =IF('第三面-2'!P9="","",'第三面-2'!P9) | T2: ='第三面-2'!T9 | U2: )
A3: 【ﾛ．階数】 | F3: 地上 | I3: ( | J3: =IF('第三面-2'!J10="","",'第三面-2'!J10) | N3: ='第三面-2'!N10 | O3: )( | P3: =IF('第三面-2'!P10="","",'第三面-2'!P10) | T3: ='第三面-2'!T10 | U3: )
F4: 地下 | I4: ( | J4: =IF('第三面-2'!J11="","",'第三面-2'!J11) | N4: ='第三面-2'!N11 | O4: )( | P4: =IF('第三面-2'!P11="","",'第三面-2'!P11) | T4: ='第三面-2'!T11 | U4: )
A5: 【ﾊ．構造】 | I5: =IF('第三面-2'!J12="","",'第三面-2'!J12) -> 鉄骨 | O5: 造 一部 | R5: =IF('第三面-2'!T12="","",'第三面-2'!T12) | X5: 造
A6: 【ﾆ．建築基準法第５６条第７項の規定による特例の適用の有無】 | V6: ='第三面-2'!T13 -> □ | W6: 有 | Y6: ='第三面-2'!V13 -> ■ | Z6: 無
A7: 【ﾎ．適用があるときは、特例の区分】
C8: ='第三面-2'!D15 -> □ | D8: 道路高さ制限不適用 | K8: ='第三面-2'!K15 -> □ | L8: 隣地高さ制限不適用 | S8: ='第三面-2'!R15 -> □ | T8: 北側高さ制限不適用
A9: 【14.許可・認定等】
B10: =IF('第三面-2'!A17="","",'第三面-2'!A17)
A13: 【15.工事着手予定年月日】 | J13: 令和 | L13: =IF('第三面-2'!K20="","",'第三面-2'!K20) | M13: 年 | N13: =IF('第三面-2'!M20="","",'第三面-2'!M20) | O13: 月 | P13: =IF('第三面-2'!O20="","",'第三面-2'!O20) | Q13: 日
A14: 【16.工事完了予定年月日】 | J14: 令和 | L14: =IF('第三面-2'!K22="","",'第三面-2'!K22) | M14: 年 | N14: =IF('第三面-2'!M22="","",'第三面-2'!M22) | O14: 月 | P14: =IF('第三面-2'!O22="","",'第三面-2'!O22) | Q14: 日
A15: 【17.特定工程工事終了予定年月日】 | Q15: （特定工程）
B16: （ | C16: 第 | D16: =IF('第三面-2'!D25="","",'第三面-2'!D25) | E16: 回 | F16: ） | H16: 令和 | J16: =IF('第三面-2'!I25="","",'第三面-2'!I25) | K16: 年 | L16: =IF('第三面-2'!K25="","",'第三面-2'!K25) | M16: 月 | N16: ='第三面-2'!M25 | O16: 日 | P16: （ | Q16: =IF('第三面-2'!P25="","",'第三面-2'!P25) | AC16: ）
B17: （ | C17: 第 | D17: =IF('第三面-2'!D26="","",'第三面-2'!D26) | E17: 回 | F17: ） | H17: 令和 | J17: =IF('第三面-2'!I26="","",'第三面-2'!I26) | K17: 年 | L17: =IF('第三面-2'!K26="","",'第三面-2'!K26) | M17: 月 | N17: =IF('第三面-2'!M26="","",'第三面-2'!M26) | O17: 日 | P17: （ | Q17: =IF('第三面-2'!P26="","",'第三面-2'!P26) | AC17: ）
B18: （ | C18: 第 | D18: =IF('第三面-2'!D27="","",'第三面-2'!D27) | E18: 回 | F18: ） | H18: 令和 | J18: =IF('第三面-2'!I27="","",'第三面-2'!I27) | K18: 年 | L18: =IF('第三面-2'!K27="","",'第三面-2'!K27) | M18: 月 | N18: =IF('第三面-2'!M27="","",'第三面-2'!M27) | O18: 日 | P18: （ | Q18: =IF('第三面-2'!P27="","",'第三面-2'!P27) | AC18: ）
A19: 【18.建築基準法第１２条第１項の規定による調査の要否】 | AE19: □ | AF19: 要 | AG19: ← | AH19: 【18.建築基準法第１２条第１項の規定による調査の要否】を入力してください。
C20: =AE19 -> □ | D20: 要 | G20: =AE20 -> □ | H20: 否 | AE20: □ | AF20: 否
A21: 【19.建築基準法第１２条第３項の規定による検査を要する防火設備の有無】 | AE21: □ | AF21: 有 | AG21: ← | AH21: 【19.建築基準法第１２条第３項の規定による検査を要する防火設備の有無】を入力してください。
C22: =AE21 -> □ | D22: 有 | G22: =AE22 -> □ | H22: 無 | AE22: □ | AF22: 無
A23: 【20.その他必要な事項】
B24: =IF('第三面-2'!A30="","",'第三面-2'!A30)

Sheet 概第三面
A1: 建築計画概要書（第三面）
A4: 付近見取図
A6: 配置図
A8: （注意） １．第一面及び第二面関係 ① これらは第二号様式の第二面及び第三面の写しに代えることができます。この場合には、最上段に「建築計画概要書（第一面）」及び「建築計画概要書（第二面）」と明示し、第二面の18欄の事項を第二号様式の第三面の写しの20欄に記載してください。 ② 第一面の５欄及び６欄は、それぞれ工事監理者又は工事施工者が未定のときは、後で定まつてから工事着手前に届け出てください。この場合には、特定行政庁が届出のあつた旨を明示した上で記入します。 ③ 第二面の20欄の「イ」は、申請に係る建築物が複数ある場合で、そのうち一部の建築物のみが建築士法第20条の２第２項に規定する構造関係規定に係る経過措置の適用を受ける場合は、「有」に「レ」マークを入れた上で、第三面の配置図に当該建築物を明示してください。 ２．第三面関係 ① 付近見取図には、方位、道路及び目標となる地物を明示してください。 ② 配置図には、縮尺、方位、敷地境界線、敷地内における建築物の位置、申請に係る建築物と他の建築物との別並びに敷地の接する道路の位置及び幅員を明示してください。

Sheet 概第一面（主）
X1: （別紙）
A2: 【1．建築主】
B3: 【ｲ．氏名のﾌﾘｶﾞﾅ】 | H3: =IF('第二面（主）'!K4="","",'第二面（主）'!K4)
B4: 【ﾛ．氏名】 | H4: =IF('第二面（主）'!K5="","",'第二面（主）'!K5)
B5: 【ﾊ．郵便番号】 | I5: =IF('第二面（主）'!K6="","",'第二面（主）'!K6)
B6: 【ﾆ．住所】 | H6: =IF('第二面（主）'!K7="","",'第二面（主）'!K7)
B8: 【ｲ．氏名のﾌﾘｶﾞﾅ】 | H8: =IF('第二面（主）'!K11="","",'第二面（主）'!K11)
B9: 【ﾛ．氏名】 | H9: =IF('第二面（主）'!K12="","",'第二面（主）'!K12)
B10: 【ﾊ．郵便番号】 | I10: =IF('第二面（主）'!K13="","",'第二面（主）'!K13)
B11: 【ﾆ．住所】 | H11: =IF('第二面（主）'!K14="","",'第二面（主）'!K14)
B13: 【ｲ．氏名のﾌﾘｶﾞﾅ】 | H13: =IF('第二面（主）'!K18="","",'第二面（主）'!K18)
B14: 【ﾛ．氏名】 | H14: =IF('第二面（主）'!K19="","",'第二面（主）'!K19)
B15: 【ﾊ．郵便番号】 | I15: =_xlfn.SINGLE(IF(_xlfn.SINGLE('第二面（主）'!K20)="","",'第二面（主）'!K20))
B16: 【ﾆ．住所】 | H16: =IF('第二面（主）'!K21="","",'第二面（主）'!K21)
B18: 【ｲ．氏名のﾌﾘｶﾞﾅ】 | H18: =IF('第二面（主）'!K25="","",'第二面（主）'!K25)
B19: 【ﾛ．氏名】 | H19: =IF('第二面（主）'!K26="","",'第二面（主）'!K26)
B20: 【ﾊ．郵便番号】 | I20: =_xlfn.SINGLE(IF(_xlfn.SINGLE('第二面（主）'!K27)="","",'第二面（主）'!K27))
B21: 【ﾆ．住所】 | H21: =IF('第二面（主）'!K28="","",'第二面（主）'!K28)
B23: 【ｲ．氏名のﾌﾘｶﾞﾅ】 | H23: =IF('第二面（主）'!K32="","",'第二面（主）'!K32)
B24: 【ﾛ．氏名】 | H24: =IF('第二面（主）'!K33="","",'第二面（主）'!K33)
B25: 【ﾊ．郵便番号】 | I25: =_xlfn.SINGLE(IF(_xlfn.SINGLE('第二面（主）'!K34)="","",'第二面（主）'!K34))
B26: 【ﾆ．住所】 | H26: =IF('第二面（主）'!K35="","",'第二面（主）'!K35)
B28: 【ｲ．氏名のﾌﾘｶﾞﾅ】 | H28: =IF('第二面（主）'!K39="","",'第二面（主）'!K39)
B29: 【ﾛ．氏名】 | H29: =IF('第二面（主）'!K40="","",'第二面（主）'!K40)
B30: 【ﾊ．郵便番号】 | I30: =_xlfn.SINGLE(IF(_xlfn.SINGLE('第二面（主）'!K41)="","",'第二面（主）'!K41))
B31: 【ﾆ．住所】 | H31: =IF('第二面（主）'!K42="","",'第二面（主）'!K42)

Sheet 建築工事届（別記第40号様式）
A1: 第四十号様式（第八条関係）（Ａ４）
A4: 建築基準法第15条第１項の規定による
A6: 建築工事届
A8: （第一面）
Y10: =TEXT(第一面!AI18,"yyyy") -> 1900 | AC10: 年 | AD10: =第一面!AD18 | AF10: 月 | AG10: =第一面!AF18 | AI10: 日
A12: =IFERROR(IF(LEFT(第三面!F4,3)="東京都","東京都",IF(FIND("県",第三面!F4,1)>0,LEFT(第三面!F4,FIND("県",第三面!F4,1)),"")),"") | M12: 知事 様
A15: 建築主
D16: 氏名 | I16: =IF(第二面!K5="","",第二面!K5)&" "&IF(AND('第二面（主）'!K5<>"",BA16<>""),'第二面（主）'!K5,"")&" "&IF(AND('第二面（主）'!K12<>"",BA16<>""),'第二面（主）'!K12,"")
D17: 郵便番号 | I17: =LEFT(IF(第二面!K6="","",第二面!K6),3) | N17: - | O17: =RIGHT(IF(第二面!K6="","",第二面!K6),4)
D18: 住所 | I18: =IF(第二面!K7="","",第二面!K7)
D19: 電話番号 | N19: - | T19: -
A21: 工事施工者（設計者又は代理者）
D22: 氏名 | I22: =IF(AND('第二面-3'!K37="未定",BA22="設計者"),第二面!K22,IF(AND('第二面-3'!K37="未定",BA22="代理者"),第二面!K12,'第二面-3'!K37)) -> 0 | BA22: 代理者
D23: 営業所名（建築士事務所名） | P23: =IF(AND('第二面-3'!K39="",BA22="設計者"),第二面!K24,IF(AND('第二面-3'!K39="",BA22="代理者"),第二面!K14,'第二面-3'!K39))
D24: 郵便番号 | I24: =LEFT(IF(AND('第二面-3'!K40="",BA22="設計者"),第二面!K25,IF(AND('第二面-3'!K40="",BA22="代理者"),第二面!K15,'第二面-3'!K40)),3) | N24: - | O24: =RIGHT(IF(AND('第二面-3'!K40="",BA22="設計者"),第二面!K25,IF(AND('第二面-3'!K40="",BA22="代理者"),第二面!K15,'第二面-3'!K40)),4)
D25: 所在地 | I25: =IF(AND('第二面-3'!K41="",BA22="設計者"),第二面!K26,IF(AND('第二面-3'!K41="",BA22="代理者"),第二面!K16,'第二面-3'!K41))
D26: 電話番号 | N26: - | T26: -
D27: 担当者の氏名
D28: 担当者の電話番号 | P28: - | V28: -
A30: 工事監理者
D31: 氏名 | I31: =IF('第二面-3'!K4="","",'第二面-3'!K4)
D32: 営業所名（建築士事務所名） | P32: =IF('第二面-3'!K6="","",'第二面-3'!K6)
D33: 郵便番号 | I33: =LEFT(IF('第二面-3'!K7="","",'第二面-3'!K7),3) | N33: - | O33: =RIGHT(IF('第二面-3'!K7="","",'第二面-3'!K7),4)
D34: 所在地 | I34: =IF('第二面-3'!K8="","",'第二面-3'!K8)
D35: 電話番号 | N35: - | T35: -
A37: 建築確認
D38: 確認済証番号 | O38: 第 | AD38: 号
D39: 確認済証交付年月日 | R39: 年 | W39: 月 | AB39: 日
D40: 確認済証交付者 | L40: 株式会社都市建築確認センター
A42: 除却工事施工者
D43: 氏名
D44: 営業所名
D45: 郵便番号 | N45: -
D46: 所在地
D47: 電話番号 | N47: - | T47: -
D48: 担当者の氏名
D49: 担当者の電話番号 | P49: - | V49: -
A52: ※受付経由機関記載欄
A56: （第二面）
A59: 【１．着工及び工事完了の予定期日】 | AS59: カウント
B60: イ．着工予定期日 | L60: =TEXT('第三面-2'!AF20,"yyyy") -> 1900 | P60: 年 | Q60: ='第三面-2'!M20 | T60: 月 | U60: ='第三面-2'!O20 | X60: 日 | AM60: =IF(OR(L60="",Q60="",U60=""),"未入力","") -> 未入力 | AT60: =IF(OR(L60="",Q60="",U60=""),"未入力です。","") -> 未入力です。
B61: ロ．工事完了予定期日 | L61: =TEXT('第三面-2'!AF22,"yyyy") -> 1900 | P61: 年 | Q61: ='第三面-2'!M22 | T61: 月 | U61: ='第三面-2'!O22 | X61: 日 | AM61: =IF(OR(L61="",Q61="",U61=""),"未入力","") -> 未入力 | AT61: =IF(OR(L61="",Q61="",U61=""),"未入力です。","") -> 未入力です。
A64: 【２．建築主】
B65: イ．建築主の種別 | K65: (1)国 | S65: (2)都道府県 | AC65: (3)市区町村 | AM65: =IF(COUNTIF(AN65:AP66,TRUE)>1,"複数選択",IF(COUNTIF(AN65:AP66,TRUE)=0,"未入力","")) -> 未入力 | AN65: FALSE | AO65: FALSE | AP65: FALSE | AS65: =COUNTIF(AN65:AP66, TRUE) -> 0 | AT65: =IFERROR(IF(AS65>=2,"選択は1つまでです。",IF(COUNTIF(AN65:AP66,TRUE)=0,"未入力です。","")),"") -> 未入力です。
K66: (4)会社 | S66: (5)会社でない団体 | AC66: (6)個人 | AN66: FALSE | AO66: FALSE | AP66: FALSE
B67: ロ．資本の額又は 出資の総額 | K67: (1)1,000万円以下 | V67: (2)1,000万円超～3,000万円以下 | AM67: =IF(AN66=FALSE,"",IF(COUNTIF(AN67:AP68,TRUE)>1,"複数選択",IF(COUNTIF(AN67:AP68,TRUE)=0,"未入力",""))) | AN67: FALSE | AO67: FALSE | AS67: =COUNTIF(AN67:AP68, TRUE) -> 0 | AT67: =IF(AND(COUNTIF(AN67:AP68,TRUE)>0,AN66<>TRUE),"（４）を選んだ場合に回答してください。",IF(AND(COUNTIF(AN67:AP68,TRUE)=0,AN66=TRUE),"（４）を選んだ場合は回答が必要です。",""))
K68: (3)3,000万円超～1億円以下 | V68: (4)1億円超～10億円以下 | AF68: (5)10億円超 | AN68: FALSE | AO68: FALSE | AP68: FALSE | AT68: =IFERROR(IF(AS67>=2,"選択は1つまでです。",""),"")
A71: 【３．敷地の位置】
B72: イ．地名地番 | AM72: =IF(OR(J72="",O72="",U72=""),"未入力（地番まで）","") -> 未入力（地番まで） | AT72: =IF(OR(J72="",O72="",U72=""),"未入力があります（都道府県名から地番までご記入ください）。","") -> 未入力があります（都道府県名から地番までご記入ください）。
B73: ロ．都市計画 | K73: (1)市街化区域 | AA73: (2)市街化調整区域 | AM73: =IF(COUNTIF(AN73:AP75,TRUE)>1,"複数選択",IF(COUNTIF(AN73:AP75,TRUE)=0,"未入力","")) -> 未入力 | AN73: FALSE | AO73: FALSE | AS73: =COUNTIF(AN73:AO75, TRUE) -> 0 | AT73: =IFERROR(IF(AS73>=2,"選択は1つまでです。",IF(COUNTIF(AN73:AO75,TRUE)>1,"複数選択",IF(COUNTIF(AN73:AO75,TRUE)=0,"未入力です。",""))),"") -> 未入力です。
K74: (3)区域区分非設定都市計画区域 | AA74: (4)準都市計画区域 | AN74: FALSE | AO74: FALSE
K75: (5)都市計画区域及び準都市計画区域外 | AN75: FALSE
A78: 【４．工事種別】 | K78: (1)新築 | P78: (2)増築 | U78: (3)改築 | Z78: (4)移転 | AM78: =IF(COUNTIF(AN78:AQ78,TRUE)>1,"複数選択",IF(COUNTIF(AN78:AQ78,TRUE)=0,"未入力","")) -> 未入力 | AN78: FALSE | AO78: FALSE | AP78: FALSE | AQ78: FALSE | AS78: =COUNTIF(AN78:AQ78, TRUE) -> 0 | AT78: =IF(AS78>=2, "選択は1つまでです。",IF(COUNTIF(AN78:AQ78,TRUE)=0,"未入力です。","")) -> 未入力です。
A81: 【５．主要用途】 | S81: （注意欄に記載の記号を記入してください） | AM81: =IF(COUNTA(J81)=0,"未入力","") -> 未入力 | AT81: =IF(COUNTA(J81)=0,"未入力です。","") -> 未入力です。
A83: 【６．一の建築物ごとの内容】
B84: イ．番号 | J84: 1 | AM84: =IF(COUNTA(J84,S84,AB84)=0,"未入力","") | AN84: =IF(T84<>"","1"&TEXT(T84,"00"), IF(T85<>"","2"&TEXT(T85,"00"), IF(T86<>"","3"&TEXT(T86,"00"),""))) | AT84: =IF(COUNTA(J84,S84,AB84)=0,"未入力です。","")
B85: ロ．物件名 | J85: ='第二面-3'!A52 -> 0 | AN85: =IFERROR(IF(AND($J$84<>"",J85=""),"未入力があります（1列目）。",IF(AND($J$84="",J85<>""),"棟番号を入力してください（1列目）。","")),"") | AO85: =IFERROR(IF(AND($S$84<>"",S85=""),"未入力があります（2列目）。",IF(AND($S$84="",S85<>""),"棟番号を入力してください（2列目）。","")),"") | AP85: =IFERROR(IF(AND($AB$84<>"",AB85=""),"未入力があります（3列目）。",IF(AND($AB$84="",AB85<>""),"棟番号を入力してください（3列目）。","")),"") | AT85: =IF(OR(AND(J$84<>"",COUNTA(J85)=0), AND(S$84<>"",COUNTA(S85)=0), AND(AB$84<>"",COUNTA(AB85)=0)),"未入力があります。", IF(OR(AND(J$84="",COUNTA(J85)=1),AND(S$84="",COUNTA(S85)=1), AND(AB$84="",COUNTA(AB85)=1)),"棟番号を入力してください。","") )
B86: ハ．用途 （注意欄に記載の記号を 記入してください） | AT86: =IF(OR(AND(J$84<>"",COUNTA(J86)=0), AND(S$84<>"",COUNTA(S86)=0), AND(AB$84<>"",COUNTA(AB86)=0)),"未入力があります。", IF(OR(AND(J$84="",COUNTA(J86)=1),AND(S$84="",COUNTA(S86)=1), AND(AB$84="",COUNTA(AB86)=1)),"棟番号を入力してください。","") ) -> 未入力があります。
J87: 多用途 | S87: 多用途 | AB87: 多用途 | AN87: FALSE | AO87: FALSE | AP87: FALSE
B88: ニ．工事部分の構造 （注意欄に記載の記号を 記入してください） | AT88: =IF(OR(AND(J$84<>"",COUNTA(J88)=0), AND(S$84<>"",COUNTA(S88)=0), AND(AB$84<>"",COUNTA(AB88)=0)),"未入力があります。", IF(OR(AND(J$84="",COUNTA(J88)=1),AND(S$84="",COUNTA(S88)=1), AND(AB$84="",COUNTA(AB88)=1)),"棟番号を入力してください。","") ) -> 未入力があります。
B90: ホ．工事の予定期間 | P90: 月間 | Y90: 月間 | AH90: 月間 | AM90: =IF(COUNTA(K90,T90,AC90)=0,"未入力","") -> 未入力 | AT90: =IF(OR(AND(J$84<>"",COUNTA(K90)=0), AND(S$84<>"",COUNTA(T90)=0), AND(AB$84<>"",COUNTA(AC90)=0)),"未入力があります。", IF(OR(AND(J$84="",COUNTA(K90)=1),AND(S$84="",COUNTA(T90)=1), AND(AB$84="",COUNTA(AC90)=1)),"棟番号を入力してください。","") ) -> 未入力があります。
B91: ヘ．工事部分の 床面積の合計 | AS91: =COUNTIF(AN91:AN97, TRUE) -> 0
P92: ㎡ | Y92: ㎡ | AH92: ㎡ | AS92: =COUNTIF(AO91:AO97, TRUE) -> 0 | AT92: =IF(OR(AND(J$84<>"",COUNTA(K92)=0), AND(S$84<>"",COUNTA(T92)=0), AND(AB$84<>"",COUNTA(AC92)=0)),"未入力があります。", IF(OR(AND(J$84="",COUNTA(K92)=1),AND(S$84="",COUNTA(T92)=1), AND(AB$84="",COUNTA(AC92)=1)),"棟番号を入力してください。",IF(AND(K92<>"",K92<10),"10㎡未満の場合は届出不要です。",IF(AND(T92<>"",T92<10),"10㎡未満の場合は届出不要です。",IF(AND(AC92<>"",AC92<10),"10㎡以下の場合は届出不要です。",""))) )) -> 未入力があります。
AN93: FALSE | AO93: FALSE | AP93: FALSE | AS93: =COUNTIF(AP91:AP97, TRUE) -> 0 | AT93: =IF(OR(AND(J$84<>"",COUNTA(K93)=0), AND(S$84<>"",COUNTA(T93)=0), AND(AB$84<>"",COUNTA(AC93)=0)),"未入力があります。", IF(OR(AND(J$84="",COUNTA(K93)=1),AND(S$84="",COUNTA(T93)=1), AND(AB$84="",COUNTA(AC93)=1)),"棟番号を入力してください。","") ) -> 未入力があります。
B94: ト．用途ごとの工事部 分の床面積 （工事部分の用途が１種類 のみであり、ハの用途と 同一である場合は、記入 不要です。） | J94: ① | K94: 用途 | S94: ① | T94: 用途 | AB94: ① | AC94: 用途 | AM94: =AT94&AT95&AT96&AT97&AT98&AT99 | AT94: =IF(OR(AND(N94="",COUNTA(N95)=1), AND(W94="",COUNTA(W95)=1), AND(AF94="",COUNTA(AF95)=1)),"未入力です。", IF(OR(AND(J$84="",COUNTA(N94)=1),AND(S$84="",COUNTA(W94)=1), AND(AB$84="",COUNTA(AF94)=1)),"棟番号を入力してください。",""))
K95: 床面積 | R95: ㎡ | T95: 床面積 | AA95: ㎡ | AC95: 床面積 | AJ95: ㎡ | AT95: =IF(OR(AND(N$94<>"",COUNTA(N95)=0), AND(W$94<>"",COUNTA(W95)=0), AND(AF$94<>"",COUNTA(AF95)=0)),"未入力があります。", IF(OR(AND(J$84="",N94="",COUNTA(N95)=1),AND(S$84="",W94="",COUNTA(W95)=1), AND(AB$84="",AF94="",COUNTA(AF95)=1)),"棟番号及び用途を入力してください。", IF(OR(AND(J$84<>"",N94="",COUNTA(N95)=1),AND(S$84<>"",W94="",COUNTA(W95)=1), AND(AB$84<>"",AF94="",COUNTA(AF95)=1)),"用途を入力してください。", IF(OR(AND(J$84="",COUNTA(N95)=1),AND(S$84="",COUNTA(W95)=1), AND(AB$84="",COUNTA(AF95)=1)),"棟番号を入力してください。",""))))
J96: ② | K96: 用途 | S96: ② | T96: 用途 | AB96: ② | AC96: 用途 | AT96: =IF(OR(AND(N96="",COUNTA(N97)=1), AND(W96="",COUNTA(W97)=1), AND(AF96="",COUNTA(AF97)=1)),"未入力です。", IF(OR(AND(J$84="",COUNTA(N96)=1),AND(S$84="",COUNTA(W96)=1), AND(AB$84="",COUNTA(AF96)=1)),"棟番号を入力してください。",""))
K97: 床面積 | R97: ㎡ | T97: 床面積 | AA97: ㎡ | AC97: 床面積 | AJ97: ㎡ | AT97: =IF(OR(AND(N$96<>"",COUNTA(N97)=0), AND(W$96<>"",COUNTA(W97)=0), AND(AF$96<>"",COUNTA(AF97)=0)),"未入力があります。", IF(OR(AND(J$84="",N96="",COUNTA(N97)=1),AND(S$84="",W96="",COUNTA(W97)=1), AND(AB$84="",AF96="",COUNTA(AF97)=1)),"棟番号及び用途を入力してください。", IF(OR(AND(J$84<>"",N96="",COUNTA(N97)=1),AND(S$84<>"",W96="",COUNTA(W97)=1), AND(AB$84<>"",AF96="",COUNTA(AF97)=1)),"用途を入力してください。", IF(OR(AND(J$84="",COUNTA(N97)=1),AND(S$84="",COUNTA(W97)=1), AND(AB$84="",COUNTA(AF97)=1)),"棟番号を入力してください。",""))))
J98: ③ | K98: 用途 | S98: ③ | T98: 用途 | AB98: ③ | AC98: 用途 | AT98: =IF(OR(AND(N98="",COUNTA(N99)=1), AND(W98="",COUNTA(W99)=1), AND(AF98="",COUNTA(AF99)=1)),"未入力です。", IF(OR(AND(J$84="",COUNTA(N98)=1),AND(S$84="",COUNTA(W98)=1), AND(AB$84="",COUNTA(AF98)=1)),"棟番号を入力してください。",""))
K99: 床面積 | R99: ㎡ | T99: 床面積 | AA99: ㎡ | AC99: 床面積 | AJ99: ㎡ | AT99: =IF(OR(AND(N$98<>"",COUNTA(N99)=0), AND(W$98<>"",COUNTA(W99)=0), AND(AF$98<>"",COUNTA(AF99)=0)),"未入力があります。", IF(OR(AND(J$84="",N98="",COUNTA(N99)=1),AND(S$84="",W98="",COUNTA(W99)=1), AND(AB$84="",AF98="",COUNTA(AF99)=1)),"棟番号及び用途を入力してください。", IF(OR(AND(J$84<>"",N98="",COUNTA(N99)=1),AND(S$84<>"",W98="",COUNTA(W99)=1), AND(AB$84<>"",AF98="",COUNTA(AF99)=1)),"用途を入力してください。", IF(OR(AND(J$84="",COUNTA(N99)=1),AND(S$84="",COUNTA(W99)=1), AND(AB$84="",COUNTA(AF99)=1)),"棟番号を入力してください。",""))))
B100: チ．建築工事費予定額 | P100: 万円 | Y100: 万円 | AH100: 万円 | AS100: =COUNTIF(AN99:AN104, TRUE) -> 0 | AT100: =IF(OR(AND(J$84<>"",COUNTA(K100)=0), AND(S$84<>"",COUNTA(T100)=0), AND(AB$84<>"",COUNTA(AC100)=0)),"未入力があります。", IF(OR(AND(J$84="",COUNTA(K100)=1),AND(S$84="",COUNTA(T100)=1), AND(AB$84="",COUNTA(AC100)=1)),"棟番号を入力してください。","") ) -> 未入力があります。
AS101: =COUNTIF(AO99:AO104, TRUE) -> 0 | AT101: =IFERROR(IF(AND($T$96<>"",AS101>=2),"選択は1つまでです（2列目）。",IF(AND($T$96<>"",AS101=0),"未入力があります（2列目）。",IF(AND($T$96="",AS101>0),"棟番号を入力してください（2列目）。",""))),"") -> 未入力があります（2列目）。
N102: 消費税込み | W102: 消費税込み | AF102: 消費税込み | AN102: FALSE | AO102: FALSE | AP102: FALSE
B103: リ．新築工事の場合に おける地上の階数
P104: 階 | Y104: 階 | AH104: 階 | AT104: =IF(OR(AND(J$84="",COUNTA(K104)=1),AND(S$84="",COUNTA(T104)=1), AND(AB$84="",COUNTA(AC104)=1)),"棟番号を入力してください。","")
B105: ヌ．新築工事の場合に おける地下の階数 | AM105: =AT105 -> 0
K106: 地下 | P106: 階 | T106: 地下 | Y106: 階 | AC106: 地下 | AH106: 階 | AT106: =IF(OR(AND(J$84="",COUNTA(M106)=1),AND(S$84="",COUNTA(V106)=1), AND(AB$84="",COUNTA(AE106)=1)),"棟番号を入力してください。","")
A109: 【７．新築工事の場合における敷地面積】 | AA109: ㎡ | AT109: =IF(AND($AN$78=TRUE,R109=""),"未入力です。",IF(AND($AN$78=FALSE,R109<>""),"【４．工事種別】が新築以外の場合は回答は不要です。",""))
A112: （第三面）
AM113: =IF(AND($AL$87=TRUE,R113=""),"未入力",IF(AND($AL$87=FALSE,R113<>""),"入力不要",""))
A115: 【１．住宅部分の概要】
B116: イ．番号
B117: ロ．新設又は その他の別 | K117: (1)新設 | Q117: (2)その他 | AN117: FALSE | AO117: FALSE | AS117: =COUNTIF(AN117:AO117, TRUE) -> 0 | AT117: =IF(AND($J116<>"",COUNTIF(AN117:AP117,TRUE)=0),"未入力です。", IF(AND($J116<>"",COUNTIF(AN117:AP117,TRUE)>1),"選択は1つまでです。",""))
B118: ハ．新設住宅の資金 | K118: (1)民間資金住宅 | S118: (2)公営住宅 | Z118: (3)住宅金融支援機構住宅 | AM118: =IF(AND($I120<>"",COUNTIF(AN118:AP119,TRUE)=0),"未入力", IF(AND($I120<>"",COUNTIF(AN118:AP119,TRUE)>1),"複数選択","")) | AN118: FALSE | AO118: FALSE | AP118: FALSE | AS118: =COUNTIF(AN118:AP118, TRUE) -> 0 | AT118: =IF(AND($J$116<>"",AN117=TRUE,COUNTIF(AN118:AP119,TRUE)=0),"ロで新設を選んだ場合は回答が必要です。", IF(AND($J$116<>"",AN117<>TRUE,COUNTIF(AN118:AP119,TRUE)>0),"ロで新設を選んだ場合に回答してください。",""))
K119: (4)都市再生機構住宅 | U119: (5)その他 | AN119: FALSE | AO119: FALSE | AS119: =COUNTIF(AN119:AO119, TRUE) -> 0 | AT119: =IF(AND($J$116<>"",COUNTIF(AN118:AP119,TRUE)>1),"選択は1つまでです。","")
B120: ニ．住宅の建築工法 | K120: (1)在来工法 | R120: (2)プレハブ工法 | Y120: (3)枠組壁工法 | AM120: =IF(AND($I120<>"",COUNTIF(AN120:AP121,TRUE)=0),"未入力", IF(AND($I120<>"",COUNTIF(AN120:AP121,TRUE)>1),"複数選択","")) | AN120: FALSE | AO120: FALSE | AP120: FALSE | AS120: =COUNTIF(AN120:AP120, TRUE) -> 0 | AT120: =IF(AND($J$116<>"",COUNTIF(AN120:AP120,TRUE)=0),"未入力です。", IF(AND($J$116<>"",COUNTIF(AN120:AP120,TRUE)>1),"選択は1つまでです。",""))
B121: ホ．住宅の種類 | K121: (1)専用住宅 | R121: (2)併用住宅 | Y121: (3)その他の住宅 | AN121: FALSE | AO121: FALSE | AP121: FALSE | AS121: =COUNTIF(AN121:AP121, TRUE) -> 0 | AT121: =IF(AND(AND(J81>=30,J81<>"01",J81<>"02"),AP121=FALSE,J116<>""),"【５．主要用途】が産業専用建築物の場合、住宅の種類は（３）のみです", IF(AND($J$116<>"",COUNTIF(AN121:AP121,TRUE)=0),"未入力です。", IF(AND($J$116<>"",COUNTIF(AN121:AP121,TRUE)>1),"選択は1つまでです。","")))
B122: ヘ．住宅の建て方 | K122: (1)一戸建住宅 | R122: (2)長屋建住宅 | Y122: (3)共同住宅 | AM122: =IF(AND($I120<>"",COUNTIF(AN122:AP122,TRUE)=0),"未入力", IF(AND($I120<>"",COUNTIF(AN122:AP122,TRUE)>1),"複数選択","")) | AN122: FALSE | AO122: FALSE | AP122: FALSE | AS122: =COUNTIF(AN122:AP122, TRUE) -> 0 | AT122: =IF(AND($J$116<>"",COUNTIF(AN122:AP122,TRUE)=0),"未入力です。", IF(AND($J$116<>"",COUNTIF(AN122:AP122,TRUE)>1),"選択は1つまでです。",""))
B123: ト．利用関係 | K123: (1)持家 | R123: (2)貸家 | Y123: (3)給与住宅 | AF123: (4)分譲住宅 | AN123: FALSE | AO123: FALSE | AP123: FALSE | AQ123: FALSE | AS123: =COUNTIF(AN123:AQ123, TRUE) -> 0 | AT123: =IF(AND($J116<>"",COUNTIF(AN123:AQ123,TRUE)=0),"未入力です。","")
B124: チ．住宅の戸数 | O124: 戸 | V124: 戸 | AC124: 戸 | AJ124: 戸 | AM124: =IF(AND($I120<>"",COUNTIF(AN124:AP124,TRUE)=0),"未入力", IF(AND($I120<>"",COUNTIF(AN124:AP124,TRUE)>1),"複数選択","")) | AT124: =IF(AND($J116<>"",OR($J$81="01",$J$81="02",$J$81<=24)), IF(AND($J116<>"",COUNTA(J124,Q124,X124,AE124)=0),"未入力です。",""),"")
B125: リ．工事部分の 床面積の合計 | O125: ㎡ | V125: ㎡ | AC125: ㎡ | AJ125: ㎡ | AM125: =IF(AND($I120<>"",COUNTIF(AN125:AQ125,TRUE)=0),"未入力","") | AS125: =COUNTIF(AN122:AP122, TRUE) -> 0 | AT125: =IF(AND($J116<>"",COUNTA(J125,Q125,X125,AE125)=0),"未入力です。","")
AM126: =IF(AND($I120="",COUNTA(M129,S129,Z129,AG129)>0),"回答不要", IF(AND($I120<>"",OR($R$90<>"",$R$91<>""),COUNTIF(AN118:AP118,TRUE)>0), IF(AND($I120<>"",COUNTA(M129,S129,Z129,AG129)=0),"未入力",""),""))
AM127: =IF(AND($I120<>"",COUNTA(M130,S130,Z130,AG130)=0),"未入力","")
B128: イ．番号
B129: ロ．新設又は その他の別 | K129: (1)新設 | Q129: (2)その他 | AN129: FALSE | AO129: FALSE
B130: ハ．新設住宅の資金 | K130: (1)民間資金住宅 | S130: (2)公営住宅 | Z130: (3)住宅金融支援機構住宅 | AN130: FALSE | AO130: FALSE | AP130: FALSE
K131: (4)都市再生機構住宅 | U131: (5)その他 | AN131: FALSE | AO131: FALSE
B132: ニ．住宅の建築工法 | K132: (1)在来工法 | R132: (2)プレハブ工法 | Y132: (3)枠組壁工法 | AN132: FALSE | AO132: FALSE | AP132: FALSE
B133: ホ．住宅の種類 | K133: (1)専用住宅 | R133: (2)併用住宅 | Y133: (3)その他の住宅 | AN133: FALSE | AO133: FALSE | AP133: FALSE
B134: ヘ．住宅の建て方 | K134: (1)一戸建住宅 | R134: (2)長屋建住宅 | Y134: (3)共同住宅 | AN134: FALSE | AO134: FALSE | AP134: FALSE
...

Sheet 注意（工事届）20250101
A1: （注意） １．各面共通関係 数字は算用数字を、単位はメートル法を用いてください。また、小数点以下の数値は四捨五入してくだ さい。 ２．第一面関係 ① 工事施工者及び除却工事施工者の担当者の氏名欄及び担当者の電話番号欄並びに工事監理者の氏名欄 及び電話番号欄には、受付経由機関等が工事内容について確認を行う際に回答ができる担当者の氏名及 び電話番号を記入してください。 ② ※印のある欄は記入しないでください。 ③ 除却工事施工者欄は、既存の建築物を除却し、引き続き、当該敷地内において建築物を建築しようと する場合に記入してください。 ３．第二面関係 ① ２欄の「イ」及び「ロ」、３欄の「ロ」、４欄並びに６欄の「ニ」は、該当するチェックボックスに 「レ」マークを入れてください。 ② ２欄の「イ」において、「会社」とは、株式会社、合名会社、合資会社及び合同会社をいい、特別の 法律により設立された法人で会社であるものを含みます。 ③ ２欄の「ロ」は、建築主が会社であるときのみ記入してください。 ④ ３欄の「ロ」において、「区域区分非設定都市計画区域」とは、区域区分が定められていない都市計 画区域をいいます。 ⑤ 増築と改築とを同時に行うときは、４欄は床面積の大きい方の工事によつて区分してください。 ⑥ ５欄は、居住専用建築物の場合は、次の表の記号の中から該当するものを選んで記入してください。
B21: 主要用途の区分 | AF21: 記号
B22: 居住専用住宅 | J22: 住宅、住宅附属建築物（物置、車庫等） | AF22: 01
B23: 居住専用準住宅 | J23: 寮、合宿所、寄宿舎、準住宅附属建築物（物置、車庫等） | AF23: 02
A24: ⑦ ５欄は、居住産業併用建築物又は産業専用建築物の場合は、産業の用に供する部分について、次の表 の記号の中から該当するものを選んで記入してください。また、一敷地内に既存の建築物があるとき は、記入に際しては、その部分と新たに建築する部分とを総合して判断してください。
B26: 主要用途の区分 | AF26: 記号
AF27: 居住 産業 併用 | AI27: 産業 専用
B28: 農林水産業 | J28: 農業、林業、漁業、水産養殖業 | AF28: 10 | AI28: 30
B29: 鉱業、採石業、砂利採取業、建設業 | AF29: 11 | AI29: 31
B30: 製造業 | J30: 食料品製造業、飲料・たばこ・飼料製造業、繊維工業、木材・木製品製造業、家具・装備品製造業、パルプ・紙・紙加工品製造業、印刷・同関連業、化学工業、石油製品・石炭製品製造業、プラスチック製品製造業、ゴム製品製造業、なめし革・同製品・毛皮製造業、窯業・土石製品製造業、鉄鋼業、非鉄金属製造業、金属製品製造業、はん用機械器具製造業、生産用機械器具製造業、業務用機械器具製造業、電子部品・デバイス・電子回路製造業、電気機械器具製造業、情報通信機械器具製造業、輸送用機械器具製造業、その他の製造業 | AF30: 12 | AI30: 32
B31: 電気・ガス・熱供給・水道業 | AF31: 13 | AI31: 33
B32: 情報通信業 | J32: 通信業、放送業、情報サービス業、インターネット附随サービス業、映像・音声・文字情報制作業 | AF32: 14 | AI32: 34
B33: 運輸業 | J33: 鉄道業、道路旅客運送業、道路貨物運送業、水運業、航空運輸業、倉庫業、運輸に附帯するサービス業 | AF33: 15 | AI33: 35
B34: 卸売業、小売業 | AF34: 16 | AI34: 36
B35: 金融業、保険業 | AF35: 17 | AI35: 37
B36: 不動産業 | J36: 不動産取引業、不動産賃貸業・管理業 | AF36: 18 | AI36: 38
B37: 宿泊業、飲食サービス業 | J37: 宿泊業、飲食店、持ち帰り・配達飲食サービス業 | AF37: 19 | AI37: 39
B38: 教育、学習支援業 | J38: 学校教育、その他の教育、学習支援業（社会教育、学習塾及び教養・技能教授業ほか） | AF38: 20 | AI38: 40
B39: 医療、福祉 | J39: 医療業、保健衛生、社会保険・社会福祉・介護事業 | AF39: 21 | AI39: 41
B40: その他のサービス業 | J40: 郵便業（信書便事業を含む。）、郵便局、学術・開発研究機関、政治・経済・文化団体、旅行業、娯楽業、宗教、物品賃貸業、専門サービス業、広告業、技術サービス業、洗濯・理容・美容・浴場業、その他の生活関連サービス業、協同組合、サービス業 | AF40: 22 | AI40: 42
B41: 国家公務、地方公務 | AF41: 23 | AI41: 43
B42: 他に分類されないもの | AF42: 24 | AI42: 44
A44: ⑧ ６欄は、一の建築物（１棟）ごとに各列に記入してください。 ⑨ ６欄の「イ」は、建築物の数が１のときは「１」と記入し、建築物の数が２以上のときは、一の建築 物（１棟）ごとに通し番号を付し、その番号を記入してください。 ⑩ ６欄の「ロ」は、届出時点の物件名を記入してください。 ⑪ ６欄の「ハ」は、居住専用建築物の場合は、次の表の記号の中から該当するものを選んで記入してく ださい。
B50: 用途の分類 | AH50: 記号
B51: 一戸建ての住宅 | AH51: 08010
B52: 長屋 | AH52: 08020
B53: 共同住宅 | AH53: 08030
B54: 寄宿舎 | AH54: 08040
B55: 下宿 | AH55: 08050
A57: ⑫ ６欄の「ハ」は、居住産業併用建築物又は産業専用建築物の場合は、産業の用に供する部分につい て、次の表の記号の中から該当するものを選んで記入してください。一の建築物に、２種類以上の用途 （既存部分があるときは、その用途を含む。）があるときは、一番大きい床面積の用途について記入 し、３種類以上の用途（既存部分があるときは、その用途を含む。）があるときは、「多用途」のチェ ックボックスに「レ」マークを入れてください。
B63: 用途の分類 | AH63: 記号
B64: 一戸建ての住宅 | AF64: 08010 | AH64: 08010
B65: 長屋 | AF65: 08020 | AH65: 08020
B66: 共同住宅 | AF66: 08030 | AH66: 08030
B67: 寄宿舎 | AF67: 08040 | AH67: 08040
B68: 下宿 | AF68: 08050 | AH68: 08050
B69: 住宅で事務所、店舗その他これらに類する用途を兼ねるもの | AF69: 08060 | AH69: 08060
B70: 幼稚園 | AH70: 08070
B71: 小学校 | AH71: 08080
B72: 義務教育学校 | AH72: 08082
B73: 中学校、高等学校又は中等教育学校 | AH73: 08090
B74: 特別支援学校 | AH74: 08100
B75: 大学又は高等専門学校 | AH75: 08110
B76: 専修学校 | AH76: 08120
B77: 各種学校 | AH77: 08130
B78: 幼保連携型認定こども園 | AH78: 08132
B79: 図書館その他これに類するもの | AH79: 08140
B80: 博物館その他これに類するもの | AH80: 08150
B81: 美術館その他これに類するもの | AH81: 08152
... B136: その他 | AH136: 08990
A138: ⑬ ６欄の「ニ」は、次の表の記号の中から該当するものを選んで記入してください。工事部分が２種類 以上の構造からなるときは、床面積が最も大きい部分の構造について記入してください。
B140: 構造の区分 | AH140: 記号
B141: 木造 | AH141: 01
B142: 鉄骨鉄筋コンクリート造 | AH142: 02
B143: 鉄筋コンクリート造 | AH143: 03
B144: 鉄骨造 | AH144: 04
B145: コンクリートブロック造 | AH145: 05
B146: その他 | AH146: 06
A148: ⑭ ６欄の「ホ」は、その建築物の規模に見合った月数を記入してください。 ⑮ ６欄の「ト」は、床面積が大きい順に３種類までの用途について、（注意）３．⑫に準じて該当する 記号を記入してください。 ⑯ ６欄の「チ」は、建築設備費を含んだ額を記入してください。消費税込みの金額である場合は、チェ ックボックスに「レ」マークを入れてください。
A153: ４．第三面関係 ① １欄は、建築物が居住専用住宅又は居住産業併用建築物（工事部分が産業の用のみに供する部分であ る場合を除く。）である場合に記入してください。当該建築物の数が２以上のときは、一の建築物（１ 棟）ごとに記入してください。 ② ２欄は、既存の建築物を除却し、引き続き、当該敷地内において建築物を建築しようとする場合にお いて、当該除却しようとする建築物について記入してください。 ③ １欄の「イ」は、第二面の６欄の「イ」に記入した番号と同じ番号を記入してください。 ④ １欄の「ロ」から「ト」までは、該当するチェックボックスに「レ」マークを入れてください。ただ し、建築物が住宅の附属建築物の場合においては、「ニ」から「ト」までは、当該建築物が附属する住 宅が該当するチェックボックスに「レ」マークを入れてください。 ⑤ １欄の「ロ」において、「新設」とは、新築、増築又は改築によって居室、台所及び便所のある独立 して居住し得る住宅が新たに造られるものをいいます。例えば、既存住宅の棟続きであっても、居室、 台所又は便所を整えて独立して居住し得るものは「新設」に含まれます。「その他」とは、住宅の附属 建築物又は増築若しくは改築によって造られる住宅で新設に該当しないものをいいます。例えば、一敷 地内に既存住宅があって、別棟に50平方メートルの居室だけを建築しても、新たに造られた部分だけで は独立して居住し得ないから「その他」に含まれます。
A168: ⑥ １欄の「ハ」は、当該住宅が新設のときのみ記入してください。「民間資金住宅」とは、国、地方公 共団体、独立行政法人住宅金融支援機構等の公的な機関の資金に全くよらず、民間資金のみで建てる住 宅をいいます。「住宅金融支援機構住宅」とは、独立行政法人住宅金融支援機構から建設資金の融資を 受けた住宅をいい、融資額の大小は問いません。「都市再生機構住宅」とは、独立行政法人都市再生機 構が分譲又は賃貸を目的として建てた住宅をいいます。 ⑦ １欄の「ニ」において、「在来工法」とは、プレハブ工法及び枠組壁工法以外の工法をいいます。 「プレハブ工法」とは、住宅の壁、柱、床、はり、屋根又は階段等の主要構造部材を工場で生産し、現 場で組立建築する工法をいいます。「枠組壁工法」とは、木材で組まれた枠組に構造用合板その他これ に類するものを打ち付けた床及び壁により建築物を建築する工法で、一般には、ツーバイフォー工法と いわれるものです。 ⑧ １欄の「ホ」において、「専用住宅」とは、専ら居住の目的だけのために建築するもので、住宅内に 店舗、事務所、作業場等の業務の用に供する部分がないものをいいます。「併用住宅」とは、住宅内に 店舗、事務所、作業場等の業務の用に供する部分があつて居住部分と機能的に結合して戸をなしている もので、居住部分の床面積の合計が建築物の床面積の合計の５分の１以上のものをいいます。「その他 の住宅」とは、主に工場、学校、官公署、旅館、下宿屋、浴場、社寺等の建築物に付属して、これと結 合している住宅をいいます。
A183: ⑨ １欄の「ヘ」において、「長屋建住宅」とは、廊下、階段等を共用しない２戸以上の住宅を連続する 建て方の住宅（連続建）をいい、廊下、階段等を共用しないで２戸以上の住宅を重ねたもの（重ね建） を含みます。「共同住宅」とは、長屋建住宅以外の住宅で、一の建築物内に２戸以上の住宅があるもの をいい、一般的には、アパート又はマンションといわれるものです。 ⑩ 一件の建築工事で１欄の「ト」の(1)から(4)までに掲げる住宅の利用関係が２種類以上となる場合 は、１欄の「チ」及び「リ」は当該住宅の利用関係の種類ごとに記入してください。 ⑪ ２欄の「イ」において居住専用建築物の場合は、（注意）３．⑥に準じて該当する記号を記入してく ださい。 ⑫ ２欄の「イ」において居住産業併用建築物又は産業専用建築物の場合は、（注意）３．⑦に準じて該 当する記号を記入してください。また、一敷地内に除却しようとする建築物以外に既存の建築物がある ときは、記入に際しては、その部分と除却しようとする部分とを総合して判断してください。 ⑬ ２欄の「ロ」、「ハ」及び「ヘ」は、該当するチェックボックスに「レ」マークを入れてください。 ※この届は国の統計調査において利用される場合があります。

Sheet 委任状
A1: TKC－第 1－2 号様式
A5: 委 任 状
A7: （確認申請・中間検査・完了検査・仮使用認定等）
A9: 私は下記の者を代理人と定め、株式会社都市建築確認センターに対する下記の業務に関する手続き等及び交付される文書の受領の権限を委任します。
A17: 記
A20: 委任する業務 （該当項目をチェック）
I21: □ | J21: 確認申請業務 | U21: □ | V21: 軽微変更届出業務
I23: □ | J23: 記載事項等届出業務 | U23: □ | V23: 中間検査業務
I25: □ | J25: 完了検査業務 | U25: □ | V25: 仮使用認定業務
A27: 建築物の名称 | H27: ='第二面-3'!A52 -> 0
A29: 敷地の地名地番 | H29: =第三面!F4 -> 0
A31: 委任先 | H31: （氏 名） | M31: =第二面!K12
H33: （会社名） | M33: =第二面!K14
H35: （住 所） | M35: =第二面!K16
L43: 令和 | P43: 年 | S43: 月 | V43: 日
M45: 住 所 | P45: =第二面!K7 -> 0
M48: 氏 名 | P48: =建築主１!B2&CHAR(10)&建築主１!D2 -> 0

Sheet 連絡先
A2: TKC－第 1－4－2 号様式 | T2: =IF(AA2="","",IF(AA2<43586,TEXT(AA2,"ggge年m月d日"),IF(AA2<43831,TEXT(AA2,"令和元年m月d日"),("令和"&(YEAR(AA2)-2018)&"年")&TEXT(AA2,"m月d日"))))
A3: 予備審査事前連絡先記入シート(確認審査用)
M4: ※印の項目については必ずご記入をお願いします。
A5: ※物 件 名 | C5: =IF('第二面-3'!A52<>"",'第二面-3'!A52,"")
A7: ※ご担当者様 (質疑等送付先) | C7: 意 匠 担 当 | H7: 会社名
H8: 氏 名
H9: T E L | Q9: FAX
H10: MAIL
C11: 構 造 担 当 | H11: 会社名
H12: 氏 名
H13: T E L | Q13: FAX
H14: MAIL
C15: 設 備 担 当 | H15: 会社名
H16: 氏 名
H17: T E L | Q17: FAX
H18: MAIL
A19: 注意： 申請手数料欄は仮受時に不明の場合は未記入でもよいですが、本受付時に未記入ですと本受付になりませんので、御注意ください。
A20: ※申請手数料 | C20: 請求書宛名
C21: 電話番号
C22: 請求書送付先名
C23: 住 所
C24: 電話番号 | Q24: 郵便番号
C25: メールアドレス
A26: ※提出図書 | C26: 提出書類
C27: 正 | D27: 副 | E27: 関連図書 | O27: 備考（不足書類等あれば記載してください。）
C28: □ | D28: □ | E28: 意匠関連図面
C29: □ | D29: □ | E29: 設備関連図面
C30: □ | D30: □ | E30: 構造関連図面
C31: □ | D31: □ | E31: 構造計算書
C32: □ | D32: □
A33: ※ 追加項目 | C33: 有 | E33: 項目 | O33: 備考
C34: □ | E34: 構造計算適合性判定（構造適判）（※他機関）
C35: □ | E35: 構造計算ルート２
C36: □ | E36: 性能検証法（耐火・避難・防火区画）
C37: □
A38: 他制度申請 | C38: 申請予定（複数選択可）
C39: 同時 | D39: 予定 | E39: 制度 | O39: 交付期限
C40: □ | D40: □ | E40: 建築物エネルギー消費性能適合性判定（省エネ適判） | O40: 確認申請交付まで
C41: □ | D41: □ | E41: 設計住宅性能評価
C42: □ | D42: □ | E42: 建設住宅性能評価 | O42: 初回検査まで（基礎配筋検査等）
C43: □ | D43: □ | E43: 長期優良住宅技術的審査業務 | O43: 適合証交付後、工事着工前に所管行政庁に申請書を提出
C44: □ | D44: □ | E44: 低炭素建築物技術的審査業務 | O44: 適合証交付後、工事着工前に所管行政庁に申請書を提出
C45: □ | D45: □ | E45: BELS評価
C46: □ | D46: □ | E46: 住宅性能証明 （確認交付後受付） | O46: 初回検査まで（基礎配筋検査等）
C47: □ | D47: □ | E47: 適合証明（フラット３５等） | O47: 適合証明で規定する中間検査まで（共同住宅除く）
C48: □ | D48: □
A49: 建確センター記入欄 仮受日： 月 日

Sheet 調査表
A1: TKC－第１－４号様式 | AB1: （第 1 面）
A2: 予 備 審 査 調 査 表
A4: 建物名称： | D4: =IF('第二面-3'!A52<>"",'第二面-3'!A52,"")
A6: 建築場所： | D6: =IF(第三面!F4="","",第三面!F4) | T6: 調査者名：
A8: 申 請 者： | D8: =IF(第二面!K5="","",第二面!K5) | T8: 連 絡 先：
A10: 項 目 | F10: 調 査 欄 | Y10: 調査方法※ | AB10: 当社確認
A11: 都市計画区域 | F11: =第三面!D7 -> □ | G11: 都市計画区域 準都市計画区域 | P11: =第三面!K8 -> □ | Q11: 都市・準都市計画区域外
F12: ( | G12: =第三面!K7 -> □ | H12: 市街化区域 | L12: =第三面!P7 -> □ | M12: 市街化調整区域 | R12: =第三面!V7 -> □ | S12: 区域区分設定無し）
F13: 調整区域内の許可： | L13: □ | M13: 有 | P13: =IF(P11="□","□",IF(AND(L13="■"),"□","■")) -> □ | Q13: 無
A14: 用途地域 | F14: =IF(OR(ISNUMBER(SEARCH("第１種低層",第三面!J18)),ISNUMBER(SEARCH("第１種低層",第三面!O18)),ISNUMBER(SEARCH("第１種低層",第三面!T18)),ISNUMBER(SEARCH("第１種低層",第三面!Y18))),"■","□") -> □ | G14: 第 1 種低層住居専用地域 | O14: =IF(OR(ISNUMBER(SEARCH("第２種低層",第三面!J18)),ISNUMBER(SEARCH("第２種低層",第三面!O18)),ISNUMBER(SEARCH("第２種低層",第三面!T18)),ISNUMBER(SEARCH("第２種低層",第三面!Y18))),"■","□") -> □ | P14: 第 2 種低層住居専用地域
F15: =IF(OR(ISNUMBER(SEARCH("第１種中高層",第三面!J18)),ISNUMBER(SEARCH("第１種中高層",第三面!O18)),ISNUMBER(SEARCH("第１種中高層",第三面!T18)),ISNUMBER(SEARCH("第１種中高層",第三面!Y18))),"■","□") -> □ | G15: 第 1 種中高層住居専用地域 | O15: =IF(OR(ISNUMBER(SEARCH("第２種中高層",第三面!J18)),ISNUMBER(SEARCH("第２種中高層",第三面!O18)),ISNUMBER(SEARCH("第２種中高層",第三面!T18)),ISNUMBER(SEARCH("第２種中高層",第三面!Y18))),"■","□") -> □ | P15: 第 2 種中高層住居専用地域
F16: =IF(OR(ISNUMBER(SEARCH("第１種住居",第三面!J18)),ISNUMBER(SEARCH("第１種住居",第三面!O18)),ISNUMBER(SEARCH("第１種住居",第三面!T18)),ISNUMBER(SEARCH("第１種住居",第三面!Y18))),"■","□") -> □ | G16: 第 1 種住居地域 | L16: =IF(OR(ISNUMBER(SEARCH("第２種住居",第三面!J18)),ISNUMBER(SEARCH("第２種住居",第三面!O18)),ISNUMBER(SEARCH("第２種住居",第三面!T18)),ISNUMBER(SEARCH("第２種住居",第三面!Y18))),"■","□") -> □ | M16: 第 2 種住居地域 | S16: =IF(OR(第三面!J18="準住居地域",第三面!O18="準住居地域",第三面!T18="準住居地域",第三面!Y18="準住居地域"),"■","□") -> □ | T16: 準住居地域
F17: =IF(OR(第三面!J18="近隣商業地域",第三面!O18="近隣商業地域",第三面!T18="近隣商業地域",第三面!Y18="近隣商業地域"),"■","□") -> □ | G17: 近隣商業地域 | L17: =IF(OR(第三面!J18="商業地域",第三面!O18="商業地域",第三面!T18="商業地域",第三面!Y18="商業地域"),"■","□") -> □ | M17: 商業地域
F18: =IF(OR(第三面!J18="準工業地域",第三面!O18="準工業地域",第三面!T18="準工業地域",第三面!Y18="準工業地域"),"■","□") -> □ | G18: 準工業地域 | K18: =IF(OR(第三面!J18="工業地域",第三面!O18="工業地域",第三面!T18="工業地域",第三面!Y18="工業地域"),"■","□") -> □ | L18: 工業地域 | P18: =IF(OR(第三面!J18="工業専用地域",第三面!O18="工業専用地域",第三面!T18="工業専用地域",第三面!Y18="工業専用地域"),"■","□") -> □ | Q18: 工業専用地域
F19: =IF(OR(第三面!J18="指定なし",第三面!O18="指定なし",第三面!T18="指定なし",第三面!Y18="指定なし"),"■","□") -> □ | G19: 指定無し
A20: 容積率／建ぺい率 | F20: ( | G20: =第三面!J20 -> 0 | H20: / | I20: =第三面!J22 -> 0 | J20: )( | K20: =IF(第三面!O20="","",第三面!O20) | L20: / | M20: =IF(第三面!O22="","",第三面!O22) | N20: )( | O20: =IF(第三面!T20="","",第三面!T20) | P20: / | Q20: =IF(第三面!T22="","",第三面!T22) | R20: )( | S20: =IF(第三面!Y20="","",第三面!Y20) | T20: / | U20: =IF(第三面!Y22="","",第三面!Y22) | V20: )
A21: 防火地域 | F21: =第三面!K9 -> □ | G21: 防火地域 | J21: =第三面!P9 -> □ | K21: 準防火地域 | O21: =第三面!V9 -> □ | P21: 指定無し
F22: □ | G22: 法 22 条指定区域 | L22: □ | M22: その他（新防火地域・その他 ）
A23: 高度地区 | F23: □ | I23: ( | K23: ｍ) | P23: □ | Q23: その他( | W23: ）
F24: □ | G24: 最高限高度地区( | L24: ｍ) | M24: □ | N24: 最低限高度地区( | S24: ｍ) | V24: =IF(OR(F23="■",P23="■",F24="■",M24="■"),"□","■") -> ■ | W24: 無
A25: 日影規制 | F25: □ | G25: 日影規制値（ | J25: 5 | K25: ｈ／ | L25: 3 | M25: ｈ | N25: 測定面 | P25: 4 | Q25: ｍ） | V25: =IF(F25="■","□","■") -> ■ | W25: 無
F26: □ | G26: 適用外： | I26: □ | J26: 最高 10ｍ以下（ | N26: =IF(I26="■",#REF!,"") | P26: ｍ） | Q26: □ | R26: 軒高 7ｍ以下（ | V26: =IF(Q26="■",#REF!,"") | X26: ｍ）
A27: 特別用途地区 | F27: □ | G27: 特工( )種 | J27: □ | K27: 文教( )種 | N27: □ | O27: 中高層( )種 | S27: □ | T27: その他 | V27: =IF(OR(F27="■",J27="■",N27="■",S27="■"),"□","■") -> ■ | W27: 無
A28: 都市計画施設 | F28: □ | G28: 道路 | I28: □ | J28: 公園 | L28: □ | M28: その他（ | S28: ） | V28: =IF(OR(F28="■",I28="■",L28="■"),"□","■") -> ■ | W28: 無
F29: 許可： | H29: □ | I29: 有 | J29: =IF(V28="■","□",IF(AND(H29="■"),"□","■")) -> □ | K29: 無
A30: 地区計画 | F30: □ | G30: 有 | H30: （ | K30: ）地区計画 条例(法 68 条の 2、都計法 58 条の 2) | V30: =IF(F30="■","□","■") -> ■ | W30: 無
F31: 届出： | H31: □ | I31: 有 | K31: =IF(V30="■","□",IF(AND(H31="■"),"□","■")) -> □ | L31: 無 | O31: 認定： | Q31: □ | R31: 有 | T31: =IF(V30="■","□",IF(AND(Q31="■"),"□","■")) -> □ | U31: 無
A32: 敷地制限等 | F32: 最低敷地規模： | J32: □ | K32: 有（ | M32: ㎡以上） | V32: =IF(J32="■","□","■") -> ■ | W32: 無
F33: 外壁後退： | I33: □ | J33: 有（隣地 | M33: ｍ以上 道路 | Q33: ｍ以上） | V33: =IF(I33="■","□","■") -> ■ | W33: 無
A34: 道路種別 | F34: □ | G34: 42 条第 1 項（ | K34: ）号 | N34: （幅員 | R34: ｍ | S34: ・ | V34: ｍ）
F35: □ | G35: 42 条第 1 項（ | K35: ）号 | N35: （幅員 | R35: ｍ | S35: ・ | V35: ｍ）
F36: □ | G36: 42 条第 1 項（ | K36: ）号 | N36: （幅員 | R36: ｍ | S36: ・ | V36: ｍ）
F37: □ | G37: 42 条第 1 項 4・5 号 | N37: （幅員 | R37: ｍ | S37: ・ | V37: ｍ）
F38: （指定： | J38: 年 | L38: 月 | N38: 日 | P38: 第 | W38: 号）
F39: □ | G39: 42 条第 2 項： | L39: （幅員 | P39: ｍ） | Q39: 現況幅員（ | V39: ｍ）
F40: 狭隘拡幅制度： | J40: □ | K40: 有（ | N40: 年 | P40: 月 | R40: 日 | S40: 第 | X40: 号）
F41: □ | G41: 43 条但し書き許可 | K41: （ | N41: 年 | P41: 月 | R41: 日 | S41: 第 | X41: 号）
A42: 特記事項
A45: ※ 調査方法 | F45: Ａ：行政庁窓口で直接確認
F46: Ｂ：行政庁ホームページにおいて確認
F47: Ｃ：その他（具体的に調査方法を記入）
AB48: （第 ２ 面）
A49: 項 目 | F49: 調 査 欄 | Y49: 調査方法※ | AB49: 当社確認
A50: 基準法の許可 | F50: □ | G50: 有（内容： | R50: ） | S50: =IF(F50="■","□","■") -> ■ | T50: 無
A51: 基準法の条例 | F51: □ | G51: 該当（条例名： | R51: ） | S51: =IF(F51="■","□","■") -> ■ | T51: 非該当
A52: 土地区画整理事業その他の都市計画事業 | F52: 土地区画整理事業 | K52: □ | L52: 計画決定 | O52: □ | P52: 事業決定 | S52: =IF(OR(K52="■",O52="■"),"□","■") -> ■ | T52: 指定無し
F53: 市街地再開発事業 | K53: □ | L53: 計画決定 | O53: □ | P53: 事業決定 | S53: =IF(OR(K53="■",O53="■"),"□","■") -> ■ | T53: 指定無し
F54: 都市計画道路事業 | K54: □ | L54: 計画決定 | O54: □ | P54: 事業決定 | S54: =IF(OR(K54="■",O54="■"),"□","■") -> ■ | T54: 指定無し
A55: 開発許可 その他の地区 | F55: 開発許可 | I55: □ | J55: 有 | K55: =IF(V56="■","□",IF(AND(I55="■"),"□","■")) -> □ | L55: 無 | N55: □ | O55: 高度利用地区 | T55: □ | U55: 緑地保全地区
F56: □ | G56: 宅地造成等規制地区 | M56: □ | N56: その他（ ） | V56: =IF(OR(N55="■",T55="■",F56="■",M56="■"),"□","■") -> ■ | W56: 無
A57: 建築協定区域 | F57: □ | G57: 有（届出 | K57: 年 | M57: 月 | O57: 日） | S57: =IF(F57="■","□","■") -> ■ | T57: 無
A58: 中高層建築物 | F58: □ | G58: 該当 | H58: （理由： | R58: ） | S58: =IF(F58="■","□","■") -> ■ | T58: 非該当
A59: 駐輪場条例 | F59: 対象建築物： | J59: □ | K59: 該当 | N59: =IF(J59="■","□","■") -> ■ | O59: 非該当
A60: 駐車場法 | F60: □ | G60: 駐車場整備地区 | K60: □ | L60: 周辺地区 | Q60: 付置義務： | T60: □ | U60: 有 | V60: =IF(T60="■","□","■") -> ■ | W60: 無
A61: 風致地区 | F61: □ | G61: 第 1 種 | K61: □ | L61: 第 2 種 | P61: =IF(OR(F61="■",K61="■"),"□","■") -> ■ | Q61: 無
A62: バリアフリー法 | F62: □ | G62: 該当（ | I62: □ | J62: 法令 | L62: □ | M62: 条例） | Q62: =IF(F62="■","□","■") -> ■ | R62: 非該当
A63: 下水道 | F63: ■ | G63: 公共下水道 | K63: =IF(F63="■","□","■") -> □ | L63: その他（浄化槽）
A64: 都市緑地法 | F64: □ | G64: 該当 | I64: □ | J64: 許可： | L64: □ | M64: 有 | N64: =IF(I64="□","□",IF(L64="■","□","■")) -> □ | O64: 無 | R64: =IF(F64="■","□","■") -> ■ | S64: 非該当
A65: 港湾法の適用 | F65: □ | G65: 有 | J65: =IF(F65="■","□","■") -> ■ | K65: 無
A66: 宅地等規制区域 | F66: □ | G66: 区域内 | I66: =IF(F66="■","□","■") -> ■ | J66: 区域外 | N66: 許可 | P66: □ | Q66: 有 | R66: =IF(F66="□","□",IF(AND(P66="■"),"□","■")) -> □ | S66: 無
A67: 急傾斜地崩壊地区 | F67: □ | G67: 区域内 | I67: =IF(F67="■","□","■") -> ■ | J67: 区域外 | N67: 許可 | P67: □ | Q67: 有 | R67: =IF(F67="□","□",IF(AND(P67="■"),"□","■")) -> □ | S67: 無
A68: その他規制等 | F68: □ | G68: 有 | H68: （内容： | Q68: ） | R68: =IF(F68="■","□","■") -> ■ | S68: 無
A70: 特別に個別相談・打合せ等を行った内容については、年月日、関係部局、消防・保健所等の部署・担当者等を下記に記載してください。
A71: 打合せ等種別 | E71: 年月日 | J71: 関係部署 | N71: 担当者名 | R71: 打合せ内容 | AB71: 当社確認
A72: 道路関係
A77: 都市計画関係
A82: 消防法等関係
A87: その他
A92: 特 記 事 項 | AB92: 当社決裁欄
A110: 第１種
A111: 第２種
A112: 第３種
A113: 第４種
A114: 第５種
A115: 第６種
A116: 第７種

Sheet ←確認申請はここまで　→ここからは検査書類
D6: このシートから右にあるシートは中間・完了検査用書類です。
D9: 中間・完了検査の共通書類と個別書類を組み合わせて作成ください。
D13: 中間検査 | J13: 完了検査
D15: ● 中間第一面 | J15: ● 完了第一面
D16: ● 共通第二面 | J16: ● 共通第二面
D17: ● 共通第二面-2（複数建築主の場合） | J17: ● 共通第二面-2（複数建築主の場合）
D18: ● 中間第三面 | J18: ● 完了第三面
D19: ● 共通第四面 | J19: ● 共通第四面

Sheet 共通第二面（検査入力）
A1: 入力１
A2: 【資格】 | K2: ( | P2: )建築士( | W2: ）登録第 | AF2: 号
A3: 【氏名】
A4: 【建築士事務所名】 | K4: ( | O4: )建築士事務所( | W4: )知事登録第 | AF4: 号
A6: 【郵便番号】
A7: 【所在地】
A8: 【電話番号】
A9: 【作成、確認、照合設計図書】
A10: 【資格番号等】
A11: 入力２
A12: 【資格】 | K12: ( | P12: )建築士( | W12: ）登録第 | AF12: 号
A13: 【氏名】
A14: 【建築士事務所名】 | K14: ( | O14: )建築士事務所( | W14: )知事登録第 | AF14: 号
A16: 【郵便番号】
A17: 【所在地】
A18: 【電話番号】
A19: 【作成、確認、照合設計図書】
A20: 【資格番号等】
A21: 入力３
A22: 【資格】 | K22: ( | P22: )建築士( | W22: ）登録第 | AF22: 号
A23: 【氏名】
A24: 【建築士事務所名】 | K24: ( | O24: )建築士事務所( | W24: )知事登録第 | AF24: 号
A26: 【郵便番号】
A27: 【所在地】
A28: 【電話番号】
A29: 【作成、確認、照合設計図書】
A30: 【資格番号等】
A31: 入力４
A32: 【資格】 | K32: ( | P32: )建築士( | W32: ）登録第 | AF32: 号
A33: 【氏名】
A34: 【建築士事務所名】 | K34: ( | O34: )建築士事務所( | W34: )知事登録第 | AF34: 号
A36: 【郵便番号】
A37: 【所在地】
A38: 【電話番号】
A39: 【作成、確認、照合設計図書】
A40: 【資格番号等】
A41: 入力５
A42: 【資格】 | K42: ( | P42: )建築士( | W42: ）登録第 | AF42: 号
A43: 【氏名】
A44: 【建築士事務所名】 | K44: ( | O44: )建築士事務所( | W44: )知事登録第 | AF44: 号
A46: 【郵便番号】
A47: 【所在地】
A48: 【電話番号】
A49: 【作成、確認、照合設計図書】
A50: 【資格番号等】
A51: 入力６
A52: 【資格】 | K52: ( | P52: )建築士( | W52: ）登録第 | AF52: 号
A53: 【氏名】
A54: 【建築士事務所名】 | K54: ( | O54: )建築士事務所( | W54: )知事登録第 | AF54: 号
A56: 【郵便番号】
A57: 【所在地】
A58: 【電話番号】
A59: 【作成、確認、照合設計図書】
A60: 【資格番号等】
A61: 入力７
A62: 【資格】 | K62: ( | P62: )建築士( | W62: ）登録第 | AF62: 号
A63: 【氏名】
A64: 【建築士事務所名】 | K64: ( | O64: )建築士事務所( | W64: )知事登録第 | AF64: 号
A66: 【郵便番号】
A67: 【所在地】
A68: 【電話番号】
A69: 【作成、確認、照合設計図書】
A70: 【資格番号等】
A71: 入力８
A72: 【資格】 | K72: ( | P72: )建築士( | W72: ）登録第 | AF72: 号
A73: 【氏名】
A74: 【建築士事務所名】 | K74: ( | O74: )建築士事務所( | W74: )知事登録第 | AF74: 号
A76: 【郵便番号】
A77: 【所在地】
A78: 【電話番号】
A79: 【作成、確認、照合設計図書】
A80: 【資格番号等】
A81: 入力９
A82: 【資格】 | K82: ( | P82: )建築士( | W82: ）登録第 | AF82: 号
A83: 【氏名】
A84: 【建築士事務所名】 | K84: ( | O84: )建築士事務所( | W84: )知事登録第 | AF84: 号
A86: 【郵便番号】
A87: 【所在地】
A88: 【電話番号】
A89: 【作成、確認、照合設計図書】
A90: 【資格番号等】
A91: 入力１０
A92: 【資格】 | K92: ( | P92: )建築士( | W92: ）登録第 | AF92: 号
A93: 【氏名】
A94: 【建築士事務所名】 | K94: ( | O94: )建築士事務所( | W94: )知事登録第 | AF94: 号
A96: 【郵便番号】
A97: 【所在地】
A98: 【電話番号】
A99: 【作成、確認、照合設計図書】
A100: 【資格番号等】
A126: 適判
A127: 一般財団法人 日本建築センター | AA127: 国土交通大臣
A128: ビューローベリタスジャパン株式会社 | AA128: 東京都 | AF128: 東京都知事
A129: 一般財団法人 ベターリビング・建築評価センター | AA129: 神奈川県 | AF129: 神奈川県知事
A130: 株式会社 東京建築検査機構 | AA130: 埼玉県 | AF130: 埼玉県知事
A131: 日本建築検査協会株式会社 | AA131: 千葉県 | AF131: 千葉県知事
A132: 株式会社 国際確認検査センター | AA132: 群馬県 | AF132: 群馬県知事
A133: 株式会社 都市居住評価センター | AA133: 栃木県 | AF133: 栃木県知事
A134: 一般財団法人 日本建築設備・昇降機センター | AA134: 茨城県 | AF134: 茨城県知事
A135: 日本ＥＲＩ株式会社 | AA135: 北海道 | AF135: 北海道知事
...

Sheet 中間第一面
A1: 第二十六号様式（第四条の八、第四条の十一の二関係）（Ａ４）
A5: 中間検査申請書
A8: （第一面）
A11: 建築基準法第７条の３第１項又は第７条の４第１項（これらの規定を同法第８７条の４又は第８８条第１項において準用する場合を含む。）の規定により、検査を申請します。この申請書及び添付図書に記載の事項は、事実に相違ありません。
A15: 株式会社 都市建築確認センター 御中
V18: 令和 | X18: =IF(AE18="","",(YEAR(AE18)-2018)) | Y18: 年 | Z18: =IF(AE18="","",MONTH(AE18)) | AA18: 月 | AB18: =IF(AE18="","",DAY(AE18)) | AC18: 日
M19: 申請者氏名 | Q19: =IF(第一面!T19="","",第一面!T19)
Q20: =IF(第一面!T20="","",第一面!T20)
Q22: =IF(第一面!T22="","",第一面!T22)
Q23: =IF(第一面!T23="","",第一面!T23) | AC23: =IF(Q22<>"","印","")
D25: 第四面に記載の事項は、事実に相違ありません。
K27: 工事監理者氏名 | Q27: =共通第二面!K63
Q28: =共通第二面!K61
B30: 【検査を申請する建築物等】
D31: ■ | E31: 建築物 | L31: □ | M31: 建築設備（昇降機） | U31: □ | V31: 建築設備（昇降機以外）
D32: □ | E32: 工作物（昇降機） | L32: □ | M32: 工作物（法８８条第１項） | U32: □ | V32: 工作物（法８８条第２項）
A34: ※ 受 付 欄 | I34: ※検査の特例欄 | N34: ※検査欄 | R34: ※決裁欄 | V34: ※中間検査合格証欄
A37: 令和 | D37: 年 | F37: 月 | H37: 日 | V37: 令和 | Y37: 年 | AA37: 月 | AC37: 日
A40: 第 | B40: ="TKC"&" "&"建中"&IF(LEFT(第三面!F4,1)="山","梨",LEFT(第三面!F4,1)) -> TKC 建中 | H40: 号 | V40: 第 | W40: =B40 -> TKC 建中 | AC40: 号
A43: 係員氏名 | V43: 係員氏名

Sheet 完了第一面
A1: 第十九号様式（第四条、第四条の四の二関係）（Ａ４）
A5: 完了検査申請書
A8: （第一面）
A11: 建築基準法第７条第１項又は第７条の２第１項（これらの規定を同法第８７条の４又は第８８条第１項若しくは第２項において準用する場合を含む。）の規定により、検査を申請します。この申請書及び添付図書に記載の事項は、事実に相違ありません。
A15: 株式会社 都市建築確認センター 御中
V18: 令和 | X18: =IF(AE18="","",(YEAR(AE18)-2018)) | Y18: 年 | Z18: =IF(AE18="","",MONTH(AE18)) | AA18: 月 | AB18: =IF(AE18="","",DAY(AE18)) | AC18: 日
M19: 申請者氏名 | Q19: =IF(第一面!T19="","",第一面!T19)
Q20: =IF(第一面!T20="","",第一面!T20)
Q22: =IF(第一面!T22="","",第一面!T22)
Q23: =IF(第一面!T23="","",第一面!T23) | AC23: =IF(Q22<>"","印","")
D25: 第四面に記載の事項は、事実に相違ありません。
K27: 工事監理者氏名 | Q27: =共通第二面!K63
Q28: =共通第二面!K61
B30: 【検査を申請する建築物等】
D31: ■ | E31: 建築物 | L31: □ | M31: 建築設備（昇降機） | U31: □ | V31: 建築設備（昇降機以外）
D32: □ | E32: 工作物（昇降機） | L32: □ | M32: 工作物（法８８条第１項） | U32: □ | V32: 工作物（法８８条第２項）
A34: ※ 受 付 欄 | I34: ※検査の特例欄 | N34: ※検査欄 | R34: ※決裁欄 | V34: ※検査済証欄
A37: 令和 | D37: 年 | F37: 月 | H37: 日 | V37: 令和 | Y37: 年 | AA37: 月 | AC37: 日
A40: 第 | B40: ="TKC"&" "&"建完"&IF(LEFT(第三面!F4,1)="山","梨",LEFT(第三面!F4,1)) -> TKC 建完 | H40: 号 | V40: 第 | W40: =B40 -> TKC 建完 | AC40: 号
A43: 係員氏名 | V43: 係員氏名

Sheet 共通第二面
A1: （第二面）
A2: 建築主等の概要
A3: 【1．建築主、設置者又は築造主】
A4: 【ｲ．氏名のﾌﾘｶﾞﾅ】 | K4: =第二面!K4 -> 0
A5: 【ﾛ．氏名】 | K5: =第二面!K5 -> 0
A6: 【ﾊ．郵便番号】 | K6: =第二面!K6 -> 0
A7: 【ﾆ．住所】 | K7: =第二面!K7 -> 0
A8: 【ﾎ．電話番号】 | K8: =IF(第二面!K8<>"",第二面!K8,"")
A10: 【2．代理者】
A11: 【ｲ．資格】 | K11: ( | L11: =IF(AE11<>"",IFERROR(VLOOKUP(AE11,AF167:AR177,2,FALSE),""),第二面!L11) | O11: )建築士( | R11: =IF(AE11<>"",IFERROR(VLOOKUP(AE11,AF167:AR177,3,FALSE),""),第二面!R11) | U11: ）登録第 | X11: =IF(AE11<>"",IFERROR(VLOOKUP(AE11,AF167:AR177,4,FALSE),""),第二面!X11) | AC11: 号 | AD11: ← | AG11: =IFERROR(VLOOKUP(AE11,AF197:AR206,2,FALSE),"")
A12: 【ﾛ．氏名】 | K12: =IF(AE11<>"",IFERROR(VLOOKUP(AE11,AF167:AR177,5,FALSE),""),第二面!K12)
A13: 【ﾊ．建築士事務所名】 | K13: ( | L13: =IF(AE11<>"",IFERROR(VLOOKUP(AE11,AF167:AR177,6,FALSE),""),第二面!L13) | N13: )建築士事務所( | S13: =IF(AE11<>"",IFERROR(VLOOKUP(AE11,AF167:AR177,7,FALSE),""),第二面!S13) | U13: )知事登録第 | Y13: =IF(AE11<>"",IFERROR(VLOOKUP(AE11,AF167:AR177,8,FALSE),""),第二面!Y13) | AC13: 号
K14: =IF(AE11<>"",IFERROR(VLOOKUP(AE11,AF167:AR177,9,FALSE),""),第二面!K14)
A15: 【ﾆ．郵便番号】 | K15: =IF(AE11<>"",IFERROR(VLOOKUP(AE11,AF167:AR177,10,FALSE),""),第二面!K15)
A16: 【ﾎ．所在地】 | K16: =IF(AE11<>"",IFERROR(VLOOKUP(AE11,AF167:AR177,11,FALSE),""),第二面!K16)
A17: 【ﾍ．電話番号】 | K17: =IF(AE11<>"",IFERROR(VLOOKUP(AE11,AF167:AR177,12,FALSE),""),第二面!K17)
A19: 【3．設計者】
A20: （代表となる設計者）
A21: 【ｲ．資格】 | K21: ( | L21: =IF(AE21<>"",IFERROR(VLOOKUP(AE21,AF167:AR177,2,FALSE),""),第二面!L21) | O21: )建築士( | R21: =IF(AE21<>"",IFERROR(VLOOKUP(AE21,AF167:AR177,3,FALSE),""),第二面!R21) | U21: ）登録第 | X21: =IF(AE21<>"",IFERROR(VLOOKUP(AE21,AF167:AR177,4,FALSE),""),第二面!X21) | AC21: 号 | AD21: ←
A22: 【ﾛ．氏名】 | K22: =IF(AE21<>"",IFERROR(VLOOKUP(AE21,AF167:AR177,5,FALSE),""),第二面!K22)
A23: 【ﾊ．建築士事務所名】 | K23: ( | L23: =IF(AE21<>"",IFERROR(VLOOKUP(AE21,AF167:AR177,6,FALSE),""),第二面!L23) | N23: )建築士事務所( | S23: =IF(AE21<>"",IFERROR(VLOOKUP(AE21,AF167:AR177,7,FALSE),""),第二面!S23) | U23: )知事登録第 | Y23: =IF(AE21<>"",IFERROR(VLOOKUP(AE21,AF167:AR177,8,FALSE),""),第二面!Y23) | AC23: 号
K24: =IF(AE21<>"",IFERROR(VLOOKUP(AE21,AF167:AR177,9,FALSE),""),第二面!K24)
A25: 【ﾆ．郵便番号】 | K25: =IF(AE21<>"",IFERROR(VLOOKUP(AE21,AF167:AR177,10,FALSE),""),第二面!K25)
A26: 【ﾎ．所在地】 | K26: =IF(AE21<>"",IFERROR(VLOOKUP(AE21,AF167:AR177,11,FALSE),""),第二面!K26)
A27: 【ﾍ．電話番号】 | K27: =IF(AE21<>"",IFERROR(VLOOKUP(AE21,AF167:AR177,12,FALSE),""),第二面!K27)
A28: 【ﾄ．作成した設計図書】 | K28: =IF(AE21<>"",IFERROR(VLOOKUP(AE21,AF167:AR177,13,FALSE),""),第二面!K28)
A30: （その他の設計者）
A31: 【ｲ．資格】 | K31: ( | L31: =IF(AE31<>"",IFERROR(VLOOKUP(AE31,AF167:AR177,2,FALSE),""),第二面!L31) | O31: )建築士( | R31: =IF(AE31<>"",IFERROR(VLOOKUP(AE31,AF167:AR177,3,FALSE),""),第二面!R31) | U31: ）登録第 | X31: =IF(AE31<>"",IFERROR(VLOOKUP(AE31,AF167:AR177,4,FALSE),""),第二面!X31) | AC31: 号 | AD31: ←
A32: 【ﾛ．氏名】 | K32: =IF(AE31<>"",IFERROR(VLOOKUP(AE31,AF167:AR177,5,FALSE),""),第二面!K32)
A33: 【ﾊ．建築士事務所名】 | K33: ( | L33: =IF(AE31<>"",IFERROR(VLOOKUP(AE31,AF167:AR177,6,FALSE),""),第二面!L33) | N33: )建築士事務所( | S33: =IF(AE31<>"",IFERROR(VLOOKUP(AE31,AF167:AR177,7,FALSE),""),第二面!S33) | U33: )知事登録第 | Y33: =IF(AE31<>"",IFERROR(VLOOKUP(AE31,AF167:AR177,8,FALSE),""),第二面!Y33) | AC33: 号
K34: =IF(AE31<>"",IFERROR(VLOOKUP(AE31,AF167:AR177,9,FALSE),""),第二面!K34)
A35: 【ﾆ．郵便番号】 | K35: =IF(AE31<>"",IFERROR(VLOOKUP(AE31,AF167:AR177,10,FALSE),""),第二面!K35)
A36: 【ﾎ．所在地】 | K36: =IF(AE31<>"",IFERROR(VLOOKUP(AE31,AF167:AR177,11,FALSE),""),第二面!K36)
A37: 【ﾍ．電話番号】 | K37: =IF(AE31<>"",IFERROR(VLOOKUP(AE31,AF167:AR177,12,FALSE),""),第二面!K37)
A38: 【ﾄ．作成した設計図書】 | K38: =IF(AE31<>"",IFERROR(VLOOKUP(AE31,AF167:AR177,13,FALSE),""),第二面!K38)
A40: 【ｲ．資格】 | K40: ( | L40: =IF(AE40<>"",IFERROR(VLOOKUP(AE40,AF167:AR177,2,FALSE),""),第二面!L40) | O40: )建築士( | R40: =IF(AE40<>"",IFERROR(VLOOKUP(AE40,AF167:AR177,3,FALSE),""),第二面!R40) | U40: ）登録第 | X40: =IF(AE40<>"",IFERROR(VLOOKUP(AE40,AF167:AR177,4,FALSE),""),第二面!X40) | AC40: 号 | AD40: ←
A41: 【ﾛ．氏名】 | K41: =IF(AE40<>"",IFERROR(VLOOKUP(AE40,AF167:AR177,5,FALSE),""),第二面!K41)
A42: 【ﾊ．建築士事務所名】 | K42: ( | L42: =IF(AE40<>"",IFERROR(VLOOKUP(AE40,AF167:AR177,6,FALSE),""),第二面!L42) | N42: )建築士事務所( | S42: =IF(AE40<>"",IFERROR(VLOOKUP(AE40,AF167:AR177,7,FALSE),""),第二面!S42) | U42: )知事登録第 | Y42: =IF(AE40<>"",IFERROR(VLOOKUP(AE40,AF167:AR177,8,FALSE),""),第二面!Y42) | AC42: 号
K43: =IF(AE40<>"",IFERROR(VLOOKUP(AE40,AF167:AR177,9,FALSE),""),第二面!K43)
A44: 【ﾆ．郵便番号】 | K44: =IF(AE40<>"",IFERROR(VLOOKUP(AE40,AF167:AR177,10,FALSE),""),第二面!K44)
A45: 【ﾎ．所在地】 | K45: =IF(AE40<>"",IFERROR(VLOOKUP(AE40,AF167:AR177,11,FALSE),""),第二面!K45)
A46: 【ﾍ．電話番号】 | K46: =IF(AE40<>"",IFERROR(VLOOKUP(AE40,AF167:AR177,12,FALSE),""),第二面!K46)
A47: 【ﾄ．作成した設計図書】 | K47: =IF(AE40<>"",IFERROR(VLOOKUP(AE40,AF167:AR177,13,FALSE),""),第二面!K47)
A49: 【ｲ．資格】 | K49: ( | L49: =IF(AE49<>"",IFERROR(VLOOKUP(AE49,AF167:AR177,2,FALSE),""),第二面!L49) | O49: )建築士( | R49: =IF(AE49<>"",IFERROR(VLOOKUP(AE49,AF167:AR177,3,FALSE),""),第二面!R49) | U49: ）登録第 | X49: =IF(AE49<>"",IFERROR(VLOOKUP(AE49,AF167:AR177,4,FALSE),""),第二面!X49) | AC49: 号 | AD49: ←
A50: 【ﾛ．氏名】 | K50: =IF(AE49<>"",IFERROR(VLOOKUP(AE49,AF167:AR177,5,FALSE),""),第二面!K50)
A51: 【ﾊ．建築士事務所名】 | K51: ( | L51: =IF(AE49<>"",IFERROR(VLOOKUP(AE49,AF167:AR177,6,FALSE),""),第二面!L51) | N51: )建築士事務所( | S51: =IF(AE49<>"",IFERROR(VLOOKUP(AE49,AF167:AR177,7,FALSE),""),第二面!S51) | U51: )知事登録第 | Y51: =IF(AE49<>"",IFERROR(VLOOKUP(AE49,AF167:AR177,8,FALSE),""),第二面!Y51) | AC51: 号
K52: =IF(AE49<>"",IFERROR(VLOOKUP(AE49,AF167:AR177,9,FALSE),""),第二面!K52)
A53: 【ﾆ．郵便番号】 | K53: =IF(AE49<>"",IFERROR(VLOOKUP(AE49,AF167:AR177,10,FALSE),""),第二面!K53)
A54: 【ﾎ．所在地】 | K54: =IF(AE49<>"",IFERROR(VLOOKUP(AE49,AF167:AR177,11,FALSE),""),第二面!K54)
A55: 【ﾍ．電話番号】 | K55: =IF(AE49<>"",IFERROR(VLOOKUP(AE49,AF167:AR177,12,FALSE),""),第二面!K55)
A56: 【ﾄ．作成した設計図書】 | K56: =IF(AE49<>"",IFERROR(VLOOKUP(AE49,AF167:AR177,13,FALSE),""),第二面!K56)
A58: 【４．工事監理者】
A59: （代表となる工事監理者）
A60: 【ｲ．資格】 | K60: ( | L60: =IF(AE60<>"",IFERROR(VLOOKUP(AE60,AF167:AR177,2,FALSE),""),'第二面-3'!L3) | O60: )建築士( | R60: =IF(AE60<>"",IFERROR(VLOOKUP(AE60,AF167:AR177,3,FALSE),""),'第二面-3'!R3) | U60: ）登録第 | X60: =IF(AE60<>"",IFERROR(VLOOKUP(AE60,AF167:AR177,4,FALSE),""),'第二面-3'!X3) | AC60: 号 | AD60: ←
A61: 【ﾛ．氏名】 | K61: =IF(AE60<>"",IFERROR(VLOOKUP(AE60,AF167:AR177,5,FALSE),""),'第二面-3'!K4)
A62: 【ﾊ．建築士事務所名】 | K62: ( | L62: =IF(AE60<>"",IFERROR(VLOOKUP(AE60,AF167:AR177,6,FALSE),""),'第二面-3'!L5) | N62: )建築士事務所( | S62: =IF(AE60<>"",IFERROR(VLOOKUP(AE60,AF167:AR177,7,FALSE),""),'第二面-3'!S5) | U62: )知事登録第 | Y62: =IF(AE60<>"",IFERROR(VLOOKUP(AE60,AF167:AR177,8,FALSE),""),'第二面-3'!Y5) | AC62: 号
K63: =IF(AE60<>"",IFERROR(VLOOKUP(AE60,AF167:AR177,9,FALSE),""),'第二面-3'!K6)
A64: 【ﾆ．郵便番号】 | K64: =IF(AE60<>"",IFERROR(VLOOKUP(AE60,AF167:AR177,10,FALSE),""),'第二面-3'!K7)
A65: 【ﾎ．所在地】 | K65: =IF(AE60<>"",IFERROR(VLOOKUP(AE60,AF167:AR177,11,FALSE),""),'第二面-3'!K8)
A66: 【ﾍ．電話番号】 | K66: =IF(AE60<>"",IFERROR(VLOOKUP(AE60,AF167:AR177,12,FALSE),""),'第二面-3'!K9)
A67: 【ﾄ．工事と照合した設計図書】 | K67: =IF(AE60<>"",IFERROR(VLOOKUP(AE60,AF167:AR177,13,FALSE),""),'第二面-3'!K10)
A69: （その他の工事監理者）
A70: 【ｲ．資格】 | K70: ( | L70: =IF(AE70<>"",IFERROR(VLOOKUP(AE70,AF167:AR177,2,FALSE),""),'第二面-3'!L12) | O70: )建築士( | R70: =IF(AE70<>"",IFERROR(VLOOKUP(AE70,AF167:AR177,3,FALSE),""),'第二面-3'!R12) | U70: ）登録第 | X70: =IF(AE70<>"",IFERROR(VLOOKUP(AE70,AF167:AR177,4,FALSE),""),'第二面-3'!X12) | AC70: 号 | AD70: ←
A71: 【ﾛ．氏名】 | K71: =IF(AE70<>"",IFERROR(VLOOKUP(AE70,AF167:AR177,5,FALSE),""),'第二面-3'!K13)
A72: 【ﾊ．建築士事務所名】 | K72: ( | L72: =IF(AE70<>"",IFERROR(VLOOKUP(AE70,AF167:AR177,6,FALSE),""),'第二面-3'!L14) | N72: )建築士事務所( | S72: =IF(AE70<>"",IFERROR(VLOOKUP(AE70,AF167:AR177,7,FALSE),""),'第二面-3'!S14) | U72: )知事登録第 | Y72: =IF(AE70<>"",IFERROR(VLOOKUP(AE70,AF167:AR177,8,FALSE),""),'第二面-3'!Y14) | AC72: 号
K73: =IF(AE70<>"",IFERROR(VLOOKUP(AE70,AF167:AR177,9,FALSE),""),'第二面-3'!K15)
A74: 【ﾆ．郵便番号】 | K74: =IF(AE70<>"",IFERROR(VLOOKUP(AE70,AF167:AR177,10,FALSE),""),'第二面-3'!K16)
A75: 【ﾎ．所在地】 | K75: =IF(AE70<>"",IFERROR(VLOOKUP(AE70,AF167:AR177,11,FALSE),""),'第二面-3'!K17)
A76: 【ﾍ．電話番号】 | K76: =IF(AE70<>"",IFERROR(VLOOKUP(AE70,AF167:AR177,12,FALSE),""),'第二面-3'!K18)
A77: 【ﾄ．工事と照合した設計図書】 | K77: =IF(AE70<>"",IFERROR(VLOOKUP(AE70,AF167:AR177,13,FALSE),""),'第二面-3'!K19)
A78: 【ｲ．資格】 | K78: ( | L78: =IF(AE78<>"",IFERROR(VLOOKUP(AE78,AF167:AR177,2,FALSE),""),'第二面-3'!L20) | O78: )建築士( | R78: =IF(AE78<>"",IFERROR(VLOOKUP(AE78,AF167:AR177,3,FALSE),""),'第二面-3'!R20) | U78: ）登録第 | X78: =IF(AE78<>"",IFERROR(VLOOKUP(AE78,AF167:AR177,4,FALSE),""),'第二面-3'!X20) | AC78: 号 | AD78: ←
A79: 【ﾛ．氏名】 | K79: =IF(AE78<>"",IFERROR(VLOOKUP(AE78,AF167:AR177,5,FALSE),""),'第二面-3'!K21)
A80: 【ﾊ．建築士事務所名】 | K80: ( | L80: =IF(AE78<>"",IFERROR(VLOOKUP(AE78,AF167:AR177,6,FALSE),""),'第二面-3'!L22) | N80: )建築士事務所( | S80: =IF(AE78<>"",IFERROR(VLOOKUP(AE78,AF167:AR177,7,FALSE),""),'第二面-3'!S22) | U80: )知事登録第 | Y80: =IF(AE78<>"",IFERROR(VLOOKUP(AE78,AF167:AR177,8,FALSE),""),'第二面-3'!Y22) | AC80: 号
K81: =IF(AE78<>"",IFERROR(VLOOKUP(AE78,AF167:AR177,9,FALSE),""),'第二面-3'!K23)
A82: 【ﾆ．郵便番号】 | K82: =IF(AE78<>"",IFERROR(VLOOKUP(AE78,AF167:AR177,10,FALSE),""),'第二面-3'!K24)
A83: 【ﾎ．所在地】 | K83: =IF(AE78<>"",IFERROR(VLOOKUP(AE78,AF167:AR177,11,FALSE),""),'第二面-3'!K25)
A84: 【ﾍ．電話番号】 | K84: =IF(AE78<>"",IFERROR(VLOOKUP(AE78,AF167:AR177,12,FALSE),""),'第二面-3'!K26)
A85: 【ﾄ．工事と照合した設計図書】 | K85: =IF(AE78<>"",IFERROR(VLOOKUP(AE78,AF167:AR177,13,FALSE),""),'第二面-3'!K27)
A86: 【ｲ．資格】 | K86: ( | L86: =IF(AE86<>"",IFERROR(VLOOKUP(AE86,AF167:AR177,2,FALSE),""),'第二面-3'!L28) | O86: )建築士( | R86: =IF(AE86<>"",IFERROR(VLOOKUP(AE86,AF167:AR177,3,FALSE),""),'第二面-3'!R28) | U86: ）登録第 | X86: =IF(AE86<>"",IFERROR(VLOOKUP(AE86,AF167:AR177,4,FALSE),""),'第二面-3'!X28) | AC86: 号 | AD86: ←
A87: 【ﾛ．氏名】 | K87: =IF(AE86<>"",IFERROR(VLOOKUP(AE86,AF167:AR177,5,FALSE),""),'第二面-3'!K29)
A88: 【ﾊ．建築士事務所名】 | K88: ( | L88: =IF(AE86<>"",IFERROR(VLOOKUP(AE86,AF167:AR177,6,FALSE),""),'第二面-3'!L30) | N88: )建築士事務所( | S88: =IF(AE86<>"",IFERROR(VLOOKUP(AE86,AF167:AR177,7,FALSE),""),'第二面-3'!R28) | U88: )知事登録第 | Y88: =IF(AE86<>"",IFERROR(VLOOKUP(AE86,AF167:AR177,8,FALSE),""),'第二面-3'!Y30) | AC88: 号
K89: =IF(AE86<>"",IFERROR(VLOOKUP(AE86,AF167:AR177,9,FALSE),""),'第二面-3'!K31)
A90: 【ﾆ．郵便番号】 | K90: =IF(AE86<>"",IFERROR(VLOOKUP(AE86,AF167:AR177,10,FALSE),""),'第二面-3'!K32)
A91: 【ﾎ．所在地】 | K91: =IF(AE86<>"",IFERROR(VLOOKUP(AE86,AF167:AR177,11,FALSE),""),'第二面-3'!K33)
A92: 【ﾍ．電話番号】 | K92: =IF(AE86<>"",IFERROR(VLOOKUP(AE86,AF167:AR177,12,FALSE),""),'第二面-3'!K34)
A93: 【ﾄ．工事と照合した設計図書】 | K93: =IF(AE86<>"",IFERROR(VLOOKUP(AE86,AF167:AR177,13,FALSE),""),'第二面-3'!K35)
A95: 【５．建築設備の工事監理に関し意見を聴いた者】
A96: （代表となる建築設備の工事監理に関し意見を聴いた者）
A97: 【ｲ．氏名】 | K97: =IF(AE97<>"",IFERROR(VLOOKUP(AE97,AF167:AR177,5,FALSE),""),'第二面-2'!K25) | AD97: ←
A98: 【ﾛ．勤務先】 | K98: =IF(AE97<>"",IFERROR(VLOOKUP(AE97,AF167:AR177,9,FALSE),""),'第二面-2'!K26)
A99: 【ﾊ．郵便番号】 | K99: =IF(AE97<>"",IFERROR(VLOOKUP(AE97,AF167:AR177,10,FALSE),""),'第二面-2'!K27)
A100: 【ﾆ．所在地】 | K100: =IF(AE97<>"",IFERROR(VLOOKUP(AE97,AF167:AR177,11,FALSE),""),'第二面-2'!K28)
A101: 【ﾎ．電話番号】 | K101: =IF(AE97<>"",IFERROR(VLOOKUP(AE97,AF167:AR177,12,FALSE),""),'第二面-2'!K29)
A102: 【ﾍ．登録番号】 | K102: =IF(AE97<>"",IFERROR(VLOOKUP(AE97,AF167:AR177,14,FALSE),""),'第二面-2'!K30)
A103: 【ﾄ．意見を聴いた設計図書】 | K103: =IF(AE97<>"",IFERROR(VLOOKUP(AE97,AF167:AR177,13,FALSE),""),'第二面-2'!K31)
A105: （その他の建築設備の工事監理に関し意見を聴いた者）
A106: 【ｲ．氏名】 | K106: =IF(AE106<>"",IFERROR(VLOOKUP(AE106,AF167:AR177,5,FALSE),""),'第二面-2'!K33) | AD106: ←
A107: 【ﾛ．勤務先】 | K107: =IF(AE106<>"",IFERROR(VLOOKUP(AE106,AF167:AR177,9,FALSE),""),'第二面-2'!K34)
A108: 【ﾊ．郵便番号】 | K108: =IF(AE106<>"",IFERROR(VLOOKUP(AE106,AF167:AR177,10,FALSE),""),'第二面-2'!K35)
A109: 【ﾆ．所在地】 | K109: =IF(AE106<>"",IFERROR(VLOOKUP(AE106,AF167:AR177,11,FALSE),""),'第二面-2'!K36)
...

Sheet 共通第二面（主）
A1: （第二面）
A2: 建築主、設置者又は築造主等の概要
A3: 【1．建築主、設置者又は築造主2】
A4: 【ｲ．氏名のﾌﾘｶﾞﾅ】 | H4: =IF('第二面（主）'!K4<>"",'第二面（主）'!K4,"")
A5: 【ﾛ．氏名】 | H5: =IF('第二面（主）'!K5<>"",'第二面（主）'!K5,"")
A6: 【ﾊ．郵便番号】 | H6: =IF('第二面（主）'!K6<>"",'第二面（主）'!K6,"")
A7: 【ﾆ．住所】 | H7: =IF('第二面（主）'!K7<>"",'第二面（主）'!K7,"")
A8: 【ﾎ．電話番号】 | H8: =IF('第二面（主）'!K8<>"",'第二面（主）'!K8,"")
A10: 【1．建築主、設置者又は築造主3】
A11: 【ｲ．氏名のﾌﾘｶﾞﾅ】 | H11: =IF('第二面（主）'!K11<>"",'第二面（主）'!K11,"")
A12: 【ﾛ．氏名】 | H12: =IF('第二面（主）'!K12<>"",'第二面（主）'!K12,"")
A13: 【ﾊ．郵便番号】 | H13: =IF('第二面（主）'!K13<>"",'第二面（主）'!K13,"")
A14: 【ﾆ．住所】 | H14: =IF('第二面（主）'!K14<>"",'第二面（主）'!K14,"")
A15: 【ﾎ．電話番号】 | H15: =IF('第二面（主）'!K15<>"",'第二面（主）'!K15,"")
A17: 【1．建築主、設置者又は築造主4】
A18: 【ｲ．氏名のﾌﾘｶﾞﾅ】 | H18: =IF('第二面（主）'!K18<>"",'第二面（主）'!K18,"")
A19: 【ﾛ．氏名】 | H19: =IF('第二面（主）'!K19<>"",'第二面（主）'!K19,"")
A20: 【ﾊ．郵便番号】 | H20: =IF('第二面（主）'!K20<>"",'第二面（主）'!K20,"")
A21: 【ﾆ．住所】 | H21: =IF('第二面（主）'!K21<>"",'第二面（主）'!K21,"")
A22: 【ﾎ．電話番号】 | H22: =IF('第二面（主）'!K22<>"",'第二面（主）'!K22,"")
A24: 【1．建築主、設置者又は築造主5】
A25: 【ｲ．氏名のﾌﾘｶﾞﾅ】 | H25: =IF('第二面（主）'!K25<>"",'第二面（主）'!K25,"")
A26: 【ﾛ．氏名】 | H26: =IF('第二面（主）'!K26<>"",'第二面（主）'!K26,"")
A27: 【ﾊ．郵便番号】 | H27: =IF('第二面（主）'!K27<>"",'第二面（主）'!K27,"")
A28: 【ﾆ．住所】 | H28: =IF('第二面（主）'!K28<>"",'第二面（主）'!K28,"")
A29: 【ﾎ．電話番号】 | H29: =IF('第二面（主）'!K29<>"",'第二面（主）'!K29,"")
A31: 【1．建築主、設置者又は築造主6】
A32: 【ｲ．氏名のﾌﾘｶﾞﾅ】 | H32: =IF('第二面（主）'!K32<>"",'第二面（主）'!K32,"")
A33: 【ﾛ．氏名】 | H33: =IF('第二面（主）'!K33<>"",'第二面（主）'!K33,"")
A34: 【ﾊ．郵便番号】 | H34: =IF('第二面（主）'!K34<>"",'第二面（主）'!K34,"")
A35: 【ﾆ．住所】 | H35: =IF('第二面（主）'!K35<>"",'第二面（主）'!K35,"")
A36: 【ﾎ．電話番号】 | H36: =IF('第二面（主）'!K36<>"",'第二面（主）'!K36,"")
A38: 【1．建築主、設置者又は築造主7】
A39: 【ｲ．氏名のﾌﾘｶﾞﾅ】 | H39: =IF('第二面（主）'!K39<>"",'第二面（主）'!K39,"")
A40: 【ﾛ．氏名】 | H40: =IF('第二面（主）'!K40<>"",'第二面（主）'!K40,"")
A41: 【ﾊ．郵便番号】 | H41: =IF('第二面（主）'!K41<>"",'第二面（主）'!K41,"")
A42: 【ﾆ．住所】 | H42: =IF('第二面（主）'!K42<>"",'第二面（主）'!K42,"")
A43: 【ﾎ．電話番号】 | H43: =IF('第二面（主）'!K43<>"",'第二面（主）'!K43,"")

Sheet 中間第三面
A2: (第三面）
A3: 申請する工事の概要
A4: 【1．建築場所、設置場所又は築造場所】
A5: 【ｲ．地名地番】 | F5: =第三面!F4 -> 0
A6: 【ﾛ．住居表示】 | F6: =IF(第三面!F5="","",第三面!F5)
A7: 【2．工事種別】
B8: 【ｲ．建築基準法施行令第１０条各号に掲げる建築物の区分】 | U8: 第 | V8: =IF(第四面!F55="","",第四面!F55) | AC8: 号
B9: 【ﾛ．工事種別】 | H9: =第三面!C30 -> □ | I9: 新築 | K9: =第三面!F30 -> □ | L9: 増築 | N9: =第三面!I30 -> □ | O9: 改築 | Q9: =第三面!L30 -> □ | R9: 移転
H10: =第三面!S30 -> □ | I10: 大規模の修繕 | M10: =第三面!X30 -> □ | N10: 大規模の模様替 | S10: □ | T10: 建築設備の設置
B11: 【ﾊ．建築基準法第６８条の２０第２項の検査の特例に係る認証番号】 | U11: 第 | AC11: 号
A12: 【3．確認済証番号】
A14: 【4．確認済証交付年月日】 | I14: =IF(AF14<43586,"平成","令和") -> 平成 | K14: =IF(AF14="","",IF(AF14<43586,(YEAR(AF14)-1988),IF(AF14<43831,TEXT(AF14,"元"),(YEAR(AF14)-2018)))) | L14: 年 | M14: =IF(AF14="","",MONTH(AF14)) | N14: 月 | O14: =IF(AF14="","",DAY(AF14)) | P14: 日 | AE14: ←
A16: 【5．確認済証交付者】 | I16: 株式会社 都市建築確認センター
A18: 【6．工事着手年月日】 | I18: =IF(AF18<43586,"平成","令和") -> 平成 | K18: =IF(AF18="","",IF(AF18<43586,(YEAR(AF18)-1988),IF(AF18<43831,TEXT(AF18,"元"),(YEAR(AF18)-2018)))) | L18: 年 | M18: =IF(AF18="","",MONTH(AF18)) | N18: 月 | O18: =IF(AF18="","",DAY(AF18)) | P18: 日 | AE18: ←
A20: 【7．工事完了予定年月日】 | I20: 令和 | K20: =IF(AF20="","",IF(AF20<43831,TEXT(AF20,"元"),(YEAR(AF20)-2018))) | L20: 年 | M20: =IF(AF20="","",MONTH(AF20)) | N20: 月 | O20: =IF(AF20="","",DAY(AF20)) | P20: 日 | AE20: ←
A22: 【8．特定工程】
A23: 【ｲ．特定工程】
A24: 【ﾛ．特定工程工事終了（予定）年月日】 | M24: 令和 | O24: =IF(AF24="","",IF(AF24<43831,TEXT(AF24,"元"),(YEAR(AF24)-2018))) | P24: 年 | Q24: =IF(AF24="","",MONTH(AF24)) | R24: 月 | S24: =IF(AF24="","",DAY(AF24)) | T24: 日 | AE24: ←
A25: 【ﾊ．検査対象床面積】 | M25: ㎡
A27: 【9．今回申請以前の中間検査】 | I27: （ | J27: 第 | L27: 回） | S27: （第 | V27: 回）
A28: 【ｲ．特定工程】 | I28: （ | R28: ） | S28: （ | AB28: ）
A30: 【ﾛ．中間検査合格証交付者】 | I30: （ | R30: ） | S30: （ | AB30: ）
A32: 【ﾊ．中間検査合格証番号】 | I32: （ | R32: ） | S32: （ | AB32: ）
A33: 【ﾆ．交付年月日】 | I33: =IF(AF33<43586,"（平成","（令和") -> （平成 | K33: =IF(AF33="","",IF(AF33<43586,(YEAR(AF33)-1988),IF(AF33<43831,TEXT(AF33,"元"),(YEAR(AF33)-2018)))) | L33: 年 | M33: =IF(AF33="","",MONTH(AF33)) | N33: 月 | O33: =IF(AF33="","",DAY(AF33)) | P33: 日 | R33: ） | S33: =IF(AF34<43586,"（平成","（令和") -> （平成 | U33: =IF(AF34="","",IF(AF34<43586,(YEAR(AF34)-1988),IF(AF34<43831,TEXT(AF34,"元"),(YEAR(AF34)-2018)))) | V33: 年 | W33: =IF(AF34="","",MONTH(AF34)) | X33: 月 | Y33: =IF(AF34="","",DAY(AF34)) | Z33: 日 | AB33: ） | AE33: ←
A35: 【10．今回申請以降の中間検査】 | I35: （ | J35: 第 | L35: 回） | S35: （第 | V35: 回）
A36: 【ｲ．特定工程】 | I36: （ | R36: ） | S36: （ | AB36: ）
A38: 【ﾛ.特定工程工事終了 | I38: （令和 | K38: =IF(AF38="","",IF(AF38<43831,TEXT(AF38,"元"),(YEAR(AF38)-2018))) | L38: 年 | M38: =IF(AF38="","",MONTH(AF38)) | N38: 月 | O38: =IF(AF38="","",DAY(AF38)) | P38: 日 | R38: ） | S38: （令和 | U38: =IF(AF39="","",IF(AF39<43831,TEXT(AF39,"元"),(YEAR(AF39)-2018))) | V38: 年 | W38: =IF(AF39="","",MONTH(AF39)) | X38: 月 | Y38: =IF(AF39="","",DAY(AF39)) | Z38: 日 | AB38: ） | AE38: ←
E39: 予定年月日】 | AE39: ←
A40: 【11．確認以降の軽微な変更の概要】
A41: 【ｲ．変更された設計図書の種類】
A42: 【ﾛ．変更の概要】
A45: 【12．備考】
A94: 第１種低層
A95: 第２種低層
A96: 第１種中高層
A97: 第２種中高層
A98: 第１種住居
A99: 第２種住居
A100: 準住居地域
A101: 田園住居地域
... A107: 指定なし

Sheet 完了第三面
A2: (第三面）
A3: 申請する工事の概要
A4: 【1．建築場所、設置場所又は築造場所】
A5: 【ｲ．地名地番】 | F5: =第三面!F4 -> 0
A6: 【ﾛ．住居表示】 | F6: =IF(第三面!F5="","",第三面!F5)
A7: 【2．工事種別】
B8: 【ｲ．建築基準法施行令第１０条各号に掲げる建築物の区分】 | U8: 第 | V8: =IF(第四面!F55="","",第四面!F55) | AC8: 号
B9: 【ﾛ．工事種別】 | H9: =第三面!C30 -> □ | I9: 新築 | K9: =第三面!F30 -> □ | L9: 増築 | N9: =第三面!I30 -> □ | O9: 改築 | Q9: =第三面!L30 -> □ | R9: 移転
H10: =第三面!S30 -> □ | I10: 大規模の修繕 | M10: =第三面!X30 -> □ | N10: 大規模の模様替 | S10: □ | T10: 建築設備の設置
B11: 【ﾊ．建築基準法第６８条の２０第２項の検査の特例に係る認証番号】 | U11: 第 | AC11: 号
A12: 【3．確認済証番号】
A14: 【4．確認済証交付年月日】 | I14: =IF(AF14<43586,"平成","令和") -> 平成 | K14: =IF(AF14="","",IF(AF14<43586,(YEAR(AF14)-1988),IF(AF14<43831,TEXT(AF14,"元"),(YEAR(AF14)-2018)))) | L14: 年 | M14: =IF(AF14="","",MONTH(AF14)) | N14: 月 | O14: =IF(AF14="","",DAY(AF14)) | P14: 日 | AE14: ←
A16: 【5．確認済証交付者】 | I16: 株式会社 都市建築確認センター
A18: 【6．工事着手年月日】 | I18: =IF(AF18<43586,"平成","令和") -> 平成 | K18: =IF(AF18="","",IF(AF18<43586,(YEAR(AF18)-1988),IF(AF18<43831,TEXT(AF18,"元"),(YEAR(AF18)-2018)))) | L18: 年 | M18: =IF(AF18="","",MONTH(AF18)) | N18: 月 | O18: =IF(AF18="","",DAY(AF18)) | P18: 日 | AE18: ←
A20: 【7．工事完了（予定）年月日】 | I20: 令和 | K20: =IF(AF20="","",IF(AF20<43831,TEXT(AF20,"元"),(YEAR(AF20)-2018))) | L20: 年 | M20: =IF(AF20="","",MONTH(AF20)) | N20: 月 | O20: =IF(AF20="","",DAY(AF20)) | P20: 日 | AE20: ←
A22: 【8．検査対象床面積】 | M22: ㎡
A24: 【9．検査経過】 | I24: （ | J24: 第 | L24: 回） | S24: （第 | V24: 回）
A25: 【ｲ．特定工程】 | I25: （ | R25: ） | S25: （ | AB25: ）
A27: 【ﾛ．中間検査合格証交付者】 | I27: （ | R27: ） | S27: （ | AB27: ）
A29: 【ﾊ．中間検査合格証番号】 | I29: （ | R29: ） | S29: （ | AB29: ）
A30: 【ﾆ．交付年月日】 | I30: =IF(AF30<43586,"（平成","（令和") -> （平成 | K30: =IF(AF30="","",IF(AF30<43586,(YEAR(AF30)-1988),IF(AF30<43831,TEXT(AF30,"元"),(YEAR(AF30)-2018)))) | L30: 年 | M30: =IF(AF30="","",MONTH(AF30)) | N30: 月 | O30: =IF(AF30="","",DAY(AF30)) | P30: 日 | R30: ） | S30: =IF(AF31<43586,"（平成","（令和") -> （平成 | U30: =IF(AF31="","",IF(AF31<43586,(YEAR(AF31)-1988),IF(AF31<43831,TEXT(AF31,"元"),(YEAR(AF31)-2018)))) | V30: 年 | W30: =IF(AF31="","",MONTH(AF31)) | X30: 月 | Y30: =IF(AF31="","",DAY(AF31)) | Z30: 日 | AB30: ） | AE30: ←
A32: 【10．確認以降の軽微な変更の概要】
A33: 【ｲ．変更された設計図書の種類】
A34: 【ﾛ．変更の概要】
A37: 【11．備考】
A86: 第１種低層
A87: 第２種低層
A88: 第１種中高層
A89: 第２種中高層
A90: 第１種住居
A91: 第２種住居
A92: 準住居地域
A93: 田園住居地域
... A99: 指定なし

Sheet 共通第四面
A1: （第四面） | AH1: 記載例（木造に限る）
A2: 工事監理の状況
F3: 確認を行った部位・材料の種類等 | J3: 照合内容 | N3: 照合を行った設計図書 | R3: 設計図書の内容について設計者に確認した事項 | V3: 照合方法 | Z3: 照合結果 （不適の場合には建築主に対して行った報告の内容） | AI3: 確認を行った部位・材料の種類等 | AN3: 照合内容 | AS3: 照合を行った設計図書 | AX3: 設計図書の内容について設計者に確認した事項 | BC3: 照合方法 | BH3: 照合結果 （不適の場合には建築主に対して行った報告の内容）
A8: 敷地の形状、高さ、衛生及び安全 | AH8: 敷地の形状、高さ、衛生及び安全 | AI8: 敷地 擁壁 排水管・排水溝 | AN8: 高さ・形状・寸法 配置の状況 管径・接続状況 | AS8: 配置図 | AX8: なし | BC8: 地縄張り・測量 土工事終了後現場で目視確認 | BH8: 適
A13: 主要構造部及び主要構造部以外の構造耐力上主要な部分に用いる材料（接合材料を含む）の種類、品質、形状及び寸法 | AH13: 主要構造部及び主要構造部以外の構造耐力上主要な部分に用いる材料（接合材料を含む）の種類、品質及び寸法 | AI13: 木材 コンクリート 鉄筋 屋根・外装材 金物類 | AN13: 材料・品質・規格・寸法・種類・形状・材料 | AS13: 平面図 矩計図 伏図 | AX13: なし | BC13: 現場目視、計測確認 工場による検査記録 現場受入時検査 | BH13: 適
A18: 主要構造部及び主要構造部以外の構造耐力上主要な部分に用いる材料の接合状況、接合部分の形状等 | AH18: 主要構造部及び主要構造部以外の構造耐力上主要な部分に用いる材料の接合状況、接合部分の形状等 | AI18: 柱・梁・土台・基礎等 | AN18: 接合状況 | AS18: 矩計図 伏図 | AX18: なし | BC18: 現場目視 計測確認 | BH18: 適
A23: 建築物の各部分の位置、形状及び大きさ | AH23: 建築物の各部分の位置、形状及び大きさ | AI23: 基礎・土台・柱・筋交・壁・屋根・建築物・階段 | AN23: 位置・形状・寸法 | AS23: 各階平面図 各階伏図 配置図 | AX23: なし | BC23: 施工図による確認 | BH23: 適
A28: 構造耐力上主要な部分の防錆、防腐及び防蟻措置及び状況 | AH28: 構造耐力上主要な部分の防錆、防腐及び防蟻措置及び状況 | AI28: 地面から１ｍ以内の部分の木部 外壁の下地 | AN28: 防腐・防蟻措置の状況 防水措置の状況 クロルピリホスは不使用 | AS28: 立面図 矩計図 | AX28: なし | BC28: 現場目視 計測確認 | BH28: 適
A33: 特定天井に用いる材料の種類並びに当該特定天井の構造及び施工状況 | AH33: 特定天井に用いる材料の種類並びに当該特定天井の構造及び施工状況 | AI33: 該当なし | AN33: 該当なし | AS33: 該当なし | AX33: 該当なし | BC33: 該当なし | BH33: 該当なし
A38: 居室の内装の仕上げに用いる建築材料の種別及び当該建築材料を用いる部分の面積 | AH38: 居室の内装の仕上げに用いる建築材料の種別及び当該建築材料を用いる部分の面積 | AI38: 各居室の床 ・壁・天井 | AN38: 建材等の種類 （全て規制対象外） | AS38: 仕上表 平面図 | AX38: なし | BC38: 現場目視確認 納品書確認 | BH38: 適
A43: 天井及び壁の室内に面する部分に係る仕上げの材料の種別及び厚さ | AH43: 天井及び壁の室内に面する部分に係る仕上げの材料の種別及び厚さ | AI43: 火気使用室の天井・壁 | AN43: 仕上材の種類 仕上の状況 | AS43: 仕上表 平面図 | AX43: なし | BC43: 現場目視確認 納品書確認 | BH43: 適
A48: 開口部に設ける建具の種類及び大きさ | AH48: 開口部に設ける建具の種類及び大きさ | AI48: 外部開口部 （建具等） | AN48: 寸法・形状 | AS48: 立面図 各階平面図 | AX48: なし | BC48: 現場目視確認 納品書確認 | BH48: 適
A53: 建築設備に用いる材料の種類並びにその照合した内容、構造及び施行状況（区画貫通部の処理状況を含む。） | AH53: 建築設備に用いる材料の種類並びにその照合した内容、構造及び施行状況（区画貫通部の処理状況を含む。） | AI53: 電気・給排水設備 居室の換気設備 天井裏・小屋裏 住宅用火災警報器 | AN53: 種類・形状・寸法・設置状況・機器類の性能 天井裏等の措置 （全て規制対象外） | AS53: 平面図 矩計図 設備図 | AX53: なし | BC53: 現場目視確認 納品書確認 納品書等との照合 | BH53: 適
A58: 備 考 | AH58: 備 考

Sheet 注意 (検査)
A2: （注意）
A4: １．各面共通関係
C5: 数字は算用数字を、単位はメートル法を用いてください。
A7: ２．第一面関係
B8: 1) | C8: ※印のある欄は記入しないでください。
C9: 1) 「検査を申請する建築物等」の欄は、該当するチェックボックスに「レ」マークを入れてください。建築基準法第８８条第１項に規定する工作物のうち同法施行令第１３８条第２項第１号に掲げるものにあっては、「工作物（昇降機）」のチェックボックスに「レ」マークを入れてください。
B10: 2) | C10: 2) ※印のある欄は記入しないでください。
A12: ３．第二面関係
B13: 1) | C13: 建築主、設置者又は築造主が２以上のときは、１欄は代表となる建築主、設置者又は築造主について記入し、別紙に他の建築主、設置者又は築造主についてそれぞれ必要な事項を記入して添えてください。
B14: 2) | C14: 建築主、設置者又は築造主からの委任を受けて申請を行う者がいる場合においては、２欄に記入してください。
B15: 3) | C15: ２欄、３欄及び５欄は、代理者、設計者又は工事監理者が建築士事務所に属しているときは、その名称を書き、建築士事務所に属していないときは、所在地はそれぞれ代理者、設計者又は工事監理者の住所を書いてください。
B16: 4) | C16: ３欄、４欄及び５欄は、それぞれ代表となる設計者、工事監理者及び建築設備の工事監理に関し意見を聴いた者並びに申請に係る建築物に係る他のすべての設計者、工事監理者及び建築設備の工事監理に関し意見を聴いた者について記入してください。記入欄が不足する場合には、別紙に必要な事項を記入して添えてください。
B17: 5) | C17: ５欄は、建築士法第２０条第５項に規定する場合（工事監理に係る場合に限る。）に、同項に定める資格を有する者について記入し、所在地は、その者が勤務しているときは勤務先の所在地を、勤務していないときはその者の住所を、登録番号は建築士法施行規則（昭和２５年建設省令第３８号）第１７条の３５第１項の規定による登録を受けている場合の当該登録番号を書いてください。
B18: 6) | C18: ６欄は、工事施工者が２以上のときは、代表となる工事施工者について記入し、別紙に他の工事施工者について棟別にそれぞれ必要な事項を記入して添えてください。
B19: 7) | C19: 建築物又は工作物の名称又は工事名が定まっているときは、７欄に記入してください。
A21: ４．第三面関係
B22: 1) | C22: 住居表示が定まっているときは、１欄の「ロ」に記入してください。
B23: 2) | C23: ２欄の「イ」は、建築物が建築基準法施行令第１０条各号に掲げる建築物に該当する場合に、当該各号の数字を記入してください。
B24: 3) | C24: ２欄の「ロ」は、該当するチェックボックスに「レ」マークを入れてください。
B25: 4) | C25: ２欄の「ハ」は、認証型式部材等製造者が製造をした当該認証に係る型式部材等を有する場合に、その認証番号を記載してください。
B26: 5) | C26: ３欄、４欄及び５欄は、計画変更の確認を受けている場合は直前の計画変更の確認について記載してください。
B27: 6) | C27: ９欄は、記入欄が不足する場合には、別紙に必要な事項を記入して添えてください。
B28: 7) | C28: １０欄は、軽微な設計変更が２以上あるときは、その一について記入し、別紙にその他の軽微な設計変更について、必要な事項を記入して添えてください。
B29: 8) | C29: １０欄の「ロ」は、変更の内容、変更の理由等の概要を記入してください。
B30: 9) | C30: １０欄は、特定工程に係る建築物にあっては、この申請を直前の中間検査を申請した建築主事等に対して行う場合には、確認から直前の中間検査までに生じた軽微な設計変更の概要について記入する必要はありません。また、それ以外の場合で、確認から直前の中間検査までに生じた軽微な設計変更の概要についてこの欄に記載すべき事項を記載した書類を別に添付すれば、その部分について記入する必要はありません。
B31: 10) | C31: １０欄は、申請建築物について変更後も建築物の計画が建築基準関係規定に適合することが明らかなことが確かめられた旨の図書を添えてください。
B32: 11) | C32: 検査後も引き続き建築基準法第３条第２項（同法第８６条の９第１項において準用する場合を含む。）の規定の適用を受ける場合は、その根拠となる規定及び不適合の規定を１１欄又は別紙に記載して添えてください。
A34: ５．第四面関係
B35: 1) | C35: 申請建築物（建築基準法第７条の５及び第６８条の２０第２項（建築物である認証型式部材等に係る場合に限る。）の適用を受けず、かつ、建築士法第３条から第３条の３までの規定に含まれないものを除く。以下同じ。）に関する工事監理の状況について記載してください。ただし、特定工程に係る建築物にあっては、この申請を直前の中間検査を申請した建築主事に対して行う場合には、確認から直前の中間検査までの工事監理の状況について記入する必要はありません。また、それ以外の場合で、確認から直前の中間検査までの工事監理の状況についてこの書類に記載すべき事項を記載した書類を別に添付すれば、その部分について記入する必要はありません。
B36: 2) | C36: 申請建築物が複数の構造方法からなる場合には、それぞれの構造の部分ごとに記載してください。
B37: 3) | C37: 接合状況のうち、鋼材等の金属材料の溶接又は圧接部分に係る内部欠陥の検査、強度検査等の確認については、当該部分に係る検査を行った者の氏名及び資格並びに当該検査に係るサンプル数及びその結果を記載してください。
B38: 4) | C38: 材料のうち、コンクリートについては、四週圧縮強度、塩化物量、アルカリ骨材反応等の試験又は検査（以下「試験等」という。）を行った者、試験等に係るサンプル数及び試験等の結果について記載してください。
B39: 5) | C39: 「特定天井に用いる材料の種類並びに当該特定天井の構造及び施工状況」は、建築基準法施行令第３９条第３項、第８１条第１項第３号、第８２条の５第７号又は第１３７条の２第１号イ（３）の規定の適用を受ける部分について記載してください。
B40: 6) | C40: 「居室の内装の仕上げに用いる建築材料の種別及び当該建築材料を用いる部分の面積」は、建築基準法施行令第２０条の７第１項第１号に規定する内装の仕上げに用いる建築材料の種別並びに当該建築材料を用いる内装の仕上げの部分及び当該部分の面積について記載してください。
B41: 7) | C41: 「天井及び壁の室内に面する部分に係る仕上げ」は、建築基準法第３５条の２の規定の適用を受ける部分について記載してください。
B42: 8) | C42: 「開口部」は、防火設備の設置が義務付けられている部分、建築基準法第２８条第１項の規定の適用を受ける部分及び同法第３５条の適用を受ける部分について記載してください。
B43: 9) | C43: 「照合結果」は、「適」・「不適」のいずれかを記入し、工事施工者が注意に従わなかった場合には「不適」を記入してください。また、不適の場合には建築主に対して行った報告の内容を記載してください。
B44: 10) | C44: 消防法（昭和２３年法律第１８６号）第９条の２第１項に規定する住宅用防災機器の位置及び種類その他ここに書き表せない事項で特に報告すべき事項は、備考欄又は別紙に記載して添えてください。
B45: 11) | C45: 建築基準法施行令第121条の２の規定の適用を受ける直通階段で屋外に設けるものがある場合には、当該直通階段が木造であるか否かについて、備考欄に記載してください。また、当該直通階段が木造である場合には（注意）５⑨及び⑩を参酌して、当該直通階段に用いる材料の種類並びに当該直通階段の構造、防腐措置及び施工状況に関する照合内容、照合方法並びに照合結果について、併せて同欄に記載してください。
B47: 12) | C47: この書類に記載すべき事項を含む報告書を別に添付すれば、この書類を別途提出する必要はありません。

Sheet →TKCデータ用
D5: このシートから右にあるシートは変更しないでください。
D10: 変更履歴
D12: 43186 | F12: 注意、計画変更第１面を追加
D13: 43192 | F13: 第二面 工事施工者部分修正
D14: 43195 | F14: 工事届 第一面-2を追加
D15: 43306 | F15: 建築主電話番号空欄時の自動入力
D16: 43396 | F16: 手数料修正
D17: 43496 | F17: 概要書単位追加
D18: 43538 | F18: 概要書建設業の許可微調整
D19: 43586 | F19: 新元号に対応
D20: 43633 | F20: 工事監理者入力に対応
D21: 43642 | F21: 新法対応
D22: 43707 | F22: 検査書類対応
D23: 43900 | F23: 申請書第一面 日付修正
... D34: 20220316 | F34: 概要書第二面修正
F35: 完了、中間検査申請書
D36: 20220706 | F36: 微調整、電子申請有無を追加
D37: 20220714 | F37: ３面 特定工程に自由入力を追加
D38: 20220812 | F38: 検査共通第二面 工事施工者 登録番号の修正
D39: 20230418 | F39: 調査票 日影規制 高さの調整
D40: 20230501 | F40: 申請書第三面 RC中間検査の文言を変更
D41: 20230710 | F41: 電話番号のハイフンをそのままにした
D42: 20230728 | F42: 電子申請時の済証の発送先追加
D43: 20230901 | F43: 消防電子化での同意依頼書に必要なデータを追加
D44: 20230906 | F44: 用途地域を東京消防庁用に変換
D45: 20230928 | F45: ダイレクトクラウドID２～５に対応
D46: 20231017 | F46: 申請書第二面別紙（工事施工者）追加
D47: 20231228 | F47: 電申申込書、郵送先のシートを前に移動した 東京消防電子申請用構造の追加
... D66: 20260907 | F66: 調査表の用途地域を連動不具合を修正

Sheet 建築物データ
A1: 確認不適格案件 | B1: 確認申請番号 | C1: 年度番号 | D1: 建物種別 | E1: 確認種別 | F1: 都道府県記号 | G1: 物件番号 | H1: 計画変更回数 | I1: 物件名称 | J1: 建築主１のＩＤ | K1: 建築主２のＩＤ | L1: 建築主３のＩＤ | M1: 代理者のＩＤ | N1: 代表となる設計者のＩＤ | O1: 設計者（構造一級建築士）のＩＤ | P1: 設計者（設備一級建築士）のＩＤ | Q1: 建築場所（都道府県） | R1: 建築場所（市区町村） | S1: 建築場所（その他） | T1: 建築場所（住居表示） | U1: 敷地面積 | V1: 建築面積 | W1: 建築面積（申請外） | X1: 延べ面積 | Y1: 延べ面積（申請外） | Z1: 主要用途 | AA1: 工事種別 | AB1: 階数（地上） | AC1: 階数（地下） | AD1: 構造 | AE1: 一部構造 | AF1: 構造計算ルート | AG1: 構造計算プログラム | AH1: 号数 | AI1: 防火地域 | AJ1: 準防火地域 | AK1: 指定なし | AL1: ＯＨＤ物件 | AM1: 既存不適格事項 | AN1: 備考（進捗） | AO1: 仮受日 | AP1: 仮受担当者 | AQ1: 意匠審査開始日 | AR1: 意匠審査質疑日 | AS1: 意匠審査終了日 | AT1: 構造審査開始日 | AU1: 構造審査質疑日 | AV1: 構造審査終了日 | AW1: 設備審査開始日 | AX1: 設備審査質疑日 | AY1: 設備審査終了日 | AZ1: 受付日 | BA1: 受付担当者 | BB1: 引受請求発送日 | BC1: 引受請求発送担当者 | BD1: 消防同意発送日 | BE1: 消防同意発送担当者 | BF1: 行政照会発送日 | BG1: 行政照会発送担当者 | BH1: 行政通知発送日 | BI1: 行政通知発送担当者 | BJ1: 消防通知発送日 | BK1: 消防通知発送担当者 | BL1: 保健所発送日 | BM1: 保健所発送担当者 | BN1: 消防同意返却日 | BO1: 消防同意返却担当者 | BP1: 行政照会返却日 | BQ1: 行政照会返却担当者 | BR1: 意匠受付後審査開始日 | BS1: 意匠受付後審査終了日 | BT1: 設備受付後審査開始日 | BU1: 設備受付後審査終了日 | BV1: 構造受付後審査開始日 | BW1: 構造受付後審査終了日 | BX1: 法適合審査終了日 | BY1: 法適合審査担当者 | BZ1: 交付日 | CA1: 交付担当者 | CB1: 発送日 | CC1: 発送担当者 | CD1: 延長通知日 | CE1: 延長通知担当者 | CF1: できない旨通知日 | CG1: できない旨通知担当者 | CH1: 検査員 | CI1: 意匠審査員 | CJ1: 構造審査員 | CK1: 設備審査員 | CL1: 行政書類送付先 | CM1: 所轄消防署 | CN1: 所轄保健所 | CO1: 申請手数料 | CP1: 天空率手数料 | CQ1: 適判手数料 | CR1: 適判事務手数料 | CS1: 昇降機併願手数料 | CT1: 入金日 | CU1: 請求書宛名ＩＤ | CV1: 請求書宛名１ | CW1: 請求書宛名２ | CX1: 請求書宛名敬称 | CY1: 請求書発送先ＩＤ | CZ1: 請求書発送先宛名１ | DA1: 請求書発送先宛名２ | DB1: 請求書発送先宛名敬称 | DC1: 請求書発送先郵便番号 | DD1: 請求書発送先住所 | DE1: 最高高さ | DF1: 軒高さ | DG1: 用途地域 | DH1: 着工予定日 | DI1: 竣工予定日 | DJ1: 施工者氏名 | DK1: 施工者住所 | DL1: 施工者電話番号 | DM1: 構造消防同意用 | DN1: 建築主１ID | DO1: 建築主１氏名１ | DP1: 建築主１氏名２ | DQ1: 建築主１郵便番号 | DR1: 建築主１住所 | DS1: 建築主１電話番号 | DT1: 備考 | DU1: 取止取下 | DV1: 倉庫番号 | DW1: 変更日 | DX1: 変更時刻 | DY1: 適判機関名 | DZ1: 適判代表名 | EA1: 適判受付日 | EB1: 適判交付日 | EC1: 適判交付番号 | ED1: 確認仮受番号 | EE1: 物件基本番号 | EF1: 電子申請有無 | EG1: 電子申請有無２ | EH1: 構造社内担当 | EI1: 省エネ適判受付日２ | EJ1: 省エネ適判交付日２ | EK1: 省エネ適判交付番号２ | EL1: ダイレクトクラウドID | EM1: 電子申請代表者 | EN1: 電子申請代表者会社名 | EO1: 工事監理者ID | EP1: 適判手数料① | EQ1: 建築物の番号（昇降機） | ER1: 種類（昇降機） | ES1: 方式（昇降機） | ET1: 積載荷重（Ｎ）（昇降機） | EU1: 最大定員（昇降機） | EV1: 速度（昇降機） | EW1: その他（昇降機） | EX1: 電子申請代表者電話番号 | EY1: 確認申請発送方法 | EZ1: 確認申請問合番号 | FA1: 確認申請受領書受取日 | FB1: 確認申請済証発送先宛名１ | FC1: 確認申請済証発送先宛名２ | FD1: 確認申請済証発送先敬称 | FE1: 確認申請済証発送先郵便番号 | FF1: 確認申請済証発送先住所 | FG1: 確認申請済証発送先電話番号 | FH1: ダイレクトクラウドID２ | FI1: ダイレクトクラウドID３ | FJ1: ダイレクトクラウドID４ | FK1: ダイレクトクラウドID５ | FL1: 高さ（工作物） | FM1: その他（工作物） | FN1: 客先名 | FO1: 確認完了検査交付日 | FP1: 意匠図書提出日 | FQ1: 構造図書提出日 | FR1: 設備図書提出日 | FS1: ダイレクトクラウドID２ゲスト有無 | FT1: ダイレクトクラウドID３ゲスト有無 | FU1: ダイレクトクラウドID４ゲスト有無 | FV1: ダイレクトクラウドID５ゲスト有無 | FW1: 申請棟数 | FX1: その他棟数 | FY1: 着工日 | FZ1: 型式適合認定 | GA1: 電子交付有無 | GB1: 建築主２ID | GC1: 建築主２氏名１ | GD1: 建築主２氏名２ | GE1: 建築主２郵便番号 | GF1: 建築主２住所 | GG1: 建築主２電話番号 | GH1: 中間検査履歴①特定工程 | GI1: 中間検査履歴①検査日 | GJ1: 中間検査履歴②番号 | GK1: 中間検査履歴②交付日 | GL1: 中間検査履歴②交付者 | GM1: 中間検査履歴②特定工程 | GN1: 中間検査履歴②検査日 | GO1: 完了検査履歴番号 | GP1: 完了検査履歴交付日 | GQ1: 完了検査履歴交付者 | GR1: 完了検査履歴検査日 | GS1: 完了検査2履歴番号 | GT1: 完了検査2履歴交付日 | GU1: 完了検査2履歴検査日 | GV1: 構造適判履歴 | GW1: 構造適判代表者履歴 | GX1: 構造適判交付日履歴 | GY1: 構造適判番号履歴 | GZ1: 他社確認申請番号 | HA1: 他社確認申請交付日 | HB1: 他社確認申請交付者 | HC1: 他社計画変更①番号 | HD1: 他社計画変更①交付日 | HE1: 他社計画変更①交付者 | HF1: 他社中間検査①番号 | HG1: 他社中間検査①交付日 | HH1: 他社中間検査①交付者 | HI1: 他社中間検査①特定工程 | HJ1: 他社中間検査①検査日 | HK1: 他社確認申請番号履歴 | HL1: 他社確認申請交付日履歴 | HM1: 他社確認申請交付者履歴 | HN1: 他社計画変更①番号履歴 | HO1: 他社計画変更①交付日履歴 | HP1: 他社計画変更①交付者履歴 | HQ1: 他社中間検査①番号履歴 | HR1: 他社中間検査①交付日履歴 | HS1: 他社中間検査①交付者履歴 | HT1: 他社中間検査①特定工程履歴 | HU1: 他社中間検査①検査日履歴 | HV1: 判断できない旨の通知日 | HW1: 判断できない旨の通知担当者 | HX1: 避難安全検証法有無 | HY1: 耐火性能検証法有無 | HZ1: 新防火区画性能検証法有無 | IA1: 避難安全検証法手数料 | IB1: 耐火性能検証法手数料 | IC1: 新防火区画性能検証法手数料 | ID1: 検査員２ | IE1: 省エネ適判機関名 | IF1: 省エネ適判受付日 | IG1: 省エネ適判交付日 | IH1: 省エネ適判交付番号 | II1: 防火区画性能検証法有無 | IJ1: 防火区画性能検証法手数料 | IK1: 木３工法 | IL1: 木３種別 | IM1: 木３住戸数 | IN1: 木造２２条地域 | IO1: 木造丸太組構法 | IP1: 意匠担当メールアドレス | IQ1: 構造担当メールアドレス | IR1: 設備担当メールアドレス | IS1: 確認申請取下取止日 | IT1: 確認申請情報更新者
D2: 建 | E2: =IF('第一面 (計変)'!J29<>"","更","確") -> 確 | F2: =IF(LEFT(第三面!F4,1)="山","梨",LEFT(第三面!F4,1)) | G2: =DBCS(IF(G15<>"",LEFT(G15,4)&"－"&H2,IF(G14<>"",LEFT(G14,4)&"－"&H2,DBCS("Ｋ"&RIGHT(TEXT(G10,"y"),1)&TEXT(G10,"mm")&TEXT(G10,"dd")&H10)))) -> Ｋ００１００ | H2: =IF(H15<>0,H15,IF(AND('第一面 (計変)'!AJ29="確",'第一面 (計変)'!AM29=""),1,IF(AND('第一面 (計変)'!AJ29="更",'第一面 (計変)'!AM29=""),2,IF('第一面 (計変)'!AM29<>"",VALUE(RIGHT('第一面 (計変)'!AM29,1))+1,0)))) -> 0 | I2: ='第二面-3'!A52 -> 0 | J2: =建築主１!A2 -> 190001001 | K2: =IF('第二面（主）'!H5<>"",建築主２!A2,"") | L2: =IF('第二面（主）'!H12<>"",建築主３!A2,"") | M2: =IF(第二面!K17="","",SUBSTITUTE(第二面!K17,"-","")) | N2: =IF(第二面!K27="","",SUBSTITUTE(第二面!K27,"-","")) | O2: =IF(O10<>"",O10,IF(O11<>"",O11,IF(O12<>"",O12,""))) | P2: =IF(P10<>"",P10,IF(P11<>"",P11,IF(P12<>"",P12,""))) | Q2: =IFERROR(IF(LEFT(第三面!F4,3)="東京都","東京都",IF(FIND("県",第三面!F4,1)>0,LEFT(第三面!F4,FIND("県",第三面!F4,1)),"")),"") | R2: =IFERROR(MID(第三面!F4,LEN(TRIM(Q2))+1,IFERROR(FIND("区",第三面!F4,1),IFERROR(FIND("市",第三面!F4,1),IFERROR(FIND("町",第三面!F4,1),IFERROR(FIND("村",第三面!F4,1),""))))-LEN(TRIM(Q2))),"") | S2: =IFERROR(MID(第三面!F4,FIND("区",第三面!F4,1)+1,99),IFERROR(MID(第三面!F4,FIND("市",第三面!F4,1)+1,99),IFERROR(MID(第三面!F4,FIND("町",第三面!F4,1)+1,99),IFERROR(MID(第三面!F4,FIND("村",第三面!F4,1)+1,99),)))) -> 0 | T2: =IF(第三面!F5="","",IFERROR(MID(第三面!F5,FIND("区",第三面!F5,1)+1,99),IFERROR(MID(第三面!F5,FIND("市",第三面!F5,1)+1,99),IFERROR(MID(第三面!F5,FIND("町",第三面!F5,1)+1,99),IFERROR(MID(第三面!F5,FIND("村",第三面!F5,1)+1,99),))))) | U2: =SUM(第三面!J23,第三面!J24) -> 0 | V2: =第三面!J32 -> 0 | W2: =第三面!P32 -> 0 | X2: =第三面!J37 -> 0 | Y2: =第三面!P37 -> 0 | Z2: =第三面!N28 -> 0 | AA2: =IF(第三面!C30="■","新築 ","")&IF(第三面!F30="■","増築 ","")&IF(第三面!I30="■","改築 ","")&IF(第三面!L30="■","移転 ","")&IF(第三面!O30="■","用途変更 ","")&IF(第三面!S30="■","大規模の修繕 ","")&IF(第三面!X30="■","大規模の模様替 ","") | AB2: ='第三面-2'!J10 -> 0 | AC2: =IF('第三面-2'!J11="","",'第三面-2'!J11) | AD2: ='第三面-2'!J12&"造" -> 鉄骨造 | AE2: =IF('第三面-2'!T12="","",'第三面-2'!T12)&IF('第三面-2'!T12="","","造") | AG2: =IF(第六面!G23="","",第六面!G23) | AI2: =IF(第三面!K9="■","TRUE","FALSE") -> FALSE | AJ2: =IF(第三面!P9="■","TRUE","FALSE") -> FALSE | AK2: =IF(第三面!V9="■","TRUE","FALSE") -> FALSE | AO2: =G10 -> 0 | CO2: =IFERROR(VLOOKUP(VALUE(X2),CN20:CO36,2,TRUE),"") | CP2: =CP31 -> 0 | CQ2: 0 | CR2: 0 | CS2: 0 | CV2: =IF(IFERROR(SEARCH("代表",連絡先!H20),0)>0,LEFT(連絡先!H20,SEARCH("代表",連絡先!H20)-1),連絡先!H20) -> 0 | CW2: =IFERROR(IF(SEARCH("代表",連絡先!H20)>0,MID(連絡先!H20,SEARCH("代表",連絡先!H20),99),""),"") | CZ2: =IF(IFERROR(SEARCH("代表",連絡先!H22),0)>0,LEFT(連絡先!H22,SEARCH("代表",連絡先!H22)-1),連絡先!H22) -> 0 | DA2: =IFERROR(IF(SEARCH("代表",連絡先!H22)>0,MID(連絡先!H22,SEARCH("代表",連絡先!H22),99),""),"") | DC2: =IF(連絡先!S24="","",連絡先!S24) | DD2: =IF(連絡先!H23="","",連絡先!H23) | DE2: =第四面!I36 -> 0 | DF2: =第四面!I37 -> 0 | DG2: =IFERROR(VLOOKUP(第三面!J18,第三面!A101:J120,10,FALSE),"") | DH2: ='第三面-2'!AF20 -> 0 | DI2: ='第三面-2'!AF22 -> 0 | DJ2: ='第二面-3'!K37 -> 0 | DK2: =IF('第二面-3'!K41<>"",'第二面-3'!K41,"") | DL2: =IF('第二面-3'!K42<>"",'第二面-3'!K42,"") | DM2: =IF(OR(第四面!C13="■",第四面!C14="■"),"5:耐火",IF(第四面!C16="■","6:準耐火イ",IF(OR(第四面!C17="■",第四面!C18="■"),"7:準耐火ロ",""))) | DO2: =IF(IFERROR(SEARCH(DO20,第二面!K5),0)>0,LEFT(第二面!K5,SEARCH(DO20,第二面!K5)-1),第二面!K5) -> 0 | DP2: =IFERROR(IF(SEARCH(DO20,第二面!K5)>0,MID(第二面!K5,SEARCH(DO20,第二面!K5),99),""),"") | DQ2: =IF(第二面!K6="","",第二面!K6) | DR2: =IF(第二面!K7="","",第二面!K7) | DS2: =IF(第二面!K8="","",第二面!K8) | DY2: {=IF('第二面-3'!B44="■",VLOOKUP('第二面-3'!G44,DY21:DZ45,2,FALSE),IF('第二面-3'!B45="■",VLOOKUP('第二面-3'!G45:AB45,DY21:DZ45,2,FALSE),""))} | ED2: =IF('第一面 (計変)'!J29<>"","",建築物データ!G2) -> Ｋ００１００ | EE2: =IF(G15<>"",LEFT(G15,4),IF(G14<>"",LEFT(G14,4),"")) | EF2: =IF(電申申込書!P18<>"","有","") | EL2: =IF(電申申込書!P18<>"",電申申込書!P18,"") | EM2: =IF(電申申込書!L18<>"",電申申込書!L18,"") | EN2: =IF(電申申込書!E18<>"",電申申込書!E18,"") | EO2: =IF('第二面-3'!K9="未定","００００００００００",SUBSTITUTE('第二面-3'!K9,"-","")) | EX2: =IF(電申申込書!V18<>"",電申申込書!V18,"") | FB2: =IF(郵送先!H8<>"",郵送先!H8,"") | FC2: =IF(郵送先!H9<>"",郵送先!H9,"") | FE2: =IF(郵送先!S11<>"",郵送先!S11,"") | FF2: =IF(郵送先!H10<>"",郵送先!H10,"") | FG2: =IF(郵送先!H11<>"",郵送先!H11,"") | FH2: =IF(電申申込書!P19<>"",電申申込書!P19,"") | FI2: =IF(電申申込書!P20<>"",電申申込書!P20,"") | FJ2: =IF(電申申込書!P21<>"",電申申込書!P21,"") | FK2: =IF(電申申込書!P22<>"",電申申込書!P22,"") | FN2: =IF(連絡先!J7<>"",連絡先!J7,"") | FS2: =LEFT(電申申込書!C19,2)&IF(RIGHT(電申申込書!C19,5)="（ゲスト）","ゲスト","") | FT2: =LEFT(電申申込書!C20,2)&IF(RIGHT(電申申込書!C20,5)="（ゲスト）","ゲスト","") | FU2: =LEFT(電申申込書!C21,2)&IF(RIGHT(電申申込書!C21,5)="（ゲスト）","ゲスト","") | FV2: =LEFT(電申申込書!C22,2)&IF(RIGHT(電申申込書!C22,5)="（ゲスト）","ゲスト","") | FW2: =IF('第三面-2'!L6<>"",'第三面-2'!L6,"") | FX2: =IF('第三面-2'!L7<>"",'第三面-2'!L7,"") | GA2: =LEFT(初期画面!AD2,1)&LEFT(初期画面!AE2,1)&LEFT(初期画面!AF2,1) -> 電電電 | GC2: =IF('第二面（主）'!K5<>"",IF(IFERROR(SEARCH(GC20,'第二面（主）'!K5),0)>0,LEFT('第二面（主）'!K5,SEARCH(GC20,'第二面（主）'!K5)-1),'第二面（主）'!K5),"") | GD2: =IF('第二面（主）'!K5<>"",IFERROR(IF(SEARCH(GC20,'第二面（主）'!K5)>0,MID('第二面（主）'!K5,SEARCH(GC20,'第二面（主）'!K5),99),""),""),"") | GE2: =IF('第二面（主）'!K6="","",'第二面（主）'!K6) | GF2: =IF('第二面（主）'!K7="","",'第二面（主）'!K7) | GG2: =IF('第二面（主）'!K8="","",'第二面（主）'!K8) | IA2: 0 | IB2: 0 | IC2: 0 | IE2: =IF('第二面-3'!B48="■",'第二面-3'!G48,IF('第二面-3'!B49="■",'第二面-3'!G49,IF('第二面-3'!G50="第１号イに該当","仕様基準",IF('第二面-3'!G50="第１号ロに該当","誘導仕様基準",IF('第二面-3'!G50="第２号に該当","設計住宅性能評価",IF('第二面-3'!G50="第３号に該当","長期仕様構造等確認","")))))) | IJ2: 0 | IP2: =IF(連絡先!J10<>"",連絡先!J10,"") | IQ2: =IF(連絡先!J14<>"",連絡先!J14,"") | IR2: =IF(連絡先!J18<>"",連絡先!J18,"")
CN4: 1 | CO4: 50000 | CP4: =IF('第三面-2'!R15="■",10000,0) -> 0 | DY4: 適判機関名 & 所在地 | DZ4: 適判機関名 | EA4: 代表名 | GD4: =IFERROR(IF(SEARCH(DO20,第二面!K5)>0,MID(第二面!K5,SEARCH(DO20,第二面!K5),99),""),"")
CN5: 1 | CO5: 50000 | CP5: =IF('第三面-2'!K15="■",10000,0) -> 0 | DM5: 消防同意用 | DY5: 適判機関名 & 所在地 | DZ5: 適判機関名 | EA5: 代表名
CN6: 1 | CO6: 50000 | CP6: =IF('第三面-2'!D1="■",10000,0) -> 0 | DM6: 消防同意用 | DY6: 適判機関名 & 所在地 | DZ6: 適判機関名 | EA6: 代表名
G9: 仮受日 | H9: 番号
F10: =IFERROR(VLOOKUP(G10,G50:H55,2,FALSE),"") | O10: =IF(IF(OR(第二面!K32='第二面-2'!M4,第二面!K32='第二面-2'!M7),第二面!K37,"")="","",SUBSTITUTE(IF(OR(第二面!K32='第二面-2'!M4,第二面!K32='第二面-2'!M7),第二面!K37,""),"-","")) | P10: =IF(IF(OR(第二面!K32='第二面-2'!M10,第二面!K32='第二面-2'!M12,第二面!K32='第二面-2'!M14,第二面!K32='第二面-2'!M17,第二面!K32='第二面-2'!M19,第二面!K32='第二面-2'!M21),第二面!K37,"")="","",SUBSTITUTE(IF(OR(第二面!K32='第二面-2'!M10,第二面!K32='第二面-2'!M12,第二面!K32='第二面-2'!M14,第二面!K32='第二面-2'!M17,第二面!K32='第二面-2'!M19,第二面!K32='第二面-2'!M21),第二面!K37,""),"-",""))
G11: ↑ 選択してください ↑ | O11: =IF(IF(OR(第二面!K41='第二面-2'!M4,第二面!K41='第二面-2'!M7),第二面!K46,"")="","",SUBSTITUTE(IF(OR(第二面!K41='第二面-2'!M4,第二面!K41='第二面-2'!M7),第二面!K46,""),"-","")) | P11: =IF(IF(OR(第二面!K41='第二面-2'!M10,第二面!K41='第二面-2'!M12,第二面!K41='第二面-2'!M14,第二面!K41='第二面-2'!M17,第二面!K41='第二面-2'!M19,第二面!K41='第二面-2'!M21),第二面!K46,"")="","",SUBSTITUTE(IF(OR(第二面!K41='第二面-2'!M10,第二面!K41='第二面-2'!M12,第二面!K41='第二面-2'!M14,第二面!K41='第二面-2'!M17,第二面!K41='第二面-2'!M19,第二面!K41='第二面-2'!M21),第二面!K46,""),"-",""))
O12: =IF(IF(OR(第二面!K50='第二面-2'!M4,第二面!K50='第二面-2'!M7),第二面!K55,"")="","",SUBSTITUTE(IF(OR(第二面!K50='第二面-2'!M4,第二面!K50='第二面-2'!M7),第二面!K55,""),"-","")) | P12: =IF(IF(OR(第二面!K50='第二面-2'!M10,第二面!K50='第二面-2'!M12,第二面!K50='第二面-2'!M14,第二面!K50='第二面-2'!M17,第二面!K50='第二面-2'!M19,第二面!K50='第二面-2'!M21),第二面!K55,"")="","",SUBSTITUTE(IF(OR(第二面!K50='第二面-2'!M10,第二面!K50='第二面-2'!M12,第二面!K50='第二面-2'!M14,第二面!K50='第二面-2'!M17,第二面!K50='第二面-2'!M19,第二面!K50='第二面-2'!M21),第二面!K55,""),"-",""))
G13: ↓ 前確認番号 | H13: ↓ 計変回数
G14: =MID('第一面 (計変)'!J29,10,4)
H15: 0 | DO15: 氏名 | GC15: 氏名
DO16: 分割するキーワード | GC16: 分割するキーワード
DO18: ↓ | GC18: ↓
CO19: ↑ | CP19: ↑
CN20: 1 | CO20: 80000 | CP20: =IF('第三面-2'!D15="■",10000,0) -> 0 | DM20: 消防同意用 | DO20: 代表 | DY20: 適判機関名 & 所在地 | DZ20: 適判機関名 | EA20: 代表名 | GC20: 代表
CN21: 100 | CO21: 105000 | CP21: =IF('第三面-2'!K15="■",10000,0) -> 0 | DM21: 2:防火 | DY21: 一般財団法人群馬県建築構造技術センター 群馬県高崎市 | DZ21: 一般財団法人群馬県建築構造技術センター | EA21: 理事長 星 和彦
CN22: 200 | CO22: 140000 | CP22: =IF('第三面-2'!R15="■",10000,0) -> 0 | DM22: 3:簡易耐火イ | DY22: 一般財団法人 日本建築センター 東京都千代田 | DZ22: 一般財団法人 日本建築センター | EA22: 理事長 橋本 公博
CN23: 300 | CO23: 175000 | DM23: 4:簡易耐火ロ | DY23: ビューローベリタスジャパン株式会社 東京都千代田区 | DZ23: ビューローベリタスジャパン株式会社 | EA23: 代表取締役社長 外崎 達人
CN24: 500 | CO24: 220000 | DM24: 5:耐火 | DN24: =IF(OR(第四面!C13="■",第四面!C14="■"),"5:耐火","") | DY24: 一般財団法人 ベターリビング 東京都千代田区 | DZ24: 一般財団法人 ベターリビング | EA24: 理事長 井上 俊之
CN25: 1000 | CO25: 310000 | DM25: 6:準耐火イ | DN25: =IF(第四面!C16="■","6:準耐火イ","") | DY25: 株式会社 東京建築検査機構 東京都中央区 | DZ25: 株式会社 東京建築検査機構 | EA25: 代表取締役社長 濵田 信彦
CN26: 2000 | CO26: 400000 | DM26: 7:準耐火ロ | DN26: =IF(OR(第四面!C17="■",第四面!C18="■"),"7:準耐火ロ","") | DY26: 日本建築検査協会株式会社 東京都中央区 | DZ26: 日本建築検査協会株式会社 | EA26: 代表取締役 山﨑 哲
CN27: 3000 | CO27: 470000 | DM27: 9:その他 | DY27: 株式会社 国際確認検査センター 東京都中央区 | DZ27: 株式会社 国際確認検査センター | EA27: 代表取締役 山田 耕藏
CN28: 4000 | CO28: 570000 | DY28: 株式会社 都市居住評価センター 東京都港区 | DZ28: 株式会社 都市居住評価センター | EA28: 代表取締役社長 金谷 輝範
CN29: 5000 | CO29: 650000 | DY29: 一般財団法人 日本建築設備・昇降機センター 東京都港区 | DZ29: 一般財団法人 日本建築設備・昇降機センター | EA29: 理事長 村岸 明
CN30: 6000 | CO30: 720000 | DY30: 日本ＥＲＩ株式会社 東京都港区 | DZ30: 日本ＥＲＩ株式会社 | EA30: 代表取締役社長 馬野 俊彦
CN31: 8000 | CO31: 800000 | CP31: =SUM(CP20:CP22) -> 0 | DY31: ハウスプラス確認検査株式会社 東京都港区 | DZ31: ハウスプラス確認検査株式会社 | EA31: 代表取締役社長 吉田 正司
CN32: 10000 | CO32: 1080000 | DY32: 一般財団法人 住宅金融普及協会 東京都文京区 | DZ32: 一般財団法人 住宅金融普及協会 | EA32: 会長 安齋 俊彦
CN33: 20000 | CO33: 1350000 | DY33: アウェイ建築評価ネット株式会社 東京都新宿区 | DZ33: アウェイ建築評価ネット株式会社 | EA33: 代表取締役 吉川 充
CN34: 30000 | CO34: 1710000 | DY34: 公益財団法人 東京都防災・建築まちづくりセンター 東京都新宿区 | DZ34: 公益財団法人 東京都防災・建築まちづくりセンター | EA34: 理事長 青柳 一彦
CN35: 40000 | CO35: 1950000 | DY35: 株式会社 建築構造センター 東京都新宿区 | DZ35: 株式会社 建築構造センター | EA35: 代表取締役社長 田野邉 幸裕
CN36: 50000 | CO36: 2200000 | DY36: 株式会社 グッド・アイズ建築検査機構 東京都新宿区 | DZ36: 株式会社 グッド・アイズ建築検査機構 | EA36: 代表取締役 藤田 孝行
CN37: ３号かどうか判断できないから不採用 | DY37: 一般財団法人 さいたま住宅検査センター 東京都武蔵野市 | DZ37: 一般財団法人 さいたま住宅検査センター | EA37: 理事長 岩﨑 康夫
CN38: 1 | CO38: 60000 | DY38: 公益財団法人 千葉県建設技術センター 千葉県千葉市 | DZ38: 公益財団法人 千葉県建設技術センター | EA38: 理事長 神作 秀雄
CN39: 100 | CO39: 80000 | DY39: 一般財団法人 長野県建築住宅センター 長野県長野市 | DZ39: 一般財団法人 長野県建築住宅センター | EA39: 理事長 竹前 俊雄
DY40: 株式会社 J建築検査センター 東京都渋谷区 | DZ40: 株式会社 J建築検査センター | EA40: 代表取締役 丹野 智幸
DY41: 一般財団法人 神奈川県建築安全協会 神奈川県横浜市 | DZ41: 一般財団法人 神奈川県建築安全協会 | EA41: 理事長 庄司 博之
DY42: 一般財団法人 日本建築総合試験所 大阪府大阪市 | DZ42: 一般財団法人 日本建築総合試験所 | EA42: 理事長 上谷 宏二
DY43: 一般財団法人 茨城県建築センター 茨城県水戸市 | DZ43: 一般財団法人 茨城県建築センター | EA43: 理事長 江原 秀明
DY44: 公益財団法人 とちぎ建設技術センター 栃木県宇都宮市 | DZ44: 公益財団法人 とちぎ建設技術センター | EA44: 理事長 赤 上 尚
DY45: アスコ適判株式会社 東京都品川区 | DZ45: アスコ適判株式会社 | EA45: 代表取締役 早川 定利
G50: =TODAY() -> 46272 | H50: 今日
G51: =TODAY()-1 -> 46271 | H51: １日前
G52: =TODAY()-2 -> 46270 | H52: ２日前
G53: =TODAY()-3 -> 46269 | H53: ３日前
G54: =TODAY()-4 -> 46268 | H54: ４日前
G55: =TODAY()-5 -> 46267 | H55: ５日前

Sheet ゲスト登録
A1: ID | B1: PASS | C1: name | D1: phone | E1: company | F1: luanguage | G1: status | H1: access_control | I1: notice
A2: =IF(電申申込書!P18<>"",電申申込書!P18,"") | C2: =IF(電申申込書!L18<>"",電申申込書!L18,"") | D2: =IF(電申申込書!V18<>"",電申申込書!V18,"") | E2: =IF(電申申込書!E18<>"",電申申込書!E18,"") | F2: =IF(電申申込書!P18<>"","jpn","") | G2: =IF(電申申込書!P18<>"","Y","") | H2: =IF(電申申込書!P18<>"","基本設定","") | I2: =IF(電申申込書!P18<>"","Y","")
A3: =IF(電申申込書!P19<>"",電申申込書!P19,"") | C3: =IF(電申申込書!L19<>"",電申申込書!L19,"") | D3: =IF(電申申込書!V19<>"",電申申込書!V19,"") | E3: =IF(電申申込書!E19<>"",電申申込書!E19,"") | F3: =IF(電申申込書!P19<>"","jpn","") | G3: =IF(電申申込書!P19<>"","Y","") | H3: =IF(電申申込書!P19<>"","基本設定","") | I3: =IF(電申申込書!P19<>"","Y","")
A4: =IF(電申申込書!P20<>"",電申申込書!P20,"") | C4: =IF(電申申込書!L20<>"",電申申込書!L20,"") | D4: =IF(電申申込書!V20<>"",電申申込書!V20,"") | E4: =IF(電申申込書!E20<>"",電申申込書!E20,"") | F4: =IF(電申申込書!P20<>"","jpn","") | G4: =IF(電申申込書!P20<>"","Y","") | H4: =IF(電申申込書!P20<>"","基本設定","") | I4: =IF(電申申込書!P20<>"","Y","")
A5: =IF(電申申込書!P21<>"",電申申込書!P21,"") | C5: =IF(電申申込書!L21<>"",電申申込書!L21,"") | D5: =IF(電申申込書!V21<>"",電申申込書!V21,"") | E5: =IF(電申申込書!E21<>"",電申申込書!E21,"") | F5: =IF(電申申込書!P21<>"","jpn","") | G5: =IF(電申申込書!P21<>"","Y","") | H5: =IF(電申申込書!P21<>"","基本設定","") | I5: =IF(電申申込書!P21<>"","Y","")
A6: =IF(電申申込書!P22<>"",電申申込書!P22,"") | C6: =IF(電申申込書!L22<>"",電申申込書!L22,"") | D6: =IF(電申申込書!V22<>"",電申申込書!V22,"") | E6: =IF(電申申込書!E22<>"",電申申込書!E22,"") | F6: =IF(電申申込書!P22<>"","jpn","") | G6: =IF(電申申込書!P22<>"","Y","") | H6: =IF(電申申込書!P22<>"","基本設定","") | I6: =IF(電申申込書!P22<>"","Y","")

Sheet 用途番号用
A1: 主要用途 | B1: 用途 | C1: 構造
A2: 01 | B2: 08010 | C2: 01
A3: 02 | B3: 08020 | C3: 02
A4: 10 | B4: 08030 | C4: 03
A5: 11 | B5: 08040 | C5: 04
A6: 12 | B6: 08050 | C6: 05
A7: 13 | B7: 08070 | C7: 06
A8: 14 | B8: 08080
A9: 15 | B9: 08082
A10: 16 | B10: 08090
A11: 17 | B11: 08100
A12: 18 | B12: 08110
A13: 19 | B13: 08120
A14: 20 | B14: 08130
A15: 21 | B15: 08132
A16: 22 | B16: 08140
A17: 23 | B17: 08150
A18: 24 | B18: 08152
A19: 30 | B19: 08160
... A33: 44 | B33: 08300
B34: 08310
B35: 08320
B36: 08330
B37: 08340
B38: 08350
B39: 08360
B40: 08370
B41: 08380
B42: 08390
B43: 08400
B44: 08410
B45: 08420
... B73: 08990

Sheet 注意欄再掲（参照用）
A1: （注意） １．各面共通関係 数字は算用数字を、単位はメートル法を用いてください。また、小数点以下の数値は四捨五入してくだ さい。 ２．第一面関係 ① 工事施工者及び除却工事施工者の担当者の氏名欄及び担当者の電話番号欄並びに工事監理者の氏名欄 及び電話番号欄には、受付経由機関等が工事内容について確認を行う際に回答ができる担当者の氏名及 び電話番号を記入してください。 ② ※印のある欄は記入しないでください。 ③ 除却工事施工者欄は、既存の建築物を除却し、引き続き、当該敷地内において建築物を建築しようと する場合に記入してください。 ３．第二面関係 ① ２欄の「イ」及び「ロ」、３欄の「ロ」、４欄並びに６欄の「ニ」は、該当するチェックボックスに 「レ」マークを入れてください。 ② ２欄の「イ」において、「会社」とは、株式会社、合名会社、合資会社及び合同会社をいい、特別の 法律により設立された法人で会社であるものを含みます。 ③ ２欄の「ロ」は、建築主が会社であるときのみ記入してください。 ④ ３欄の「ロ」において、「区域区分非設定都市計画区域」とは、区域区分が定められていない都市計 画区域をいいます。 ⑤ 増築と改築とを同時に行うときは、４欄は床面積の大きい方の工事によつて区分してください。 ⑥ ５欄は、居住専用建築物の場合は、次の表の記号の中から該当するものを選んで記入してください。
B21: 主要用途の区分 | AF21: 記号
B22: 居住専用住宅 | J22: 住宅、住宅附属建築物（物置、車庫等） | AF22: 01
B23: 居住専用準住宅 | J23: 寮、合宿所、寄宿舎、準住宅附属建築物（物置、車庫等） | AF23: 02
A24: ⑦ ５欄は、居住産業併用建築物又は産業専用建築物の場合は、産業の用に供する部分について、次の表 の記号の中から該当するものを選んで記入してください。また、一敷地内に既存の建築物があるとき は、記入に際しては、その部分と新たに建築する部分とを総合して判断してください。
B26: 主要用途の区分 | AF26: 記号
AF27: 居住 産業 併用 | AI27: 産業 専用
B28: 農林水産業 | J28: 農業、林業、漁業、水産養殖業 | AF28: 10 | AI28: 30
B29: 鉱業、採石業、砂利採取業、建設業 | AF29: 11 | AI29: 31
B30: 製造業 | J30: 食料品製造業、飲料・たばこ・飼料製造業、繊維工業、木材・木製品製造業、家具・装備品製造業、パルプ・紙・紙加工品製造業、印刷・同関連業、化学工業、石油製品・石炭製品製造業、プラスチック製品製造業、ゴム製品製造業、なめし革・同製品・毛皮製造業、窯業・土石製品製造業、鉄鋼業、非鉄金属製造業、金属製品製造業、はん用機械器具製造業、生産用機械器具製造業、業務用機械器具製造業、電子部品・デバイス・電子回路製造業、電気機械器具製造業、情報通信機械器具製造業、輸送用機械器具製造業、その他の製造業 | AF30: 12 | AI30: 32
B31: 電気・ガス・熱供給・水道業 | AF31: 13 | AI31: 33
B32: 情報通信業 | J32: 通信業、放送業、情報サービス業、インターネット附随サービス業、映像・音声・文字情報制作業 | AF32: 14 | AI32: 34
B33: 運輸業 | J33: 鉄道業、道路旅客運送業、道路貨物運送業、水運業、航空運輸業、倉庫業、運輸に附帯するサービス業 | AF33: 15 | AI33: 35
B34: 卸売業、小売業 | AF34: 16 | AI34: 36
B35: 金融業、保険業 | AF35: 17 | AI35: 37
B36: 不動産業 | J36: 不動産取引業、不動産賃貸業・管理業 | AF36: 18 | AI36: 38
B37: 宿泊業、飲食サービス業 | J37: 宿泊業、飲食店、持ち帰り・配達飲食サービス業 | AF37: 19 | AI37: 39
B38: 教育、学習支援業 | J38: 学校教育、その他の教育、学習支援業（社会教育、学習塾及び教養・技能教授業ほか） | AF38: 20 | AI38: 40
B39: 医療、福祉 | J39: 医療業、保健衛生、社会保険・社会福祉・介護事業 | AF39: 21 | AI39: 41
B40: その他のサービス業 | J40: 郵便業（信書便事業を含む。）、郵便局、学術・開発研究機関、政治・経済・文化団体、旅行業、娯楽業、宗教、物品賃貸業、専門サービス業、広告業、技術サービス業、洗濯・理容・美容・浴場業、その他の生活関連サービス業、協同組合、サービス業 | AF40: 22 | AI40: 42
B41: 国家公務、地方公務 | AF41: 23 | AI41: 43
B42: 他に分類されないもの | AF42: 24 | AI42: 44
A44: ⑧ ６欄は、一の建築物（１棟）ごとに各列に記入してください。 ⑨ ６欄の「イ」は、建築物の数が１のときは「１」と記入し、建築物の数が２以上のときは、一の建築 物（１棟）ごとに通し番号を付し、その番号を記入してください。 ⑩ ６欄の「ロ」は、届出時点の物件名を記入してください。 ⑪ ６欄の「ハ」は、居住専用建築物の場合は、次の表の記号の中から該当するものを選んで記入してく ださい。
B50: 用途の分類 | AH50: 記号
B51: 一戸建ての住宅 | AH51: 08010
B52: 長屋 | AH52: 08020
B53: 共同住宅 | AH53: 08030
B54: 寄宿舎 | AH54: 08040
B55: 下宿 | AH55: 08050
A57: ⑫ ６欄の「ハ」は、居住産業併用建築物又は産業専用建築物の場合は、産業の用に供する部分につい て、次の表の記号の中から該当するものを選んで記入してください。一の建築物に、２種類以上の用途 （既存部分があるときは、その用途を含む。）があるときは、一番大きい床面積の用途について記入 し、３種類以上の用途（既存部分があるときは、その用途を含む。）があるときは、「多用途」のチェ ックボックスに「レ」マークを入れてください。
B63: 用途の分類 | AH63: 記号
B64: 一戸建ての住宅 | AF64: 08010 | AH64: 08010
B65: 長屋 | AF65: 08020 | AH65: 08020
B66: 共同住宅 | AF66: 08030 | AH66: 08030
B67: 寄宿舎 | AF67: 08040 | AH67: 08040
B68: 下宿 | AF68: 08050 | AH68: 08050
B69: 住宅で事務所、店舗その他これらに類する用途を兼ねるもの | AF69: 08060 | AH69: 08060
B70: 幼稚園 | AH70: 08070
B71: 小学校 | AH71: 08080
B72: 義務教育学校 | AH72: 08082
B73: 中学校、高等学校又は中等教育学校 | AH73: 08090
B74: 特別支援学校 | AH74: 08100
B75: 大学又は高等専門学校 | AH75: 08110
B76: 専修学校 | AH76: 08120
B77: 各種学校 | AH77: 08130
B78: 幼保連携型認定こども園 | AH78: 08132
B79: 図書館その他これに類するもの | AH79: 08140
B80: 博物館その他これに類するもの | AH80: 08150
B81: 美術館その他これに類するもの | AH81: 08152
... B136: その他 | AH136: 08990
A138: ⑬ ６欄の「ニ」は、次の表の記号の中から該当するものを選んで記入してください。工事部分が２種類 以上の構造からなるときは、床面積が最も大きい部分の構造について記入してください。
B140: 構造の区分 | AH140: 記号
B141: 木造 | AH141: 01
B142: 鉄骨鉄筋コンクリート造 | AH142: 02
B143: 鉄筋コンクリート造 | AH143: 03
B144: 鉄骨造 | AH144: 04
B145: コンクリートブロック造 | AH145: 05
B146: その他 | AH146: 06
A148: ⑭ ６欄の「ホ」は、その建築物の規模に見合った月数を記入してください。 ⑮ ６欄の「ト」は、床面積が大きい順に３種類までの用途について、（注意）３．⑫に準じて該当する 記号を記入してください。 ⑯ ６欄の「チ」は、建築設備費を含んだ額を記入してください。消費税込みの金額である場合は、チェ ックボックスに「レ」マークを入れてください。
A153: ４．第三面関係 ① １欄は、建築物が居住専用住宅又は居住産業併用建築物（工事部分が産業の用のみに供する部分であ る場合を除く。）である場合に記入してください。当該建築物の数が２以上のときは、一の建築物（１ 棟）ごとに記入してください。 ② ２欄は、既存の建築物を除却し、引き続き、当該敷地内において建築物を建築しようとする場合にお いて、当該除却しようとする建築物について記入してください。 ③ １欄の「イ」は、第二面の６欄の「イ」に記入した番号と同じ番号を記入してください。 ④ １欄の「ロ」から「ト」までは、該当するチェックボックスに「レ」マークを入れてください。ただ し、建築物が住宅の附属建築物の場合においては、「ニ」から「ト」までは、当該建築物が附属する住 宅が該当するチェックボックスに「レ」マークを入れてください。 ⑤ １欄の「ロ」において、「新設」とは、新築、増築又は改築によって居室、台所及び便所のある独立 して居住し得る住宅が新たに造られるものをいいます。例えば、既存住宅の棟続きであっても、居室、 台所又は便所を整えて独立して居住し得るものは「新設」に含まれます。「その他」とは、住宅の附属 建築物又は増築若しくは改築によって造られる住宅で新設に該当しないものをいいます。例えば、一敷 地内に既存住宅があって、別棟に50平方メートルの居室だけを建築しても、新たに造られた部分だけで は独立して居住し得ないから「その他」に含まれます。
A168: ⑥ １欄の「ハ」は、当該住宅が新設のときのみ記入してください。「民間資金住宅」とは、国、地方公 共団体、独立行政法人住宅金融支援機構等の公的な機関の資金に全くよらず、民間資金のみで建てる住 宅をいいます。「住宅金融支援機構住宅」とは、独立行政法人住宅金融支援機構から建設資金の融資を 受けた住宅をいい、融資額の大小は問いません。「都市再生機構住宅」とは、独立行政法人都市再生機 構が分譲又は賃貸を目的として建てた住宅をいいます。 ⑦ １欄の「ニ」において、「在来工法」とは、プレハブ工法及び枠組壁工法以外の工法をいいます。 「プレハブ工法」とは、住宅の壁、柱、床、はり、屋根又は階段等の主要構造部材を工場で生産し、現 場で組立建築する工法をいいます。「枠組壁工法」とは、木材で組まれた枠組に構造用合板その他これ に類するものを打ち付けた床及び壁により建築物を建築する工法で、一般には、ツーバイフォー工法と いわれるものです。 ⑧ １欄の「ホ」において、「専用住宅」とは、専ら居住の目的だけのために建築するもので、住宅内に 店舗、事務所、作業場等の業務の用に供する部分がないものをいいます。「併用住宅」とは、住宅内に 店舗、事務所、作業場等の業務の用に供する部分があつて居住部分と機能的に結合して戸をなしている もので、居住部分の床面積の合計が建築物の床面積の合計の５分の１以上のものをいいます。「その他 の住宅」とは、主に工場、学校、官公署、旅館、下宿屋、浴場、社寺等の建築物に付属して、これと結 合している住宅をいいます。
A183: ⑨ １欄の「ヘ」において、「長屋建住宅」とは、廊下、階段等を共用しない２戸以上の住宅を連続する 建て方の住宅（連続建）をいい、廊下、階段等を共用しないで２戸以上の住宅を重ねたもの（重ね建） を含みます。「共同住宅」とは、長屋建住宅以外の住宅で、一の建築物内に２戸以上の住宅があるもの をいい、一般的には、アパート又はマンションといわれるものです。 ⑩ 一件の建築工事で１欄の「ト」の(1)から(4)までに掲げる住宅の利用関係が２種類以上となる場合 は、１欄の「チ」及び「リ」は当該住宅の利用関係の種類ごとに記入してください。 ⑪ ２欄の「イ」において居住専用建築物の場合は、（注意）３．⑥に準じて該当する記号を記入してく ださい。 ⑫ ２欄の「イ」において居住産業併用建築物又は産業専用建築物の場合は、（注意）３．⑦に準じて該 当する記号を記入してください。また、一敷地内に除却しようとする建築物以外に既存の建築物がある ときは、記入に際しては、その部分と除却しようとする部分とを総合して判断してください。 ⑬ ２欄の「ロ」、「ハ」及び「ヘ」は、該当するチェックボックスに「レ」マークを入れてください。 ※この届は国の統計調査において利用される場合があります。

Sheet 追加記入欄
A1: No.2 | D1: （第二面） | BA1: No.3 | BD1: （第二面） | DA1: No.4 | DD1: （第二面） | FA1: No.5 | FD1: （第二面）
A4: 【４．工事種別】 | K4: (1)新築 | P4: (2)増築 | U4: (3)改築 | Z4: (4)移転 | AM4: =IF(COUNTIF(AN4:AQ4,TRUE)>1,"複数選択",IF(COUNTIF(AN4:AQ4,TRUE)=0,"未入力","")) -> 未入力 | AN4: FALSE | AO4: FALSE | AP4: FALSE | AQ4: FALSE | AS4: =COUNTIF(AN4:AQ4, TRUE) -> 0 | AT4: =IF(AS4>=2, "選択は1つまでです。",IF(COUNTIF(AN4:AQ4,TRUE)=0,"未入力です。","")) -> 未入力です。 | BA4: 【４．工事種別】 | BK4: (1)新築 | BP4: (2)増築 | BU4: (3)改築 | BZ4: (4)移転 | CM4: =IF(COUNTIF(CN4:CQ4,TRUE)>1,"複数選択",IF(COUNTIF(CN4:CQ4,TRUE)=0,"未入力","")) -> 未入力 | CN4: FALSE | CO4: FALSE | CP4: FALSE | CQ4: FALSE | CS4: =COUNTIF(CN4:CQ4, TRUE) -> 0 | CT4: =IF(CS4>=2, "選択は1つまでです。",IF(COUNTIF(CN4:CQ4,TRUE)=0,"未入力です。","")) -> 未入力です。 | DA4: 【４．工事種別】 | DK4: (1)新築 | DP4: (2)増築 | DU4: (3)改築 | DZ4: (4)移転 | EM4: =IF(COUNTIF(EN4:EQ4,TRUE)>1,"複数選択",IF(COUNTIF(EN4:EQ4,TRUE)=0,"未入力","")) -> 未入力 | EN4: FALSE | EO4: FALSE | EP4: FALSE | EQ4: FALSE | ES4: =COUNTIF(EN4:EQ4, TRUE) -> 0 | ET4: =IF(ES4>=2, "選択は1つまでです。",IF(COUNTIF(EN4:EQ4,TRUE)=0,"未入力です。","")) -> 未入力です。 | FA4: 【４．工事種別】 | FK4: (1)新築 | FP4: (2)増築 | FU4: (3)改築 | FZ4: (4)移転 | GM4: =IF(COUNTIF(GN4:GQ4,TRUE)>1,"複数選択",IF(COUNTIF(GN4:GQ4,TRUE)=0,"未入力","")) -> 未入力 | GN4: FALSE | GO4: FALSE | GP4: FALSE | GQ4: FALSE
A7: 【５．主要用途】 | S7: （注意欄に記載の記号を記入してください） | AM7: =IF(COUNTA(J7)=0,"未入力","") -> 未入力 | AT7: =IF(COUNTA(J7)=0,"未入力です。","") -> 未入力です。 | BA7: 【５．主要用途】 | BS7: （注意欄に記載の記号を記入してください） | CM7: =IF(COUNTA(BJ7)=0,"未入力","") -> 未入力 | CT7: =IF(COUNTA(BJ7)=0,"未入力です。","") -> 未入力です。 | DA7: 【５．主要用途】 | DS7: （注意欄に記載の記号を記入してください） | EM7: =IF(COUNTA(DJ7)=0,"未入力","") -> 未入力 | ET7: =IF(COUNTA(DJ7)=0,"未入力です。","") -> 未入力です。 | FA7: 【５．主要用途】 | FS7: （注意欄に記載の記号を記入してください） | GM7: =IF(COUNTA(FJ7)=0,"未入力","") -> 未入力
A9: 【６．一の建築物ごとの内容】 | BA9: 【６．一の建築物ごとの内容】 | DA9: 【６．一の建築物ごとの内容】 | FA9: 【６．一の建築物ごとの内容】
B10: イ．番号 | AM10: =IF(COUNTA(J10,S10,AB10)=0,"未入力","") -> 未入力 | AN10: =IF(T10<>"","1"&TEXT(T10,"00"), IF(T11<>"","2"&TEXT(T11,"00"), IF(T12<>"","3"&TEXT(T12,"00"),""))) | AT10: =IF(COUNTA(J10,S10,AB10)=0,"未入力です。","") -> 未入力です。 | BB10: イ．番号 | CM10: =IF(COUNTA(BJ10,BS10,CB10)=0,"未入力","") -> 未入力 | CN10: =IF(BT10<>"","1"&TEXT(BT10,"00"), IF(BT11<>"","2"&TEXT(BT11,"00"), IF(BT12<>"","3"&TEXT(BT12,"00"),""))) | CT10: =IF(COUNTA(BJ10,BS10,CB10)=0,"未入力です。","") -> 未入力です。 | DB10: イ．番号 | EM10: =IF(COUNTA(DJ10,DS10,EB10)=0,"未入力","") -> 未入力 | EN10: =IF(DT10<>"","1"&TEXT(DT10,"00"), IF(DT11<>"","2"&TEXT(DT11,"00"), IF(DT12<>"","3"&TEXT(DT12,"00"),""))) | ET10: =IF(COUNTA(DJ10,DS10,EB10)=0,"未入力です。","") -> 未入力です。 | FB10: イ．番号 | GM10: =IF(COUNTA(FJ10,FS10,GB10)=0,"未入力","") -> 未入力 | GN10: =IF(FT10<>"","1"&TEXT(FT10,"00"), IF(FT11<>"","2"&TEXT(FT11,"00"), IF(FT12<>"","3"&TEXT(FT12,"00"),"")))
B11: ロ．物件名 | AN11: =IFERROR(IF(AND($J$10<>"",J11=""),"未入力があります（1列目）。",IF(AND($J$10="",J11<>""),"棟番号を入力してください（1列目）。","")),"") | AO11: =IFERROR(IF(AND($S$10<>"",S11=""),"未入力があります（2列目）。",IF(AND($S$10="",S11<>""),"棟番号を入力してください（2列目）。","")),"") | AP11: =IFERROR(IF(AND($AB$10<>"",AB11=""),"未入力があります（3列目）。",IF(AND($AB$10="",AB11<>""),"棟番号を入力してください（3列目）。","")),"") | AT11: =IF(OR(AND(J$10<>"",COUNTA(J11)=0), AND(S$10<>"",COUNTA(S11)=0), AND(AB$10<>"",COUNTA(AB11)=0)),"未入力があります。", IF(OR(AND(J$10="",COUNTA(J11)=1),AND(S$10="",COUNTA(S11)=1), AND(AB$10="",COUNTA(AB11)=1)),"棟番号を入力してください。","") ) | BB11: ロ．物件名 | CN11: =IFERROR(IF(AND($J$10<>"",BJ11=""),"未入力があります（1列目）。",IF(AND($J$10="",BJ11<>""),"棟番号を入力してください（1列目）。","")),"") | CO11: =IFERROR(IF(AND($S$10<>"",BS11=""),"未入力があります（2列目）。",IF(AND($S$10="",BS11<>""),"棟番号を入力してください（2列目）。","")),"") | CP11: =IFERROR(IF(AND($AB$10<>"",CB11=""),"未入力があります（3列目）。",IF(AND($AB$10="",CB11<>""),"棟番号を入力してください（3列目）。","")),"") | CT11: =IF(OR(AND(BJ$10<>"",COUNTA(BJ11)=0), AND(BS$10<>"",COUNTA(BS11)=0), AND(CB$10<>"",COUNTA(CB11)=0)),"未入力があります。", IF(OR(AND(BJ$10="",COUNTA(BJ11)=1),AND(BS$10="",COUNTA(BS11)=1), AND(CB$10="",COUNTA(CB11)=1)),"棟番号を入力してください。","") ) | DB11: ロ．物件名 | EN11: =IFERROR(IF(AND($J$10<>"",DJ11=""),"未入力があります（1列目）。",IF(AND($J$10="",DJ11<>""),"棟番号を入力してください（1列目）。","")),"") | EO11: =IFERROR(IF(AND($S$10<>"",DS11=""),"未入力があります（2列目）。",IF(AND($S$10="",DS11<>""),"棟番号を入力してください（2列目）。","")),"") | EP11: =IFERROR(IF(AND($AB$10<>"",EB11=""),"未入力があります（3列目）。",IF(AND($AB$10="",EB11<>""),"棟番号を入力してください（3列目）。","")),"") | ET11: =IF(OR(AND(DJ$10<>"",COUNTA(DJ11)=0), AND(DS$10<>"",COUNTA(DS11)=0), AND(EB$10<>"",COUNTA(EB11)=0)),"未入力があります。", IF(OR(AND(DJ$10="",COUNTA(DJ11)=1),AND(DS$10="",COUNTA(DS11)=1), AND(EB$10="",COUNTA(EB11)=1)),"棟番号を入力してください。","") ) | FB11: ロ．物件名 | GN11: =IFERROR(IF(AND($J$10<>"",FJ11=""),"未入力があります（1列目）。",IF(AND($J$10="",FJ11<>""),"棟番号を入力してください（1列目）。","")),"") | GO11: =IFERROR(IF(AND($S$10<>"",FS11=""),"未入力があります（2列目）。",IF(AND($S$10="",FS11<>""),"棟番号を入力してください（2列目）。","")),"") | GP11: =IFERROR(IF(AND($AB$10<>"",GB11=""),"未入力があります（3列目）。",IF(AND($AB$10="",GB11<>""),"棟番号を入力してください（3列目）。","")),"")
B12: ハ．用途 （注意欄に記載の記号を 記入してください） | AT12: =IF(OR(AND(J$10<>"",COUNTA(J12)=0), AND(S$10<>"",COUNTA(S12)=0), AND(AB$10<>"",COUNTA(AB12)=0)),"未入力があります。", IF(OR(AND(J$10="",COUNTA(J12)=1),AND(S$10="",COUNTA(S12)=1), AND(AB$10="",COUNTA(AB12)=1)),"棟番号を入力してください。","") ) | BB12: ハ．用途 （注意欄に記載の記号を 記入してください） | CT12: =IF(OR(AND(BJ$10<>"",COUNTA(BJ12)=0), AND(BS$10<>"",COUNTA(BS12)=0), AND(CB$10<>"",COUNTA(CB12)=0)),"未入力があります。", IF(OR(AND(BJ$10="",COUNTA(BJ12)=1),AND(BS$10="",COUNTA(BS12)=1), AND(CB$10="",COUNTA(CB12)=1)),"棟番号を入力してください。","") ) | DB12: ハ．用途 （注意欄に記載の記号を 記入してください） | ET12: =IF(OR(AND(DJ$10<>"",COUNTA(DJ12)=0), AND(DS$10<>"",COUNTA(DS12)=0), AND(EB$10<>"",COUNTA(EB12)=0)),"未入力があります。", IF(OR(AND(DJ$10="",COUNTA(DJ12)=1),AND(DS$10="",COUNTA(DS12)=1), AND(EB$10="",COUNTA(EB12)=1)),"棟番号を入力してください。","") ) | FB12: ハ．用途 （注意欄に記載の記号を 記入してください）
J13: 多用途 | S13: 多用途 | AB13: 多用途 | AN13: FALSE | AO13: FALSE | AP13: FALSE | BJ13: 多用途 | BS13: 多用途 | CB13: 多用途 | CN13: FALSE | CO13: FALSE | CP13: FALSE | DJ13: 多用途 | DS13: 多用途 | EB13: 多用途 | EN13: FALSE | EO13: FALSE | EP13: FALSE | FJ13: 多用途 | FS13: 多用途 | GB13: 多用途 | GN13: FALSE | GO13: FALSE | GP13: FALSE
B14: ニ．工事部分の構造 （注意欄に記載の記号を 記入してください） | AT14: =IF(OR(AND(J$10<>"",COUNTA(J14)=0), AND(S$10<>"",COUNTA(S14)=0), AND(AB$10<>"",COUNTA(AB14)=0)),"未入力があります。", IF(OR(AND(J$10="",COUNTA(J14)=1),AND(S$10="",COUNTA(S14)=1), AND(AB$10="",COUNTA(AB14)=1)),"棟番号を入力してください。","") ) | BB14: ニ．工事部分の構造 （注意欄に記載の記号を 記入してください） | CT14: =IF(OR(AND(BJ$10<>"",COUNTA(BJ14)=0), AND(BS$10<>"",COUNTA(BS14)=0), AND(CB$10<>"",COUNTA(CB14)=0)),"未入力があります。", IF(OR(AND(BJ$10="",COUNTA(BJ14)=1),AND(BS$10="",COUNTA(BS14)=1), AND(CB$10="",COUNTA(CB14)=1)),"棟番号を入力してください。","") ) | DB14: ニ．工事部分の構造 （注意欄に記載の記号を 記入してください） | ET14: =IF(OR(AND(DJ$10<>"",COUNTA(DJ14)=0), AND(DS$10<>"",COUNTA(DS14)=0), AND(EB$10<>"",COUNTA(EB14)=0)),"未入力があります。", IF(OR(AND(DJ$10="",COUNTA(DJ14)=1),AND(DS$10="",COUNTA(DS14)=1), AND(EB$10="",COUNTA(EB14)=1)),"棟番号を入力してください。","") ) | FB14: ニ．工事部分の構造 （注意欄に記載の記号を 記入してください）
B16: ホ．工事の予定期間 | P16: 月間 | Y16: 月間 | AH16: 月間 | AM16: =IF(COUNTA(K16,T16,AC16)=0,"未入力","") -> 未入力 | AT16: =IF(OR(AND(J$10<>"",COUNTA(K16)=0), AND(S$10<>"",COUNTA(T16)=0), AND(AB$10<>"",COUNTA(AC16)=0)),"未入力があります。", IF(OR(AND(J$10="",COUNTA(K16)=1),AND(S$10="",COUNTA(T16)=1), AND(AB$10="",COUNTA(AC16)=1)),"棟番号を入力してください。","") ) | BB16: ホ．工事の予定期間 | BP16: 月間 | BY16: 月間 | CH16: 月間 | CM16: =IF(COUNTA(BK16,BT16,CC16)=0,"未入力","") -> 未入力 | CT16: =IF(OR(AND(BJ$10<>"",COUNTA(BK16)=0), AND(BS$10<>"",COUNTA(BT16)=0), AND(CB$10<>"",COUNTA(CC16)=0)),"未入力があります。", IF(OR(AND(BJ$10="",COUNTA(BK16)=1),AND(BS$10="",COUNTA(BT16)=1), AND(CB$10="",COUNTA(CC16)=1)),"棟番号を入力してください。","") ) | DB16: ホ．工事の予定期間 | DP16: 月間 | DY16: 月間 | EH16: 月間 | EM16: =IF(COUNTA(DK16,DT16,EC16)=0,"未入力","") -> 未入力 | ET16: =IF(OR(AND(DJ$10<>"",COUNTA(DK16)=0), AND(DS$10<>"",COUNTA(DT16)=0), AND(EB$10<>"",COUNTA(EC16)=0)),"未入力があります。", IF(OR(AND(DJ$10="",COUNTA(DK16)=1),AND(DS$10="",COUNTA(DT16)=1), AND(EB$10="",COUNTA(EC16)=1)),"棟番号を入力してください。","") ) | FB16: ホ．工事の予定期間 | FP16: 月間 | FY16: 月間 | GH16: 月間 | GM16: =IF(COUNTA(FK16,FT16,GC16)=0,"未入力","") -> 未入力
B17: ヘ．工事部分の 床面積の合計 | AS17: =COUNTIF(AN17:AN23, TRUE) -> 0 | BB17: ヘ．工事部分の 床面積の合計 | CS17: =COUNTIF(CN17:CN23, TRUE) -> 0 | DB17: ヘ．工事部分の 床面積の合計 | ES17: =COUNTIF(EN17:EN23, TRUE) -> 0 | FB17: ヘ．工事部分の 床面積の合計
P18: ㎡ | Y18: ㎡ | AH18: ㎡ | AS18: =COUNTIF(AO17:AO23, TRUE) -> 0 | AT18: =IF(OR(AND(J$10<>"",COUNTA(K18)=0), AND(S$10<>"",COUNTA(T18)=0), AND(AB$10<>"",COUNTA(AC18)=0)),"未入力があります。", IF(OR(AND(J$10="",COUNTA(K18)=1),AND(S$10="",COUNTA(T18)=1), AND(AB$10="",COUNTA(AC18)=1)),"棟番号を入力してください。",IF(AND(K18<>"",K18<10),"10㎡未満の場合は届出不要です。",IF(AND(T18<>"",T18<10),"10㎡未満の場合は届出不要です。",IF(AND(AC18<>"",AC18<10),"10㎡以下の場合は届出不要です。",""))) )) | BP18: ㎡ | BY18: ㎡ | CH18: ㎡ | CS18: =COUNTIF(CO17:CO23, TRUE) -> 0 | CT18: =IF(OR(AND(BJ$10<>"",COUNTA(BK18)=0), AND(BS$10<>"",COUNTA(BT18)=0), AND(CB$10<>"",COUNTA(CC18)=0)),"未入力があります。", IF(OR(AND(BJ$10="",COUNTA(BK18)=1),AND(BS$10="",COUNTA(BT18)=1), AND(CB$10="",COUNTA(CC18)=1)),"棟番号を入力してください。",IF(AND(BK18<>"",BK18<10),"10㎡未満の場合は届出不要です。",IF(AND(BT18<>"",BT18<10),"10㎡未満の場合は届出不要です。",IF(AND(CC18<>"",CC18<10),"10㎡以下の場合は届出不要です。",""))) )) | DP18: ㎡ | DY18: ㎡ | EH18: ㎡ | ES18: =COUNTIF(EO17:EO23, TRUE) -> 0 | ET18: =IF(OR(AND(DJ$10<>"",COUNTA(DK18)=0), AND(DS$10<>"",COUNTA(DT18)=0), AND(EB$10<>"",COUNTA(EC18)=0)),"未入力があります。", IF(OR(AND(DJ$10="",COUNTA(DK18)=1),AND(DS$10="",COUNTA(DT18)=1), AND(EB$10="",COUNTA(EC18)=1)),"棟番号を入力してください。",IF(AND(DK18<>"",DK18<10),"10㎡未満の場合は届出不要です。",IF(AND(DT18<>"",DT18<10),"10㎡未満の場合は届出不要です。",IF(AND(EC18<>"",EC18<10),"10㎡以下の場合は届出不要です。",""))) )) | FP18: ㎡ | FY18: ㎡ | GH18: ㎡
AN19: FALSE | AO19: FALSE | AP19: FALSE | AS19: =COUNTIF(AP17:AP23, TRUE) -> 0 | AT19: =IF(OR(AND(J$10<>"",COUNTA(K19)=0), AND(S$10<>"",COUNTA(T19)=0), AND(AB$10<>"",COUNTA(AC19)=0)),"未入力があります。", IF(OR(AND(J$10="",COUNTA(K19)=1),AND(S$10="",COUNTA(T19)=1), AND(AB$10="",COUNTA(AC19)=1)),"棟番号を入力してください。","") ) | CN19: FALSE | CO19: FALSE | CP19: FALSE | CS19: =COUNTIF(CP17:CP23, TRUE) -> 0 | CT19: =IF(OR(AND(BJ$10<>"",COUNTA(BK19)=0), AND(BS$10<>"",COUNTA(BT19)=0), AND(CB$10<>"",COUNTA(CC19)=0)),"未入力があります。", IF(OR(AND(BJ$10="",COUNTA(BK19)=1),AND(BS$10="",COUNTA(BT19)=1), AND(CB$10="",COUNTA(CC19)=1)),"棟番号を入力してください。","") ) | EN19: FALSE | EO19: FALSE | EP19: FALSE | ES19: =COUNTIF(EP17:EP23, TRUE) -> 0 | ET19: =IF(OR(AND(DJ$10<>"",COUNTA(DK19)=0), AND(DS$10<>"",COUNTA(DT19)=0), AND(EB$10<>"",COUNTA(EC19)=0)),"未入力があります。", IF(OR(AND(DJ$10="",COUNTA(DK19)=1),AND(DS$10="",COUNTA(DT19)=1), AND(EB$10="",COUNTA(EC19)=1)),"棟番号を入力してください。","") ) | GN19: FALSE | GO19: FALSE | GP19: FALSE
B20: ト．用途ごとの工事部 分の床面積 （工事部分の用途が１種類 のみであり、ハの用途と 同一である場合は、記入 不要です。） | J20: ① | K20: 用途 | S20: ① | T20: 用途 | AB20: ① | AC20: 用途 | AM20: =AT20&AT21&AT22&AT23&AT24&AT25 | AT20: =IF(OR(AND(N20="",COUNTA(N21)=1), AND(W20="",COUNTA(W21)=1), AND(AF20="",COUNTA(AF21)=1)),"未入力です。", IF(OR(AND(J$10="",COUNTA(N20)=1),AND(S$10="",COUNTA(W20)=1), AND(AB$10="",COUNTA(AF20)=1)),"棟番号を入力してください。","")) | BB20: ト．用途ごとの工事部 分の床面積 （工事部分の用途が１種類 のみであり、ハの用途と 同一である場合は、記入 不要です。） | BJ20: ① | BK20: 用途 | BS20: ① | BT20: 用途 | CB20: ① | CC20: 用途 | CM20: =CT20&CT21&CT22&CT23&CT24&CT25 | CT20: =IF(OR(AND(BN20="",COUNTA(BN21)=1), AND(BW20="",COUNTA(BW21)=1), AND(CF20="",COUNTA(CF21)=1)),"未入力です。", IF(OR(AND(BJ$10="",COUNTA(BN20)=1),AND(BS$10="",COUNTA(BW20)=1), AND(CB$10="",COUNTA(CF20)=1)),"棟番号を入力してください。","")) | DB20: ト．用途ごとの工事部 分の床面積 （工事部分の用途が１種類 のみであり、ハの用途と 同一である場合は、記入 不要です。） | DJ20: ① | DK20: 用途 | DS20: ① | DT20: 用途 | EB20: ① | EC20: 用途 | EM20: =ET20&ET21&ET22&ET23&ET24&ET25 | ET20: =IF(OR(AND(DN20="",COUNTA(DN21)=1), AND(DW20="",COUNTA(DW21)=1), AND(EF20="",COUNTA(EF21)=1)),"未入力です。", IF(OR(AND(DJ$10="",COUNTA(DN20)=1),AND(DS$10="",COUNTA(DW20)=1), AND(EB$10="",COUNTA(EF20)=1)),"棟番号を入力してください。","")) | FB20: ト．用途ごとの工事部 分の床面積 （工事部分の用途が１種類 のみであり、ハの用途と 同一である場合は、記入 不要です。） | FJ20: ① | FK20: 用途 | FS20: ① | FT20: 用途 | GB20: ① | GC20: 用途 | GM20: =GT20&GT21&GT22&GT23&GT24&GT25
K21: 床面積 | R21: ㎡ | T21: 床面積 | AA21: ㎡ | AC21: 床面積 | AJ21: ㎡ | AT21: =IF(OR(AND(N$20<>"",COUNTA(N21)=0), AND(W$20<>"",COUNTA(W21)=0), AND(AF$20<>"",COUNTA(AF21)=0)),"未入力があります。", IF(OR(AND(J$10="",N20="",COUNTA(N21)=1),AND(S$10="",W20="",COUNTA(W21)=1), AND(AB$10="",AF20="",COUNTA(AF21)=1)),"棟番号及び用途を入力してください。", IF(OR(AND(J$10<>"",N20="",COUNTA(N21)=1),AND(S$10<>"",W20="",COUNTA(W21)=1), AND(AB$10<>"",AF20="",COUNTA(AF21)=1)),"用途を入力してください。", IF(OR(AND(J$10="",COUNTA(N21)=1),AND(S$10="",COUNTA(W21)=1), AND(AB$10="",COUNTA(AF21)=1)),"棟番号を入力してください。","")))) | BK21: 床面積 | BR21: ㎡ | BT21: 床面積 | CA21: ㎡ | CC21: 床面積 | CJ21: ㎡ | CT21: =IF(OR(AND(BN$20<>"",COUNTA(BN21)=0), AND(BW$20<>"",COUNTA(BW21)=0), AND(CF$20<>"",COUNTA(CF21)=0)),"未入力があります。", IF(OR(AND(BJ$10="",BN20="",COUNTA(BN21)=1),AND(BS$10="",BW20="",COUNTA(BW21)=1), AND(CB$10="",CF20="",COUNTA(CF21)=1)),"棟番号及び用途を入力してください。", IF(OR(AND(BJ$10<>"",BN20="",COUNTA(BN21)=1),AND(BS$10<>"",BW20="",COUNTA(BW21)=1), AND(CB$10<>"",CF20="",COUNTA(CF21)=1)),"用途を入力してください。", IF(OR(AND(BJ$10="",COUNTA(BN21)=1),AND(BS$10="",COUNTA(BW21)=1), AND(CB$10="",COUNTA(CF21)=1)),"棟番号を入力してください。","")))) | DK21: 床面積 | DR21: ㎡ | DT21: 床面積 | EA21: ㎡ | EC21: 床面積 | EJ21: ㎡ | ET21: =IF(OR(AND(DN$20<>"",COUNTA(DN21)=0), AND(DW$20<>"",COUNTA(DW21)=0), AND(EF$20<>"",COUNTA(EF21)=0)),"未入力があります。", IF(OR(AND(DJ$10="",DN20="",COUNTA(DN21)=1),AND(DS$10="",DW20="",COUNTA(DW21)=1), AND(EB$10="",EF20="",COUNTA(EF21)=1)),"棟番号及び用途を入力してください。", IF(OR(AND(DJ$10<>"",DN20="",COUNTA(DN21)=1),AND(DS$10<>"",DW20="",COUNTA(DW21)=1), AND(EB$10<>"",EF20="",COUNTA(EF21)=1)),"用途を入力してください。", IF(OR(AND(DJ$10="",COUNTA(DN21)=1),AND(DS$10="",COUNTA(DW21)=1), AND(EB$10="",COUNTA(EF21)=1)),"棟番号を入力してください。","")))) | FK21: 床面積 | FR21: ㎡ | FT21: 床面積 | GA21: ㎡ | GC21: 床面積 | GJ21: ㎡
J22: ② | K22: 用途 | S22: ② | T22: 用途 | AB22: ② | AC22: 用途 | AT22: =IF(OR(AND(N22="",COUNTA(N23)=1), AND(W22="",COUNTA(W23)=1), AND(AF22="",COUNTA(AF23)=1)),"未入力です。", IF(OR(AND(J$10="",COUNTA(N22)=1),AND(S$10="",COUNTA(W22)=1), AND(AB$10="",COUNTA(AF22)=1)),"棟番号を入力してください。","")) | BJ22: ② | BK22: 用途 | BS22: ② | BT22: 用途 | CB22: ② | CC22: 用途 | CT22: =IF(OR(AND(BN22="",COUNTA(BN23)=1), AND(BW22="",COUNTA(BW23)=1), AND(CF22="",COUNTA(CF23)=1)),"未入力です。", IF(OR(AND(BJ$10="",COUNTA(BN22)=1),AND(BS$10="",COUNTA(BW22)=1), AND(CB$10="",COUNTA(CF22)=1)),"棟番号を入力してください。","")) | DJ22: ② | DK22: 用途 | DS22: ② | DT22: 用途 | EB22: ② | EC22: 用途 | ET22: =IF(OR(AND(DN22="",COUNTA(DN23)=1), AND(DW22="",COUNTA(DW23)=1), AND(EF22="",COUNTA(EF23)=1)),"未入力です。", IF(OR(AND(DJ$10="",COUNTA(DN22)=1),AND(DS$10="",COUNTA(DW22)=1), AND(EB$10="",COUNTA(EF22)=1)),"棟番号を入力してください。","")) | FJ22: ② | FK22: 用途 | FS22: ② | FT22: 用途 | GB22: ② | GC22: 用途
K23: 床面積 | R23: ㎡ | T23: 床面積 | AA23: ㎡ | AC23: 床面積 | AJ23: ㎡ | AT23: =IF(OR(AND(N$22<>"",COUNTA(N23)=0), AND(W$22<>"",COUNTA(W23)=0), AND(AF$22<>"",COUNTA(AF23)=0)),"未入力があります。", IF(OR(AND(J$10="",N22="",COUNTA(N23)=1),AND(S$10="",W22="",COUNTA(W23)=1), AND(AB$10="",AF22="",COUNTA(AF23)=1)),"棟番号及び用途を入力してください。", IF(OR(AND(J$10<>"",N22="",COUNTA(N23)=1),AND(S$10<>"",W22="",COUNTA(W23)=1), AND(AB$10<>"",AF22="",COUNTA(AF23)=1)),"用途を入力してください。", IF(OR(AND(J$10="",COUNTA(N23)=1),AND(S$10="",COUNTA(W23)=1), AND(AB$10="",COUNTA(AF23)=1)),"棟番号を入力してください。","")))) | BK23: 床面積 | BR23: ㎡ | BT23: 床面積 | CA23: ㎡ | CC23: 床面積 | CJ23: ㎡ | CT23: =IF(OR(AND(BN$22<>"",COUNTA(BN23)=0), AND(BW$22<>"",COUNTA(BW23)=0), AND(CF$22<>"",COUNTA(CF23)=0)),"未入力があります。", IF(OR(AND(BJ$10="",BN22="",COUNTA(BN23)=1),AND(BS$10="",BW22="",COUNTA(BW23)=1), AND(CB$10="",CF22="",COUNTA(CF23)=1)),"棟番号及び用途を入力してください。", IF(OR(AND(BJ$10<>"",BN22="",COUNTA(BN23)=1),AND(BS$10<>"",BW22="",COUNTA(BW23)=1), AND(CB$10<>"",CF22="",COUNTA(CF23)=1)),"用途を入力してください。", IF(OR(AND(BJ$10="",COUNTA(BN23)=1),AND(BS$10="",COUNTA(BW23)=1), AND(CB$10="",COUNTA(CF23)=1)),"棟番号を入力してください。","")))) | DK23: 床面積 | DR23: ㎡ | DT23: 床面積 | EA23: ㎡ | EC23: 床面積 | EJ23: ㎡ | ET23: =IF(OR(AND(DN$22<>"",COUNTA(DN23)=0), AND(DW$22<>"",COUNTA(DW23)=0), AND(EF$22<>"",COUNTA(EF23)=0)),"未入力があります。", IF(OR(AND(DJ$10="",DN22="",COUNTA(DN23)=1),AND(DS$10="",DW22="",COUNTA(DW23)=1), AND(EB$10="",EF22="",COUNTA(EF23)=1)),"棟番号及び用途を入力してください。", IF(OR(AND(DJ$10<>"",DN22="",COUNTA(DN23)=1),AND(DS$10<>"",DW22="",COUNTA(DW23)=1), AND(EB$10<>"",EF22="",COUNTA(EF23)=1)),"用途を入力してください。", IF(OR(AND(DJ$10="",COUNTA(DN23)=1),AND(DS$10="",COUNTA(DW23)=1), AND(EB$10="",COUNTA(EF23)=1)),"棟番号を入力してください。","")))) | FK23: 床面積 | FR23: ㎡ | FT23: 床面積 | GA23: ㎡ | GC23: 床面積 | GJ23: ㎡
J24: ③ | K24: 用途 | S24: ③ | T24: 用途 | AB24: ③ | AC24: 用途 | AT24: =IF(OR(AND(N24="",COUNTA(N25)=1), AND(W24="",COUNTA(W25)=1), AND(AF24="",COUNTA(AF25)=1)),"未入力です。", IF(OR(AND(J$10="",COUNTA(N24)=1),AND(S$10="",COUNTA(W24)=1), AND(AB$10="",COUNTA(AF24)=1)),"棟番号を入力してください。","")) | BJ24: ③ | BK24: 用途 | BS24: ③ | BT24: 用途 | CB24: ③ | CC24: 用途 | CT24: =IF(OR(AND(BN24="",COUNTA(BN25)=1), AND(BW24="",COUNTA(BW25)=1), AND(CF24="",COUNTA(CF25)=1)),"未入力です。", IF(OR(AND(BJ$10="",COUNTA(BN24)=1),AND(BS$10="",COUNTA(BW24)=1), AND(CB$10="",COUNTA(CF24)=1)),"棟番号を入力してください。","")) | DJ24: ③ | DK24: 用途 | DS24: ③ | DT24: 用途 | EB24: ③ | EC24: 用途 | ET24: =IF(OR(AND(DN24="",COUNTA(DN25)=1), AND(DW24="",COUNTA(DW25)=1), AND(EF24="",COUNTA(EF25)=1)),"未入力です。", IF(OR(AND(DJ$10="",COUNTA(DN24)=1),AND(DS$10="",COUNTA(DW24)=1), AND(EB$10="",COUNTA(EF24)=1)),"棟番号を入力してください。","")) | FJ24: ③ | FK24: 用途 | FS24: ③ | FT24: 用途 | GB24: ③ | GC24: 用途
K25: 床面積 | R25: ㎡ | T25: 床面積 | AA25: ㎡ | AC25: 床面積 | AJ25: ㎡ | AT25: =IF(OR(AND(N$24<>"",COUNTA(N25)=0), AND(W$24<>"",COUNTA(W25)=0), AND(AF$24<>"",COUNTA(AF25)=0)),"未入力があります。", IF(OR(AND(J$10="",N24="",COUNTA(N25)=1),AND(S$10="",W24="",COUNTA(W25)=1), AND(AB$10="",AF24="",COUNTA(AF25)=1)),"棟番号及び用途を入力してください。", IF(OR(AND(J$10<>"",N24="",COUNTA(N25)=1),AND(S$10<>"",W24="",COUNTA(W25)=1), AND(AB$10<>"",AF24="",COUNTA(AF25)=1)),"用途を入力してください。", IF(OR(AND(J$10="",COUNTA(N25)=1),AND(S$10="",COUNTA(W25)=1), AND(AB$10="",COUNTA(AF25)=1)),"棟番号を入力してください。","")))) | BK25: 床面積 | BR25: ㎡ | BT25: 床面積 | CA25: ㎡ | CC25: 床面積 | CJ25: ㎡ | CT25: =IF(OR(AND(BN$24<>"",COUNTA(BN25)=0), AND(BW$24<>"",COUNTA(BW25)=0), AND(CF$24<>"",COUNTA(CF25)=0)),"未入力があります。", IF(OR(AND(BJ$10="",BN24="",COUNTA(BN25)=1),AND(BS$10="",BW24="",COUNTA(BW25)=1), AND(CB$10="",CF24="",COUNTA(CF25)=1)),"棟番号及び用途を入力してください。", IF(OR(AND(BJ$10<>"",BN24="",COUNTA(BN25)=1),AND(BS$10<>"",BW24="",COUNTA(BW25)=1), AND(CB$10<>"",CF24="",COUNTA(CF25)=1)),"用途を入力してください。", IF(OR(AND(BJ$10="",COUNTA(BN25)=1),AND(BS$10="",COUNTA(BW25)=1), AND(CB$10="",COUNTA(CF25)=1)),"棟番号を入力してください。","")))) | DK25: 床面積 | DR25: ㎡ | DT25: 床面積 | EA25: ㎡ | EC25: 床面積 | EJ25: ㎡ | ET25: =IF(OR(AND(DN$24<>"",COUNTA(DN25)=0), AND(DW$24<>"",COUNTA(DW25)=0), AND(EF$24<>"",COUNTA(EF25)=0)),"未入力があります。", IF(OR(AND(DJ$10="",DN24="",COUNTA(DN25)=1),AND(DS$10="",DW24="",COUNTA(DW25)=1), AND(EB$10="",EF24="",COUNTA(EF25)=1)),"棟番号及び用途を入力してください。", IF(OR(AND(DJ$10<>"",DN24="",COUNTA(DN25)=1),AND(DS$10<>"",DW24="",COUNTA(DW25)=1), AND(EB$10<>"",EF24="",COUNTA(EF25)=1)),"用途を入力してください。", IF(OR(AND(DJ$10="",COUNTA(DN25)=1),AND(DS$10="",COUNTA(DW25)=1), AND(EB$10="",COUNTA(EF25)=1)),"棟番号を入力してください。","")))) | FK25: 床面積 | FR25: ㎡ | FT25: 床面積 | GA25: ㎡ | GC25: 床面積 | GJ25: ㎡
B26: チ．建築工事費予定額 | P26: 万円 | Y26: 万円 | AH26: 万円 | AS26: =COUNTIF(AN25:AN30, TRUE) -> 0 | AT26: =IF(OR(AND(J$10<>"",COUNTA(K26)=0), AND(S$10<>"",COUNTA(T26)=0), AND(AB$10<>"",COUNTA(AC26)=0)),"未入力があります。", IF(OR(AND(J$10="",COUNTA(K26)=1),AND(S$10="",COUNTA(T26)=1), AND(AB$10="",COUNTA(AC26)=1)),"棟番号を入力してください。","") ) | BB26: チ．建築工事費予定額 | BP26: 万円 | BY26: 万円 | CH26: 万円 | CS26: =COUNTIF(CN25:CN30, TRUE) -> 0 | CT26: =IF(OR(AND(BJ$10<>"",COUNTA(BK26)=0), AND(BS$10<>"",COUNTA(BT26)=0), AND(CB$10<>"",COUNTA(CC26)=0)),"未入力があります。", IF(OR(AND(BJ$10="",COUNTA(BK26)=1),AND(BS$10="",COUNTA(BT26)=1), AND(CB$10="",COUNTA(CC26)=1)),"棟番号を入力してください。","") ) | DB26: チ．建築工事費予定額 | DP26: 万円 | DY26: 万円 | EH26: 万円 | ES26: =COUNTIF(EN25:EN30, TRUE) -> 0 | ET26: =IF(OR(AND(DJ$10<>"",COUNTA(DK26)=0), AND(DS$10<>"",COUNTA(DT26)=0), AND(EB$10<>"",COUNTA(EC26)=0)),"未入力があります。", IF(OR(AND(DJ$10="",COUNTA(DK26)=1),AND(DS$10="",COUNTA(DT26)=1), AND(EB$10="",COUNTA(EC26)=1)),"棟番号を入力してください。","") ) | FB26: チ．建築工事費予定額 | FP26: 万円 | FY26: 万円 | GH26: 万円
AS27: =COUNTIF(AO25:AO30, TRUE) -> 0 | AT27: =IFERROR(IF(AND($T$22<>"",AS27>=2),"選択は1つまでです（2列目）。",IF(AND($T$22<>"",AS27=0),"未入力があります（2列目）。",IF(AND($T$22="",AS27>0),"棟番号を入力してください（2列目）。",""))),"") -> 未入力があります（2列目）。 | CS27: =COUNTIF(CO25:CO30, TRUE) -> 0 | CT27: =IFERROR(IF(AND($T$22<>"",CS27>=2),"選択は1つまでです（2列目）。",IF(AND($T$22<>"",CS27=0),"未入力があります（2列目）。",IF(AND($T$22="",CS27>0),"棟番号を入力してください（2列目）。",""))),"") -> 未入力があります（2列目）。 | ES27: =COUNTIF(EO25:EO30, TRUE) -> 0 | ET27: =IFERROR(IF(AND($T$22<>"",ES27>=2),"選択は1つまでです（2列目）。",IF(AND($T$22<>"",ES27=0),"未入力があります（2列目）。",IF(AND($T$22="",ES27>0),"棟番号を入力してください（2列目）。",""))),"") -> 未入力があります（2列目）。
N28: 消費税込み | W28: 消費税込み | AF28: 消費税込み | AN28: FALSE | AO28: FALSE | AP28: FALSE | BN28: 消費税込み | BW28: 消費税込み | CF28: 消費税込み | CN28: FALSE | CO28: FALSE | CP28: FALSE | DN28: 消費税込み | DW28: 消費税込み | EF28: 消費税込み | EN28: FALSE | EO28: FALSE | EP28: FALSE | FN28: 消費税込み | FW28: 消費税込み | GF28: 消費税込み | GN28: FALSE | GO28: FALSE | GP28: FALSE
B29: リ．新築工事の場合に おける地上の階数 | BB29: リ．新築工事の場合に おける地上の階数 | DB29: リ．新築工事の場合に おける地上の階数 | FB29: リ．新築工事の場合に おける地上の階数
P30: 階 | Y30: 階 | AH30: 階 | AT30: =IF(OR(AND(J$10<>"",COUNTA(K30)=0), AND(S$10<>"",COUNTA(T30)=0), AND(AB$10<>"",COUNTA(AC30)=0)),"未入力があります。", IF(OR(AND(J$10="",COUNTA(K30)=1),AND(S$10="",COUNTA(T30)=1), AND(AB$10="",COUNTA(AC30)=1)),"棟番号を入力してください。","") ) | BP30: 階 | BY30: 階 | CH30: 階 | CT30: =IF(OR(AND(BJ$10<>"",COUNTA(BK30)=0), AND(BS$10<>"",COUNTA(BT30)=0), AND(CB$10<>"",COUNTA(CC30)=0)),"未入力があります。", IF(OR(AND(BJ$10="",COUNTA(BK30)=1),AND(BS$10="",COUNTA(BT30)=1), AND(CB$10="",COUNTA(CC30)=1)),"棟番号を入力してください。","") ) | DP30: 階 | DY30: 階 | EH30: 階 | ET30: =IF(OR(AND(DJ$10<>"",COUNTA(DK30)=0), AND(DS$10<>"",COUNTA(DT30)=0), AND(EB$10<>"",COUNTA(EC30)=0)),"未入力があります。", IF(OR(AND(DJ$10="",COUNTA(DK30)=1),AND(DS$10="",COUNTA(DT30)=1), AND(EB$10="",COUNTA(EC30)=1)),"棟番号を入力してください。","") ) | FP30: 階 | FY30: 階 | GH30: 階
B31: ヌ．新築工事の場合に おける地下の階数 | AM31: =AT31 -> 0 | BB31: ヌ．新築工事の場合に おける地下の階数 | CM31: =CT31 -> 0 | DB31: ヌ．新築工事の場合に おける地下の階数 | EM31: =ET31 -> 0 | FB31: ヌ．新築工事の場合に おける地下の階数 | GM31: =GT31 -> 0
K32: 地下 | P32: 階 | T32: 地下 | Y32: 階 | AC32: 地下 | AH32: 階 | AT32: =IF(OR(AND(J$10<>"",COUNTA(M32)=0), AND(S$10<>"",COUNTA(V32)=0), AND(AB$10<>"",COUNTA(AE32)=0)),"未入力があります。", IF(OR(AND(J$10="",COUNTA(M32)=1),AND(S$10="",COUNTA(V32)=1), AND(AB$10="",COUNTA(AE32)=1)),"棟番号を入力してください。","") ) | BK32: 地下 | BP32: 階 | BT32: 地下 | BY32: 階 | CC32: 地下 | CH32: 階 | CT32: =IF(OR(AND(BJ$10<>"",COUNTA(BM32)=0), AND(BS$10<>"",COUNTA(BV32)=0), AND(CB$10<>"",COUNTA(CE32)=0)),"未入力があります。", IF(OR(AND(BJ$10="",COUNTA(BM32)=1),AND(BS$10="",COUNTA(BV32)=1), AND(CB$10="",COUNTA(CE32)=1)),"棟番号を入力してください。","") ) | DK32: 地下 | DP32: 階 | DT32: 地下 | DY32: 階 | EC32: 地下 | EH32: 階 | ET32: =IF(OR(AND(DJ$10<>"",COUNTA(DM32)=0), AND(DS$10<>"",COUNTA(DV32)=0), AND(EB$10<>"",COUNTA(EE32)=0)),"未入力があります。", IF(OR(AND(DJ$10="",COUNTA(DM32)=1),AND(DS$10="",COUNTA(DV32)=1), AND(EB$10="",COUNTA(EE32)=1)),"棟番号を入力してください。","") ) | FK32: 地下 | FP32: 階 | FT32: 地下 | FY32: 階 | GC32: 地下 | GH32: 階
A37: （第三面） | BA37: （第三面） | DA37: （第三面） | FA37: （第三面）
AM38: =IF(AND($AL$13=TRUE,R38=""),"未入力",IF(AND($AL$13=FALSE,R38<>""),"入力不要","")) | CM38: =IF(AND($AL$13=TRUE,BR38=""),"未入力",IF(AND($AL$13=FALSE,BR38<>""),"入力不要","")) | EM38: =IF(AND($AL$13=TRUE,DR38=""),"未入力",IF(AND($AL$13=FALSE,DR38<>""),"入力不要","")) | GM38: =IF(AND($AL$13=TRUE,FR38=""),"未入力",IF(AND($AL$13=FALSE,FR38<>""),"入力不要",""))
A40: 【１．住宅部分の概要】 | BA40: 【１．住宅部分の概要】 | DA40: 【１．住宅部分の概要】 | FA40: 【１．住宅部分の概要】
B41: イ．番号 | BB41: イ．番号 | DB41: イ．番号 | FB41: イ．番号
B42: ロ．新設又は その他の別 | K42: (1)新設 | Q42: (2)その他 | AN42: FALSE | AO42: FALSE | AS42: =COUNTIF(AN42:AO42, TRUE) -> 0 | AT42: =IF(AND($J41<>"",COUNTIF(AN42:AP42,TRUE)=0),"未入力です。", IF(AND($J41<>"",COUNTIF(AN42:AP42,TRUE)>1),"選択は1つまでです。","")) | BB42: ロ．新設又は その他の別 | BK42: (1)新設 | BQ42: (2)その他 | CN42: FALSE | CO42: FALSE | CS42: =COUNTIF(CN42:CO42, TRUE) -> 0 | CT42: =IF(AND($J41<>"",COUNTIF(CN42:CP42,TRUE)=0),"未入力です。", IF(AND($J41<>"",COUNTIF(CN42:CP42,TRUE)>1),"選択は1つまでです。","")) | DB42: ロ．新設又は その他の別 | DK42: (1)新設 | DQ42: (2)その他 | EN42: FALSE | EO42: FALSE | ES42: =COUNTIF(EN42:EO42, TRUE) -> 0 | ET42: =IF(AND($J41<>"",COUNTIF(EN42:EP42,TRUE)=0),"未入力です。", IF(AND($J41<>"",COUNTIF(EN42:EP42,TRUE)>1),"選択は1つまでです。","")) | FB42: ロ．新設又は その他の別 | FK42: (1)新設 | FQ42: (2)その他 | GN42: FALSE | GO42: FALSE
B43: ハ．新設住宅の資金 | K43: (1)民間資金住宅 | S43: (2)公営住宅 | Z43: (3)住宅金融支援機構住宅 | AM43: =IF(AND($I45<>"",COUNTIF(AN43:AP44,TRUE)=0),"未入力", IF(AND($I45<>"",COUNTIF(AN43:AP44,TRUE)>1),"複数選択","")) | AN43: FALSE | AO43: FALSE | AP43: FALSE | AS43: =COUNTIF(AN43:AP43, TRUE) -> 0 | AT43: =IF(AND($J$41<>"",COUNTIF(AN43:AP44,TRUE)=0),"未入力です。", IF(AND($J$41<>"",COUNTIF(AN43:AP44,TRUE)>1),"選択は1つまでです。","")) | BB43: ハ．新設住宅の資金 | BK43: (1)民間資金住宅 | BS43: (2)公営住宅 | BZ43: (3)住宅金融支援機構住宅 | CM43: =IF(AND($I45<>"",COUNTIF(CN43:CP44,TRUE)=0),"未入力", IF(AND($I45<>"",COUNTIF(CN43:CP44,TRUE)>1),"複数選択","")) | CN43: FALSE | CO43: FALSE | CP43: FALSE | CS43: =COUNTIF(CN43:CP43, TRUE) -> 0 | CT43: =IF(AND($J$41<>"",COUNTIF(CN43:CP44,TRUE)=0),"未入力です。", IF(AND($J$41<>"",COUNTIF(CN43:CP44,TRUE)>1),"選択は1つまでです。","")) | DB43: ハ．新設住宅の資金 | DK43: (1)民間資金住宅 | DS43: (2)公営住宅 | DZ43: (3)住宅金融支援機構住宅 | EM43: =IF(AND($I45<>"",COUNTIF(EN43:EP44,TRUE)=0),"未入力", IF(AND($I45<>"",COUNTIF(EN43:EP44,TRUE)>1),"複数選択","")) | EN43: FALSE | EO43: FALSE | EP43: FALSE | ES43: =COUNTIF(EN43:EP43, TRUE) -> 0 | ET43: =IF(AND($J$41<>"",COUNTIF(EN43:EP44,TRUE)=0),"未入力です。", IF(AND($J$41<>"",COUNTIF(EN43:EP44,TRUE)>1),"選択は1つまでです。","")) | FB43: ハ．新設住宅の資金 | FK43: (1)民間資金住宅 | FS43: (2)公営住宅 | FZ43: (3)住宅金融支援機構住宅 | GM43: =IF(AND($I45<>"",COUNTIF(GN43:GP44,TRUE)=0),"未入力", IF(AND($I45<>"",COUNTIF(GN43:GP44,TRUE)>1),"複数選択","")) | GN43: FALSE | GO43: FALSE | GP43: FALSE
K44: (4)都市再生機構住宅 | U44: (5)その他 | AN44: FALSE | AO44: FALSE | AS44: =COUNTIF(AN44:AO44, TRUE) -> 0 | BK44: (4)都市再生機構住宅 | BU44: (5)その他 | CN44: FALSE | CO44: FALSE | CS44: =COUNTIF(CN44:CO44, TRUE) -> 0 | DK44: (4)都市再生機構住宅 | DU44: (5)その他 | EN44: FALSE | EO44: FALSE | ES44: =COUNTIF(EN44:EO44, TRUE) -> 0 | FK44: (4)都市再生機構住宅 | FU44: (5)その他 | GN44: FALSE | GO44: FALSE
B45: ニ．住宅の建築工法 | K45: (1)在来工法 | R45: (2)プレハブ工法 | Y45: (3)枠組壁工法 | AM45: =IF(AND($I45<>"",COUNTIF(AN45:AP46,TRUE)=0),"未入力", IF(AND($I45<>"",COUNTIF(AN45:AP46,TRUE)>1),"複数選択","")) | AN45: FALSE | AO45: FALSE | AP45: FALSE | AS45: =COUNTIF(AN45:AP45, TRUE) -> 0 | AT45: =IF(AND($J$41<>"",COUNTIF(AN45:AP45,TRUE)=0),"未入力です。", IF(AND($J$41<>"",COUNTIF(AN45:AP45,TRUE)>1),"選択は1つまでです。","")) | BB45: ニ．住宅の建築工法 | BK45: (1)在来工法 | BR45: (2)プレハブ工法 | BY45: (3)枠組壁工法 | CM45: =IF(AND($I45<>"",COUNTIF(CN45:CP46,TRUE)=0),"未入力", IF(AND($I45<>"",COUNTIF(CN45:CP46,TRUE)>1),"複数選択","")) | CN45: FALSE | CO45: FALSE | CP45: FALSE | CS45: =COUNTIF(CN45:CP45, TRUE) -> 0 | CT45: =IF(AND($J$41<>"",COUNTIF(CN45:CP45,TRUE)=0),"未入力です。", IF(AND($J$41<>"",COUNTIF(CN45:CP45,TRUE)>1),"選択は1つまでです。","")) | DB45: ニ．住宅の建築工法 | DK45: (1)在来工法 | DR45: (2)プレハブ工法 | DY45: (3)枠組壁工法 | EM45: =IF(AND($I45<>"",COUNTIF(EN45:EP46,TRUE)=0),"未入力", IF(AND($I45<>"",COUNTIF(EN45:EP46,TRUE)>1),"複数選択","")) | EN45: FALSE | EO45: FALSE | EP45: FALSE | ES45: =COUNTIF(EN45:EP45, TRUE) -> 0 | ET45: =IF(AND($J$41<>"",COUNTIF(EN45:EP45,TRUE)=0),"未入力です。", IF(AND($J$41<>"",COUNTIF(EN45:EP45,TRUE)>1),"選択は1つまでです。","")) | FB45: ニ．住宅の建築工法 | FK45: (1)在来工法 | FR45: (2)プレハブ工法 | FY45: (3)枠組壁工法 | GM45: =IF(AND($I45<>"",COUNTIF(GN45:GP46,TRUE)=0),"未入力", IF(AND($I45<>"",COUNTIF(GN45:GP46,TRUE)>1),"複数選択","")) | GN45: FALSE | GO45: FALSE | GP45: FALSE
